Workbook
Name Capital_Costs_Details: #REF!

Sheet 1.Guide
B2: Mini grid Tariff Calculation Tool (TCT)
B3: Date | C3: 45595
B4: Version | C4: 1
B5: Author | C5: VIS Economic and Energy Consultants S.A.
B7: The TCT consist of 23 Sheets
B9: 1 | C9: Guide
B10: 2 | C10: Energy Power and customers data
B11: 3-8 | C11: Input and Tariff Calculation for generation activity
B12: 9 | C12: WACC for Distribution Activity (for both MV and LV)
B13: 10-13 | C13: Input and Tariff Calculation for distribution MV activity
B14: 14-17 | C14: Input and Tariff Calculation for distribution LV activity
B15: 18-22 | C15: Input and Tariff Calculation for commercialization activity
B17: The following color codes apply
C18: data can be input by the user
C19: input is not required and do not contain formulas
C20: cells with dates which can not be edited (protected)
C21: cells with formulas which can not be edited (protected)
B23: Note: The TCT is already filled with dummy data for the purpose of testing the model.
B25: Overview of the Tariff Calculation Tool
B26: The following table offers an overview of the various sheets and sections of the TCT, as well as explanations on how to populate the sections. The links allow to directly transfer to the respective section.
B28: Section | H28: Explanation on how and what to populate in the Section
B29: 1.Guide'!A1 | H29: Current Sheet
B30: 2.Energy, Power and Consumers | H30: The user should insert Generation & Supply, Energy Demand, Peak Demand and Consumers data. The should specify system peak demand, and the contribution of each customer class to the peak, by season: Dry and Rainy. Additionally, the user should specify the contribution of each customer class to the total customer related costs. The model uses the peak demand data provided by the user to estimate allocation factors to assign fixed costs to the dry and rainy season.
B31: 3.Generation WACC'!A1 | H31: The user should insert parameters for calculating the WACC for the generation activity: Gearing ratio, return on debt, risk free rate, country risk premium, market risk premium and the income tax rate. The Gearing ratio can be the actual proposed by the Mini-grid applicant or a "target" Gearing Ratio set by the regulator. The return on debt is the interest charged by the lender on the loan and is provided by the applicant. The remaining parameters are inserted by the regulator.
B32: 4.CAPEX List'!A1 | H32: The CAPEX list is a worksheet that provides input to the worksheet: 5. Generation RAB
B33: 5.Generation RAB'!A1 | H33: The user should select the appropriate generation technologies used for the mini grid from the top down list. Two technologies are allowed. If "technology 2" does not exist (i.e. the user only utilizes one generation technology) the user should select "No other Technology". Afterwards, the user is required to input, by technology and asset type, the 1) the value of new investments, 2) the respective depreciation rate per asset 3) Value of disposal in the year the asset is disposed and 4) the annual working capital as provided by the applicant. Concerning the Value of Disposal of assets the user should input the net remaining value of the asset (after depreciation) at the time of disposal, and not the commercial value of the disposed asset. Concerning the value of new investments, the user should include the value of assets dedicated to the generation activity, as well as the part of the value of shared assets (i.e. assets shared between generation, distribution and commercialization), that concern the generation activity. The TCT then calculates the annual Depreciation Rate and Regulatory Asset Base. In case assets are not fully depreciated at the end of the concession period, there is a residual value. In case the concession is not extended and the concessionaire is asked to surrender the mini grid to the State, the concessionaire should be reimbursed for that residual value. In opposite case, either the depreciation rates on assets have to be accelerated so that the residual value becomes zero at the end the concession (which increases tariffs), or the concession period is extended.
B34: 6.Generation OPEX'!A1 | H34: The user should insert the respective OPEX values, non-income bank charges and non-income tax rates values dedicated to the generation activity, and the value of services (services shared between generation, distribution and commercialization) that concern the generation activity.
B35: 7.Generation ARR'!A1 | H35: This section does not require data to be input by the user. This section calculates the annual required revenue for generation, based on the calculated RAB and the data provided by the applicant in the OPEX worksheet, including the distinction between variable and fixed OPEX. Fixed costs are additionally allocated to dry season and rainy season. The allocators for this are based on formulas in the "Energy, Power and Consumers" worksheet, using peak demand data provided by the user. The allocation to dry and rainy season is done so as to be able to determine the capacity charges for the formulation of seasonal users tariffs.
B36: 8.Generators Charge'!A1 | H36: In this worksheet data are not required by the user as this section presents the calculates the Energy and Capacity tariffs for the generation activity for all four customer classes. For calculating the energy tariff, the variable costs are taken into account. The share of variable cost allocated to each customer class is based on the contribution of each customer class to the total energy demand. For calculating the capacity tariff the fixed costs are taken into account. The share of fixed costs allocated to each customer class is based on the contribution of each customer class to the system peak demand. Finally, the worksheet contains a "check section" with the objective to verify that the established tariffs cover 100% of the required revenue dedicated to the generation activity.
B37: 9.Distribution WACC '!A1 | H37: The user should insert parameters for calculating the WACC for the distribution activity: Gearing ratio, return on debt, risk free rate, country risk premium, market risk premium and the income tax rate. The Gearing ratio can be the actual proposed by the Mini-grid applicant or a "target" Gearing Ratio set by the regulator. The return on debt is the interest charged by the lender on the loan and is provided by the applicant. The remaining parameters are inserted by the regulator.
B38: 10.Distribution MV RAB'!A1 | H38: The user is required to input, by asset type, the 1) the value of new investments, 2) the respective depreciation rate per asset 3) Value of disposal in the year the asset is disposed and 4) the annual working capital as provided by the applicant. Concerning the Value of Disposal of assets the user should input the net remaining value of the asset (after depreciation) at the time of disposal, and not the commercial value of the disposed asset. Concerning the value of new investments, the user should include the value of assets dedicated to the distribution Medium Voltage activity, as well as the part of the value of shared assets (i.e. assets shared between generation, distribution and commercialization), that concern the distribution Medium Voltage activity. The TCT then calculates the annual Depreciation Rate and Regulatory Asset Base. In case assets are not fully depreciated at the end of the concession period, there is a residual value. In case the concession is not extended and the concessionaire is asked to surrender the mini grid to the State, the concessionaire should be reimbursed for that residual value. In opposite case, either the depreciation rates on assets have to be accelerated so that the residual value becomes zero at the end the concession (which increases tariffs), or the concession period is extended.
B39: 11.Distribution MV OPEX'!A1 | H39: The user should insert the respective OPEX values, non-income bank charges and non-income tax rates values dedicated to the distribution Medium Voltage activity, and the value of services (services shared between generation, distribution and commercialization) that concern the distribution Medium Voltage activity
... B51: 23. Τotal Charge'!A1 | H51: In this worksheet the model provides an overview of all Energy, Capacity and customer related tariff per activity and per customer class. Additionally, it calculates the total Energy, Capacity and customer related tariff and the average tariff per customer class. The Average tariff is calculating by estimating the share dedicated to each customer class of the total required revenue, based on the contribution on the energy demand.

Sheet 2.Energy, Power and Consumers
B2: Energy data for the regulated electricity generation activity
B4: Total Electricity generation | D4: 2024 | E4: =D4+1 -> 2025 | F4: =E4+1 -> 2026 | G4: =F4+1 -> 2027 | H4: =G4+1 -> 2028 | I4: =H4+1 -> 2029 | J4: =I4+1 -> 2030 | K4: =J4+1 -> 2031 | L4: =K4+1 -> 2032 | ... AH4: =AG4+1 -> 2054
B5: Electricity Generation (dry season) | C5: MWh | D5: =SUM(D6:D9) -> 0 | E5: =SUM(E6:E9) -> 0 | F5: =SUM(F6:F9) -> 0 | G5: =SUM(G6:G9) -> 0 | H5: =SUM(H6:H9) -> 0 | I5: =SUM(I6:I9) -> 0 | J5: =SUM(J6:J9) -> 0 | K5: =SUM(K6:K9) -> 0 | ... AH5: =SUM(AH6:AH9) -> 0
B6: Electricity generated by run-of-the-river hydro power plants (dry season) | C6: MWh
B7: Electricity generated by wind power plants (dry season) | C7: MWh
B8: Electricity generated by solar power plants (dry season) | C8: MWh
B9: Electricity generated by diesel power plants (dry season) | C9: MWh
B10: Electricity Generation (rainy season) | C10: MWh | D10: =SUM(D11:D14) -> 0 | E10: =SUM(E11:E14) -> 0 | F10: =SUM(F11:F14) -> 0 | G10: =SUM(G11:G14) -> 0 | H10: =SUM(H11:H14) -> 0 | I10: =SUM(I11:I14) -> 0 | J10: =SUM(J11:J14) -> 0 | K10: =SUM(K11:K14) -> 0 | ... AH10: =SUM(AH11:AH14) -> 0
B11: Electricity generated by run-of-the-river hydro power plants (rainy season) | C11: MWh
B12: Electricity generated by wind power plants (rainy season) | C12: MWh
B13: Electricity generated by solar power plants (rainy season) | C13: MWh
B14: Electricity generated by diesel power plants (rainy season) | C14: MWh
B16: Electricity supplied by Independent Power Producer (IPP)
B17: Electricity supplied by Independent Power Producer (IPP) (dry season) | C17: MWh
B18: Electricity supplied by Independent Power Producer (IPP) (rainy season) | C18: MWh
B20: Total Electricity supplied
B21: Total Electricity Supplied (dry season) | C21: MWh | D21: =D5+D17 -> 0 | E21: =E5+E17 -> 0 | F21: =F5+F17 -> 0 | G21: =G5+G17 -> 0 | H21: =H5+H17 -> 0 | I21: =I5+I17 -> 0 | J21: =J5+J17 -> 0 | K21: =K5+K17 -> 0 | ... AH21: =AH5+AH17 -> 0
B22: Total Electricity Supplied (rainy season) | C22: MWh | D22: =D10+D18 -> 0 | E22: =E10+E18 -> 0 | F22: =F10+F18 -> 0 | G22: =G10+G18 -> 0 | H22: =H10+H18 -> 0 | I22: =I10+I18 -> 0 | J22: =J10+J18 -> 0 | K22: =K10+K18 -> 0 | ... AH22: =AH10+AH18 -> 0
B24: Total Electricity Demand | D24: 2024 | E24: =D24+1 -> 2025 | F24: =E24+1 -> 2026 | G24: =F24+1 -> 2027 | H24: =G24+1 -> 2028 | I24: =H24+1 -> 2029 | J24: =I24+1 -> 2030 | K24: =J24+1 -> 2031 | L24: =K24+1 -> 2032 | ... AH24: =AG24+1 -> 2054
B25: Total Electricity Demand at distribution | C25: MWh | D25: =SUM(D26:D29) -> 1430 | E25: =SUM(E26:E29) -> 1430 | F25: =SUM(F26:F29) -> 1430 | G25: =SUM(G26:G29) -> 1430 | H25: =SUM(H26:H29) -> 1430 | I25: =SUM(I26:I29) -> 1430 | J25: =SUM(J26:J29) -> 1430 | K25: =SUM(K26:K29) -> 1430 | ... AH25: =SUM(AH26:AH29) -> 1430
B26: Electricity demand by Industrial customers at Medium Voltage | C26: MWh | D26: 700 | E26: 700 | F26: 700 | G26: 700 | H26: 700 | I26: 700 | J26: 700 | K26: 700 | L26: 700 | M26: 700 | N26: 700 | O26: 700 | P26: 700 | Q26: 700 | R26: 700 | S26: 700 | T26: 700 | U26: 700 | V26: 700 | W26: 700 | X26: 700 | Y26: 700 | Z26: 700 | AA26: 700 | AB26: 700 | AC26: 700 | AD26: 700 | AE26: 700 | AF26: 700 | AG26: 700 | AH26: 700
B27: Electricity demand by semi-industrial/commercial customers at Medium Voltage | C27: MWh | D27: 30 | E27: 30 | F27: 30 | G27: 30 | H27: 30 | I27: 30 | J27: 30 | K27: 30 | L27: 30 | M27: 30 | N27: 30 | O27: 30 | P27: 30 | Q27: 30 | R27: 30 | S27: 30 | T27: 30 | U27: 30 | V27: 30 | W27: 30 | X27: 30 | Y27: 30 | Z27: 30 | AA27: 30 | AB27: 30 | AC27: 30 | AD27: 30 | AE27: 30 | AF27: 30 | AG27: 30 | AH27: 30
B28: Electricity demand by semi-industrial/commercial customers at Low Voltage | C28: MWh | D28: 280 | E28: 280 | F28: 280 | G28: 280 | H28: 280 | I28: 280 | J28: 280 | K28: 280 | L28: 280 | M28: 280 | N28: 280 | O28: 280 | P28: 280 | Q28: 280 | R28: 280 | S28: 280 | T28: 280 | U28: 280 | V28: 280 | W28: 280 | X28: 280 | Y28: 280 | Z28: 280 | AA28: 280 | AB28: 280 | AC28: 280 | AD28: 280 | AE28: 280 | AF28: 280 | AG28: 280 | AH28: 280
B29: Electricity demand by residential customers at Low Voltage | C29: MWh | D29: 420 | E29: 420 | F29: 420 | G29: 420 | H29: 420 | I29: 420 | J29: 420 | K29: 420 | L29: 420 | M29: 420 | N29: 420 | O29: 420 | P29: 420 | Q29: 420 | R29: 420 | S29: 420 | T29: 420 | U29: 420 | V29: 420 | W29: 420 | X29: 420 | Y29: 420 | Z29: 420 | AA29: 420 | AB29: 420 | AC29: 420 | AD29: 420 | AE29: 420 | AF29: 420 | AG29: 420 | AH29: 420
B31: Distribution System Peak Demand | D31: 2024 | E31: =D31+1 -> 2025 | F31: =E31+1 -> 2026 | G31: =F31+1 -> 2027 | H31: =G31+1 -> 2028 | I31: =H31+1 -> 2029 | J31: =I31+1 -> 2030 | K31: =J31+1 -> 2031 | L31: =K31+1 -> 2032 | ... AH31: =AG31+1 -> 2054
B32: Distribution System Peak Demand | C32: MW | D32: =SUM(D33:D36) -> 0.51 | E32: =SUM(E33:E36) -> 0.51 | F32: =SUM(F33:F36) -> 0.51 | G32: =SUM(G33:G36) -> 0.51 | H32: =SUM(H33:H36) -> 0.51 | I32: =SUM(I33:I36) -> 0.51 | J32: =SUM(J33:J36) -> 0.51 | K32: =SUM(K33:K36) -> 0.51 | ... AH32: =SUM(AH33:AH36) -> 0.51
B33: Contribution to Peak demand by industrial customers at Medium Voltage | C33: MW | D33: 0.25 | E33: 0.25 | F33: 0.25 | G33: 0.25 | H33: 0.25 | I33: 0.25 | J33: 0.25 | K33: 0.25 | L33: 0.25 | M33: 0.25 | N33: 0.25 | O33: 0.25 | P33: 0.25 | Q33: 0.25 | R33: 0.25 | S33: 0.25 | T33: 0.25 | U33: 0.25 | V33: 0.25 | W33: 0.25 | X33: 0.25 | Y33: 0.25 | Z33: 0.25 | AA33: 0.25 | AB33: 0.25 | AC33: 0.25 | AD33: 0.25 | AE33: 0.25 | AF33: 0.25 | AG33: 0.25 | AH33: 0.25
B34: Contribution to Peak demand by semi industrial/commercial customers at Medium Voltage | C34: MW | D34: 0.01 | E34: 0.01 | F34: 0.01 | G34: 0.01 | H34: 0.01 | I34: 0.01 | J34: 0.01 | K34: 0.01 | L34: 0.01 | M34: 0.01 | N34: 0.01 | O34: 0.01 | P34: 0.01 | Q34: 0.01 | R34: 0.01 | S34: 0.01 | T34: 0.01 | U34: 0.01 | V34: 0.01 | W34: 0.01 | X34: 0.01 | Y34: 0.01 | Z34: 0.01 | AA34: 0.01 | AB34: 0.01 | AC34: 0.01 | AD34: 0.01 | AE34: 0.01 | AF34: 0.01 | AG34: 0.01 | AH34: 0.01
B35: Contribution to Peak demand by semi industrial/commercial customers at Low Voltage | C35: MW | D35: 0.1 | E35: 0.1 | F35: 0.1 | G35: 0.1 | H35: 0.1 | I35: 0.1 | J35: 0.1 | K35: 0.1 | L35: 0.1 | M35: 0.1 | N35: 0.1 | O35: 0.1 | P35: 0.1 | Q35: 0.1 | R35: 0.1 | S35: 0.1 | T35: 0.1 | U35: 0.1 | V35: 0.1 | W35: 0.1 | X35: 0.1 | Y35: 0.1 | Z35: 0.1 | AA35: 0.1 | AB35: 0.1 | AC35: 0.1 | AD35: 0.1 | AE35: 0.1 | AF35: 0.1 | AG35: 0.1 | AH35: 0.1
B36: Contribution to Peak demand by residential customers | C36: MW | D36: 0.15 | E36: 0.15 | F36: 0.15 | G36: 0.15 | H36: 0.15 | I36: 0.15 | J36: 0.15 | K36: 0.15 | L36: 0.15 | M36: 0.15 | N36: 0.15 | O36: 0.15 | P36: 0.15 | Q36: 0.15 | R36: 0.15 | S36: 0.15 | T36: 0.15 | U36: 0.15 | V36: 0.15 | W36: 0.15 | X36: 0.15 | Y36: 0.15 | Z36: 0.15 | AA36: 0.15 | AB36: 0.15 | AC36: 0.15 | AD36: 0.15 | AE36: 0.15 | AF36: 0.15 | AG36: 0.15 | AH36: 0.15
B37: Distribution System Peak Demand (dry season) | C37: MW | D37: =SUM(D38:D41) -> 0.51 | E37: =SUM(E38:E41) -> 0.51 | F37: =SUM(F38:F41) -> 0.51 | G37: =SUM(G38:G41) -> 0.51 | H37: =SUM(H38:H41) -> 0.51 | I37: =SUM(I38:I41) -> 0.51 | J37: =SUM(J38:J41) -> 0.51 | K37: =SUM(K38:K41) -> 0.51 | ... AH37: =SUM(AH38:AH41) -> 0.51
B38: Contribution to Peak demand by industrial customers at Medium Voltage (dry season) | C38: MW | D38: 0.25 | E38: 0.25 | F38: 0.25 | G38: 0.25 | H38: 0.25 | I38: 0.25 | J38: 0.25 | K38: 0.25 | L38: 0.25 | M38: 0.25 | N38: 0.25 | O38: 0.25 | P38: 0.25 | Q38: 0.25 | R38: 0.25 | S38: 0.25 | T38: 0.25 | U38: 0.25 | V38: 0.25 | W38: 0.25 | X38: 0.25 | Y38: 0.25 | Z38: 0.25 | AA38: 0.25 | AB38: 0.25 | AC38: 0.25 | AD38: 0.25 | AE38: 0.25 | AF38: 0.25 | AG38: 0.25 | AH38: 0.25
B39: Contribution to Peak demand by semi industrial/commercial customers at Medium Voltage (dry season) | C39: MW | D39: 0.01 | E39: 0.01 | F39: 0.01 | G39: 0.01 | H39: 0.01 | I39: 0.01 | J39: 0.01 | K39: 0.01 | L39: 0.01 | M39: 0.01 | N39: 0.01 | O39: 0.01 | P39: 0.01 | Q39: 0.01 | R39: 0.01 | S39: 0.01 | T39: 0.01 | U39: 0.01 | V39: 0.01 | W39: 0.01 | X39: 0.01 | Y39: 0.01 | Z39: 0.01 | AA39: 0.01 | AB39: 0.01 | AC39: 0.01 | AD39: 0.01 | AE39: 0.01 | AF39: 0.01 | AG39: 0.01 | AH39: 0.01
B40: Contribution to Peak demand by semi industrial/commercial customers at Low Voltage (dry season) | C40: MW | D40: 0.1 | E40: 0.1 | F40: 0.1 | G40: 0.1 | H40: 0.1 | I40: 0.1 | J40: 0.1 | K40: 0.1 | L40: 0.1 | M40: 0.1 | N40: 0.1 | O40: 0.1 | P40: 0.1 | Q40: 0.1 | R40: 0.1 | S40: 0.1 | T40: 0.1 | U40: 0.1 | V40: 0.1 | W40: 0.1 | X40: 0.1 | Y40: 0.1 | Z40: 0.1 | AA40: 0.1 | AB40: 0.1 | AC40: 0.1 | AD40: 0.1 | AE40: 0.1 | AF40: 0.1 | AG40: 0.1 | AH40: 0.1
B41: Contribution to Peak demand by residential customers at Low Voltage (dry season) | C41: MW | D41: 0.15 | E41: 0.15 | F41: 0.15 | G41: 0.15 | H41: 0.15 | I41: 0.15 | J41: 0.15 | K41: 0.15 | L41: 0.15 | M41: 0.15 | N41: 0.15 | O41: 0.15 | P41: 0.15 | Q41: 0.15 | R41: 0.15 | S41: 0.15 | T41: 0.15 | U41: 0.15 | V41: 0.15 | W41: 0.15 | X41: 0.15 | Y41: 0.15 | Z41: 0.15 | AA41: 0.15 | AB41: 0.15 | AC41: 0.15 | AD41: 0.15 | AE41: 0.15 | AF41: 0.15 | AG41: 0.15 | AH41: 0.15
B42: Distribution System Peak Demand (rainy season) | C42: MW | D42: =SUM(D43:D46) -> 0.33 | E42: =SUM(E43:E46) -> 0.33 | F42: =SUM(F43:F46) -> 0.33 | G42: =SUM(G43:G46) -> 0.33 | H42: =SUM(H43:H46) -> 0.33 | I42: =SUM(I43:I46) -> 0.33 | J42: =SUM(J43:J46) -> 0.33 | K42: =SUM(K43:K46) -> 0.33 | ... AH42: =SUM(AH43:AH46) -> 0.33
B43: Contribution to Peak demand by industrial customers at Medium Voltage (rainy season) | C43: MW | D43: 0.12 | E43: 0.12 | F43: 0.12 | G43: 0.12 | H43: 0.12 | I43: 0.12 | J43: 0.12 | K43: 0.12 | L43: 0.12 | M43: 0.12 | N43: 0.12 | O43: 0.12 | P43: 0.12 | Q43: 0.12 | R43: 0.12 | S43: 0.12 | T43: 0.12 | U43: 0.12 | V43: 0.12 | W43: 0.12 | X43: 0.12 | Y43: 0.12 | Z43: 0.12 | AA43: 0.12 | AB43: 0.12 | AC43: 0.12 | AD43: 0.12 | AE43: 0.12 | AF43: 0.12 | AG43: 0.12 | AH43: 0.12
B44: Contribution to Peak demand by semi industrial/commercial customers at Medium Voltage (rainy season) | C44: MW | D44: 0.01 | E44: 0.01 | F44: 0.01 | G44: 0.01 | H44: 0.01 | I44: 0.01 | J44: 0.01 | K44: 0.01 | L44: 0.01 | M44: 0.01 | N44: 0.01 | O44: 0.01 | P44: 0.01 | Q44: 0.01 | R44: 0.01 | S44: 0.01 | T44: 0.01 | U44: 0.01 | V44: 0.01 | W44: 0.01 | X44: 0.01 | Y44: 0.01 | Z44: 0.01 | AA44: 0.01 | AB44: 0.01 | AC44: 0.01 | AD44: 0.01 | AE44: 0.01 | AF44: 0.01 | AG44: 0.01 | AH44: 0.01
B45: Contribution to Peak demand by semi industrial/commercial customers at Low Voltage (rainy season) | C45: MW | D45: 0.08 | E45: 0.08 | F45: 0.08 | G45: 0.08 | H45: 0.08 | I45: 0.08 | J45: 0.08 | K45: 0.08 | L45: 0.08 | M45: 0.08 | N45: 0.08 | O45: 0.08 | P45: 0.08 | Q45: 0.08 | R45: 0.08 | S45: 0.08 | T45: 0.08 | U45: 0.08 | V45: 0.08 | W45: 0.08 | X45: 0.08 | Y45: 0.08 | Z45: 0.08 | AA45: 0.08 | AB45: 0.08 | AC45: 0.08 | AD45: 0.08 | AE45: 0.08 | AF45: 0.08 | AG45: 0.08 | AH45: 0.08
B46: Contribution to Peak demand by residential customers at Low Voltage (rainy season) | C46: MW | D46: 0.12 | E46: 0.12 | F46: 0.12 | G46: 0.12 | H46: 0.12 | I46: 0.12 | J46: 0.12 | K46: 0.12 | L46: 0.12 | M46: 0.12 | N46: 0.12 | O46: 0.12 | P46: 0.12 | Q46: 0.12 | R46: 0.12 | S46: 0.12 | T46: 0.12 | U46: 0.12 | V46: 0.12 | W46: 0.12 | X46: 0.12 | Y46: 0.12 | Z46: 0.12 | AA46: 0.12 | AB46: 0.12 | AC46: 0.12 | AD46: 0.12 | AE46: 0.12 | AF46: 0.12 | AG46: 0.12 | AH46: 0.12
B48: Fixed Allocation Factors | D48: 2024 | E48: =D48+1 -> 2025 | F48: =E48+1 -> 2026 | G48: =F48+1 -> 2027 | H48: =G48+1 -> 2028 | I48: =H48+1 -> 2029 | J48: =I48+1 -> 2030 | K48: =J48+1 -> 2031 | L48: =K48+1 -> 2032 | ... AH48: =AG48+1 -> 2054
B49: Fixed Allocation Factor (dry) | C49: factor | D49: =IFERROR(IF('2.Energy, Power and Consumers'!D37='2.Energy, Power and Consumers'!D32,1/(1+'2.Energy, Power and Consumers'!D42/'2.Energy, Power and Consumers'!D37),('2.Energy, Power and Consumers'!D37/'2.Energy, Power and Consumers'!D32)/(1+('2.Energy, Power and Consumers'!D37/'2.Energy, Power and Consumers'!D32))),0) -> 0.60714286 | E49: =IFERROR(IF('2.Energy, Power and Consumers'!E37='2.Energy, Power and Consumers'!E32,1/(1+'2.Energy, Power and Consumers'!E42/'2.Energy, Power and Consumers'!E37),('2.Energy, Power and Consumers'!E37/'2.Energy, Power and Consumers'!E32)/(1+('2.Energy, Power and Consumers'!E37/'2.Energy, Power and Consumers'!E32))),0) -> 0.60714286 | F49: =IFERROR(IF('2.Energy, Power and Consumers'!F37='2.Energy, Power and Consumers'!F32,1/(1+'2.Energy, Power and Consumers'!F42/'2.Energy, Power and Consumers'!F37),('2.Energy, Power and Consumers'!F37/'2.Energy, Power and Consumers'!F32)/(1+('2.Energy, Power and Consumers'!F37/'2.Energy, Power and Consumers'!F32))),0) -> 0.60714286 | G49: =IFERROR(IF('2.Energy, Power and Consumers'!G37='2.Energy, Power and Consumers'!G32,1/(1+'2.Energy, Power and Consumers'!G42/'2.Energy, Power and Consumers'!G37),('2.Energy, Power and Consumers'!G37/'2.Energy, Power and Consumers'!G32)/(1+('2.Energy, Power and Consumers'!G37/'2.Energy, Power and Consumers'!G32))),0) -> 0.60714286 | H49: =IFERROR(IF('2.Energy, Power and Consumers'!H37='2.Energy, Power and Consumers'!H32,1/(1+'2.Energy, Power and Consumers'!H42/'2.Energy, Power and Consumers'!H37),('2.Energy, Power and Consumers'!H37/'2.Energy, Power and Consumers'!H32)/(1+('2.Energy, Power and Consumers'!H37/'2.Energy, Power and Consumers'!H32))),0) -> 0.60714286 | I49: =IFERROR(IF('2.Energy, Power and Consumers'!I37='2.Energy, Power and Consumers'!I32,1/(1+'2.Energy, Power and Consumers'!I42/'2.Energy, Power and Consumers'!I37),('2.Energy, Power and Consumers'!I37/'2.Energy, Power and Consumers'!I32)/(1+('2.Energy, Power and Consumers'!I37/'2.Energy, Power and Consumers'!I32))),0) -> 0.60714286 | J49: =IFERROR(IF('2.Energy, Power and Consumers'!J37='2.Energy, Power and Consumers'!J32,1/(1+'2.Energy, Power and Consumers'!J42/'2.Energy, Power and Consumers'!J37),('2.Energy, Power and Consumers'!J37/'2.Energy, Power and Consumers'!J32)/(1+('2.Energy, Power and Consumers'!J37/'2.Energy, Power and Consumers'!J32))),0) -> 0.60714286 | K49: =IFERROR(IF('2.Energy, Power and Consumers'!K37='2.Energy, Power and Consumers'!K32,1/(1+'2.Energy, Power and Consumers'!K42/'2.Energy, Power and Consumers'!K37),('2.Energy, Power and Consumers'!K37/'2.Energy, Power and Consumers'!K32)/(1+('2.Energy, Power and Consumers'!K37/'2.Energy, Power and Consumers'!K32))),0) -> 0.60714286 | ... AH49: =IFERROR(IF('2.Energy, Power and Consumers'!AH37='2.Energy, Power and Consumers'!AH32,1/(1+'2.Energy, Power and Consumers'!AH42/'2.Energy, Power and Consumers'!AH37),('2.Energy, Power and Consumers'!AH37/'2.Energy, Power and Consumers'!AH32)/(1+('2.Energy, Power and Consumers'!AH37/'2.Energy, Power and Consumers'!AH32))),0) -> 0.60714286
B50: Fixed Allocation Factor (rainy) | C50: factor | D50: =IFERROR(IF('2.Energy, Power and Consumers'!D42='2.Energy, Power and Consumers'!D32,1/(1+'2.Energy, Power and Consumers'!D37/'2.Energy, Power and Consumers'!D42),('2.Energy, Power and Consumers'!D42/'2.Energy, Power and Consumers'!D32)/(1+('2.Energy, Power and Consumers'!D42/'2.Energy, Power and Consumers'!D32))),0) -> 0.39285714 | E50: =IFERROR(IF('2.Energy, Power and Consumers'!E42='2.Energy, Power and Consumers'!E32,1/(1+'2.Energy, Power and Consumers'!E37/'2.Energy, Power and Consumers'!E42),('2.Energy, Power and Consumers'!E42/'2.Energy, Power and Consumers'!E32)/(1+('2.Energy, Power and Consumers'!E42/'2.Energy, Power and Consumers'!E32))),0) -> 0.39285714 | F50: =IFERROR(IF('2.Energy, Power and Consumers'!F42='2.Energy, Power and Consumers'!F32,1/(1+'2.Energy, Power and Consumers'!F37/'2.Energy, Power and Consumers'!F42),('2.Energy, Power and Consumers'!F42/'2.Energy, Power and Consumers'!F32)/(1+('2.Energy, Power and Consumers'!F42/'2.Energy, Power and Consumers'!F32))),0) -> 0.39285714 | G50: =IFERROR(IF('2.Energy, Power and Consumers'!G42='2.Energy, Power and Consumers'!G32,1/(1+'2.Energy, Power and Consumers'!G37/'2.Energy, Power and Consumers'!G42),('2.Energy, Power and Consumers'!G42/'2.Energy, Power and Consumers'!G32)/(1+('2.Energy, Power and Consumers'!G42/'2.Energy, Power and Consumers'!G32))),0) -> 0.39285714 | H50: =IFERROR(IF('2.Energy, Power and Consumers'!H42='2.Energy, Power and Consumers'!H32,1/(1+'2.Energy, Power and Consumers'!H37/'2.Energy, Power and Consumers'!H42),('2.Energy, Power and Consumers'!H42/'2.Energy, Power and Consumers'!H32)/(1+('2.Energy, Power and Consumers'!H42/'2.Energy, Power and Consumers'!H32))),0) -> 0.39285714 | I50: =IFERROR(IF('2.Energy, Power and Consumers'!I42='2.Energy, Power and Consumers'!I32,1/(1+'2.Energy, Power and Consumers'!I37/'2.Energy, Power and Consumers'!I42),('2.Energy, Power and Consumers'!I42/'2.Energy, Power and Consumers'!I32)/(1+('2.Energy, Power and Consumers'!I42/'2.Energy, Power and Consumers'!I32))),0) -> 0.39285714 | J50: =IFERROR(IF('2.Energy, Power and Consumers'!J42='2.Energy, Power and Consumers'!J32,1/(1+'2.Energy, Power and Consumers'!J37/'2.Energy, Power and Consumers'!J42),('2.Energy, Power and Consumers'!J42/'2.Energy, Power and Consumers'!J32)/(1+('2.Energy, Power and Consumers'!J42/'2.Energy, Power and Consumers'!J32))),0) -> 0.39285714 | K50: =IFERROR(IF('2.Energy, Power and Consumers'!K42='2.Energy, Power and Consumers'!K32,1/(1+'2.Energy, Power and Consumers'!K37/'2.Energy, Power and Consumers'!K42),('2.Energy, Power and Consumers'!K42/'2.Energy, Power and Consumers'!K32)/(1+('2.Energy, Power and Consumers'!K42/'2.Energy, Power and Consumers'!K32))),0) -> 0.39285714 | ... AH50: =IFERROR(IF('2.Energy, Power and Consumers'!AH42='2.Energy, Power and Consumers'!AH32,1/(1+'2.Energy, Power and Consumers'!AH37/'2.Energy, Power and Consumers'!AH42),('2.Energy, Power and Consumers'!AH42/'2.Energy, Power and Consumers'!AH32)/(1+('2.Energy, Power and Consumers'!AH42/'2.Energy, Power and Consumers'!AH32))),0) -> 0.39285714
B52: Total number of customers | C52: Number of | D52: =SUM(D53:D56) -> 474 | E52: =SUM(E53:E56) -> 474 | F52: =SUM(F53:F56) -> 474 | G52: =SUM(G53:G56) -> 474 | H52: =SUM(H53:H56) -> 474 | I52: =SUM(I53:I56) -> 474 | J52: =SUM(J53:J56) -> 474 | K52: =SUM(K53:K56) -> 474 | ... AH52: =SUM(AH53:AH56) -> 474
B53: Number of industrial customers at Medium Voltage | C53: Number of | D53: 1 | E53: 1 | F53: 1 | G53: 1 | H53: 1 | I53: 1 | J53: 1 | K53: 1 | L53: 1 | M53: 1 | N53: 1 | O53: 1 | P53: 1 | Q53: 1 | R53: 1 | S53: 1 | T53: 1 | U53: 1 | V53: 1 | W53: 1 | X53: 1 | Y53: 1 | Z53: 1 | AA53: 1 | AB53: 1 | AC53: 1 | AD53: 1 | AE53: 1 | AF53: 1 | AG53: 1 | AH53: 1
B54: Number of semi-industrial/commercial customers at Medium Voltage | C54: Number of | D54: 11 | E54: 11 | F54: 11 | G54: 11 | H54: 11 | I54: 11 | J54: 11 | K54: 11 | L54: 11 | M54: 11 | N54: 11 | O54: 11 | P54: 11 | Q54: 11 | R54: 11 | S54: 11 | T54: 11 | U54: 11 | V54: 11 | W54: 11 | X54: 11 | Y54: 11 | Z54: 11 | AA54: 11 | AB54: 11 | AC54: 11 | AD54: 11 | AE54: 11 | AF54: 11 | AG54: 11 | AH54: 11
B55: Number of semi-industrial/commercial customers at Low Voltage | C55: Number of | D55: 11 | E55: 11 | F55: 11 | G55: 11 | H55: 11 | I55: 11 | J55: 11 | K55: 11 | L55: 11 | M55: 11 | N55: 11 | O55: 11 | P55: 11 | Q55: 11 | R55: 11 | S55: 11 | T55: 11 | U55: 11 | V55: 11 | W55: 11 | X55: 11 | Y55: 11 | Z55: 11 | AA55: 11 | AB55: 11 | AC55: 11 | AD55: 11 | AE55: 11 | AF55: 11 | AG55: 11 | AH55: 11
B56: Number of residential customers at Low Voltage | C56: Number of | D56: 451 | E56: 451 | F56: 451 | G56: 451 | H56: 451 | I56: 451 | J56: 451 | K56: 451 | L56: 451 | M56: 451 | N56: 451 | O56: 451 | P56: 451 | Q56: 451 | R56: 451 | S56: 451 | T56: 451 | U56: 451 | V56: 451 | W56: 451 | X56: 451 | Y56: 451 | Z56: 451 | AA56: 451 | AB56: 451 | AC56: 451 | AD56: 451 | AE56: 451 | AF56: 451 | AG56: 451 | AH56: 451
B58: Contribution of Industrial Customers at Medium Voltage to customer related cost | C58: % | D58: 0.1 | E58: 0.1 | F58: 0.1 | G58: 0.1 | H58: 0.1 | I58: 0.1 | J58: 0.1 | K58: 0.1 | L58: 0.1 | M58: 0.1 | N58: 0.1 | O58: 0.1 | P58: 0.1 | Q58: 0.1 | R58: 0.1 | S58: 0.1 | T58: 0.1 | U58: 0.1 | V58: 0.1 | W58: 0.1 | X58: 0.1 | Y58: 0.1 | Z58: 0.1 | AA58: 0.1 | AB58: 0.1 | AC58: 0.1 | AD58: 0.1 | AE58: 0.1 | AF58: 0.1 | AG58: 0.1 | AH58: 0.1
B59: Contribution of semi-industrial/commercial customers at Medium Voltage to customer related cost | C59: % | D59: 0.3 | E59: 0.3 | F59: 0.3 | G59: 0.3 | H59: 0.3 | I59: 0.3 | J59: 0.3 | K59: 0.3 | L59: 0.3 | M59: 0.3 | N59: 0.3 | O59: 0.3 | P59: 0.3 | Q59: 0.3 | R59: 0.3 | S59: 0.3 | T59: 0.3 | U59: 0.3 | V59: 0.3 | W59: 0.3 | X59: 0.3 | Y59: 0.3 | Z59: 0.3 | AA59: 0.3 | AB59: 0.3 | AC59: 0.3 | AD59: 0.3 | AE59: 0.3 | AF59: 0.3 | AG59: 0.3 | AH59: 0.3
B60: Contribution of semi-industrial/commercial customers at Low Voltage to customer related cost | C60: % | D60: 0.3 | E60: 0.3 | F60: 0.3 | G60: 0.3 | H60: 0.3 | I60: 0.3 | J60: 0.3 | K60: 0.3 | L60: 0.3 | M60: 0.3 | N60: 0.3 | O60: 0.3 | P60: 0.3 | Q60: 0.3 | R60: 0.3 | S60: 0.3 | T60: 0.3 | U60: 0.3 | V60: 0.3 | W60: 0.3 | X60: 0.3 | Y60: 0.3 | Z60: 0.3 | AA60: 0.3 | AB60: 0.3 | AC60: 0.3 | AD60: 0.3 | AE60: 0.3 | AF60: 0.3 | AG60: 0.3 | AH60: 0.3
B61: Contribution of residential customers at Low Voltage to customer related cost | C61: % | D61: 0.3 | E61: 0.3 | F61: 0.3 | G61: 0.3 | H61: 0.3 | I61: 0.3 | J61: 0.3 | K61: 0.3 | L61: 0.3 | M61: 0.3 | N61: 0.3 | O61: 0.3 | P61: 0.3 | Q61: 0.3 | R61: 0.3 | S61: 0.3 | T61: 0.3 | U61: 0.3 | V61: 0.3 | W61: 0.3 | X61: 0.3 | Y61: 0.3 | Z61: 0.3 | AA61: 0.3 | AB61: 0.3 | AC61: 0.3 | AD61: 0.3 | AE61: 0.3 | AF61: 0.3 | AG61: 0.3 | AH61: 0.3

Sheet 3.Generation WACC
B2: WACC Calculation for generation activity
B4: Gearing ratio (i.e. Debt/(Debt+Equity) ratio) | C4: % | D4: =70% -> 0.7 | E4: Gearing ratio is the share of debt to the total debt and equity. This can be the actual proposed by the Mini-grid applicant or a "target" gearing ratio set by the regulator.
B5: Return on debt | C5: % | D5: 0.1 | E5: Return on debt (loan) is the interest rate charged by the lender on the loan to the mini grid operator.
B6: Risk free rate | C6: % | D6: 0.043 | E6: Risk Free Rate is the yield that an investor receives on a risk free investment. This is typically, the yield received by placing funds in long-term State bonds in a highly rated country, for example the yield on 10-year US Treasury bonds. The yield represents the return an investor would currently earn if they bought the bond today at its market price, factoring in prevailing interest rates and economic expectations. For example, a bond with a 5% interest rate on a $1,000 face value pays $50 annually, but if the bond’s market price drops to $900, the current yield becomes approximately 5.56% ($50 / $900). Since bond prices fluctuate, the yield reflects the return investors actually demand for risk-free U.S. Treasury bonds at the moment. Source of information on yields on state bonds:https://www.bloomberg.com/markets/rates-bonds/government-bonds/us
B7: Country risk premium | C7: % | D7: 0.1 | E7: Country Risk Premium is a factor that may be included in the calculation of the return on equity. The CRP accounts for the extra risk associated with investing in a country that may have political, economic, or currency stability issues. Country Risk premium, although being part of the methodology is not always included according to some regulatory regimes. One way of calculating the CRP is to take the difference in yield between the country’s state bonds (e.g., a 10-year bond) and the yield of the 10-year U.S. Treasury bond. In the absence of a DRC bond, high-yield African sovereign bonds from similarly rated countries (e.g., Angola, Zambia, or Mozambique) can serve as proxies for the DRC, as long as they share a comparable sovereign credit rating (such as CCC+ from agencies like S&P and Fitch). For example, if the 10-year U.S. Treasury bond is yielding 4%, and 10-year bonds of countries similar to DRC yield 14%, the CRP would be around 10%. Source for credit Rating and Default Risk Adjustments: sites of rating agencies. Source for CRP: https://pages.stern.nyu.edu/~adamodar/
B8: Market risk premium | C8: % | D8: 0.1206 | E8: The Market Risk Premium (MRP) represents the difference between the expected return on equities (such as shares in the stock market) and the risk-free rate of return (typically represented by the yield on long-term government bonds, like state bonds). This premium reflects the additional return investors require to compensate for the higher risk of equities compared to risk-free bonds. If data is unavailable for a particular country, the MRP can be estimated by taking the average differences in returns between equities and government bonds in a sample of comparable countries. Adjustments may also be made based on factors like country risk, economic conditions, and market volatility to tailor the MRP estimate more accurately to the specific country. Professor Aswath Damodaran (New York University) provides MRP estimates:https://pages.stern.nyu.edu/~adamodar/
B9: beta (β) | C9: factor | D9: 0.47 | E9: Beta (β) reflects a company's (or sector's) systematic risk relative to the overall market. It measures how the company's (or sector's) returns respond to changes in the broader market returns. Beta is estimated by examining the historical returns of the company or sector compared to market returns, typically through regression analysis on multiyear data. Calculating beta can be complex, often requiring adjustments for company-specific factors like leverage (debt levels) and tax rates to isolate the company's inherent risk. Company betas are often available through research providers (e.g., Bloomberg, Reuters) on a subscription basis. Additionally, Professor Aswath Damodaran (New York University) provides free beta estimates for various sectors (such as utilities and power), available on his website: https://pages.stern.nyu.edu/~adamodar/New_Home_Page/datafile/Betas.html
B10: Return on equity | C10: % | D10: =D6+D7+D9*(D8-D6) -> 0.179472
B11: Revenue Tax rate | C11: % | D11: 0.28
B13: WACCpost-tax, nominal | C13: % | D13: =(1-D4)*D10/(1-D11)+D4*D5 -> 0.14478
B15: For more information please review the following NARUC publication:USAID, 2020,A Cost of Capital and Capital Markets Primer for Utility Regulators for Philippines

Sheet 4.CAPEX List
B2: Photovoltaic System | C2: Micro-hydropower plant | D2: Wind Power plant | E2: Diesel power plant | F2: Other CAPEX
B3: Basic preliminary engineering design | C3: Basic preliminary engineering design | D3: Basic preliminary engineering design | E3: Basic preliminary engineering design | F3: Buildings
B4: Detailed preliminary engineering design | C4: Detailed preliminary engineering design | D4: Detailed preliminary engineering design | E4: Detailed preliminary engineering design | F4: IT
B5: Engineering cost | C5: Engineering cost | D5: Engineering cost | E5: Engineering cost | F5: Vehicles and other transportation equipment
B6: Fees for permits | C6: Fees for permits | D6: Fees for permits | E6: Fees for permits | F6: Furniture, fittings
B7: Environmental and Social Impact Assessments | C7: Environmental and Social Impact Assessments | D7: Environmental and Social Impact Assessments | E7: Environmental and Social Impact Assessments | F7: Computer equipment
B8: Photovoltaic panels | C8: Reservoirs | D8: Foundation (structural block in the ground) | E8: Diesel engine | F8: Communication equipment
B9: Mounting Frames | C9: Dams | D9: Tower | E9: Generator | F9: Laboratories
B10: Tracker | C10: Water conveyance (channel, pipeline, pressurized pipeline) | D10: Nacelle | E10: Fuel system (tanks, pumps etc.) | F10: Storage warehouses
B11: Cabling | C11: Turbines or Waterwheels | D11: Rotor & Hub | E11: Pumps | F11: Land
B12: Inverters | C12: Generators (alternator) | D12: Blades | E12: Air Intake System | F12: Other (specify)
B13: Charge Controller (for batteries) | C13: Regulation system | D13: Anemometer | E13: Exhaust System
B14: Storage batteries | C14: Cabling | D14: Wind Vane | E14: Cooling System
B15: Drainage works | C15: Charge Controller (for batteries) | D15: Yaw System | E15: Lubrication System
B16: Other (specify) | C16: Storage batteries | D16: Pitch System | E16: Control Panel
C17: Other (specify) | D17: Turbines & Generators | E17: Starting system (motor & battery)
D18: Cabling | E18: Governor (Regulator)
D19: Controller | E19: Base Frame and Mounting
D20: Brakes | E20: Cabling
D21: Charge Controller (for batteries) | E21: Charge Controller (for batteries)
D22: Storage batteries | E22: Storage batteries
D23: Other (specify) | E23: Other (specify)
B33: =B2 -> Photovoltaic System
B34: =C2 -> Micro-hydropower plant
B35: =D2 -> Wind Power plant
B36: =E2 -> Diesel power plant
B37: No other Technology
B94: GRANTS
B95: Photovoltaic System
B96: =B3 -> Basic preliminary engineering design
B97: =B4 -> Detailed preliminary engineering design
B98: =B5 -> Engineering cost
B99: =B6 -> Fees for permits
B100: =B7 -> Environmental and Social Impact Assessments
B101: =B8 -> Photovoltaic panels
B102: =B9 -> Mounting Frames
B103: =B10 -> Tracker
B104: =B11 -> Cabling
B105: =B12 -> Inverters
B106: =B13 -> Charge Controller (for batteries)
B107: =B14 -> Storage batteries
... B109: =B16 -> Other (specify)
B111: Micro-hydropower plant
B112: =C3 -> Basic preliminary engineering design
B113: =C4 -> Detailed preliminary engineering design
B114: =C5 -> Engineering cost
B115: =C6 -> Fees for permits
B116: =C7 -> Environmental and Social Impact Assessments
B117: =C8 -> Reservoirs
B118: =C9 -> Dams
B119: =C10 -> Water conveyance (channel, pipeline, pressurized pipeline)
B120: =C11 -> Turbines or Waterwheels
B121: =C12 -> Generators (alternator)
B122: =C13 -> Regulation system
B123: =C14 -> Cabling
... B126: =C17 -> Other (specify)
B128: Wind Turbine
B129: =D3 -> Basic preliminary engineering design
B130: =D4 -> Detailed preliminary engineering design
B131: =D5 -> Engineering cost
B132: =D6 -> Fees for permits
B133: =D7 -> Environmental and Social Impact Assessments
B134: =D8 -> Foundation (structural block in the ground)
B135: =D9 -> Tower
B136: =D10 -> Nacelle
B137: =D11 -> Rotor & Hub
B138: =D12 -> Blades
B139: =D13 -> Anemometer
B140: =D14 -> Wind Vane
... B149: =D23 -> Other (specify)
B151: Diesel power plant (backup)
B152: =E3 -> Basic preliminary engineering design
B153: =E4 -> Detailed preliminary engineering design
B154: =E5 -> Engineering cost
B155: =E6 -> Fees for permits
B156: =E7 -> Environmental and Social Impact Assessments
B157: =E8 -> Diesel engine
B158: =E9 -> Generator
B159: =E10 -> Fuel system (tanks, pumps etc.)
B160: =E11 -> Pumps
B161: =E12 -> Air Intake System
B162: =E13 -> Exhaust System
B163: =E14 -> Cooling System
... B172: =E23 -> Other (specify)
B175: Other CAPEX
B176: =F3 -> Buildings
B177: =F4 -> IT
B178: =F5 -> Vehicles and other transportation equipment
B179: =F6 -> Furniture, fittings
B180: =F7 -> Computer equipment
B181: =F8 -> Communication equipment
B182: =F9 -> Laboratories
B183: =F10 -> Storage warehouses
B184: =F11 -> Land
B185: =F12 -> Other (specify)

Sheet 5.Generation RAB
B2: Regulated Asset Base (RAB) for the regulated electricity generation activity
B4: Technology 1 | C4: Micro-hydropower plant
B5: Technology 2 | C5: Wind Power plant
F6: 1 | G6: 2 | H6: 3 | I6: 4 | J6: 5 | K6: 6 | L6: 7 | M6: 8 | N6: 9 | O6: 10 | P6: 11 | Q6: 12 | R6: 13 | S6: 14 | T6: 15 | U6: 16 | V6: 17 | W6: 18 | X6: 19 | Y6: 20 | Z6: 21 | AA6: 22 | AB6: 23 | AC6: 24 | AD6: 25 | AE6: 26 | AF6: 27 | AG6: 28 | AH6: 29 | AI6: 30
B7: Gross value of assets at the beginning of the year | D7: Total (thousand USD) | E7: =E10 -> 2024 | F7: =F10 -> 2025 | G7: =G10 -> 2026 | H7: =H10 -> 2027 | I7: =I10 -> 2028 | J7: =J10 -> 2029 | K7: =K10 -> 2030 | L7: =L10 -> 2031 | ... AI7: =AI10 -> 2054
B8: Gross value of assets at the beginning of the year | D8: =SUM(E8:AI8) -> 8442.125 | E8: 0 | F8: =E186 -> 485 | G8: =F186 -> 462.45 | H8: =G186 -> 439.9 | I8: =H186 -> 417.35 | J8: =I186 -> 394.8 | K8: =J186 -> 372.25 | L8: =K186 -> 349.7 | M8: =L186 -> 327.15 | ... AI8: =AH186 -> 208.425
B10: New Investments | C10: Depreciation rate (%) | D10: Total (thousand USD) | E10: 2024 | F10: =E10+1 -> 2025 | G10: =F10+1 -> 2026 | H10: =G10+1 -> 2027 | I10: =H10+1 -> 2028 | J10: =I10+1 -> 2029 | K10: =J10+1 -> 2030 | L10: =K10+1 -> 2031 | M10: =L10+1 -> 2032 | ... AI10: =AH10+1 -> 2054
B11: =C4 -> Micro-hydropower plant
B12: =IF($C$4='4.CAPEX List'!$B$2,'4.CAPEX List'!B3,IF($C$4='4.CAPEX List'!$C$2,'4.CAPEX List'!C3,IF($C$4='4.CAPEX List'!$D$2,'4.CAPEX List'!D3,'4.CAPEX List'!E3))) -> Basic preliminary engineering design | C12: =1/30 -> 0.033333333 | D12: =SUM(E12:AI12) -> 9 | E12: 9 | F12: 0 | G12: 0 | H12: 0 | I12: 0 | J12: 0 | K12: 0 | L12: 0 | M12: 0 | N12: 0 | O12: 0 | P12: 0 | Q12: 0 | R12: 0 | S12: 0 | T12: 0 | U12: 0 | V12: 0 | W12: 0 | X12: 0 | Y12: 0 | Z12: 0 | AA12: 0 | AB12: 0 | AC12: 0 | AD12: 0 | AE12: 0 | AF12: 0 | AG12: 0 | AH12: 0 | AI12: 0
B13: =IF($C$4='4.CAPEX List'!$B$2,'4.CAPEX List'!B4,IF($C$4='4.CAPEX List'!$C$2,'4.CAPEX List'!C4,IF($C$4='4.CAPEX List'!$D$2,'4.CAPEX List'!D4,'4.CAPEX List'!E4))) -> Detailed preliminary engineering design | C13: =1/30 -> 0.033333333 | D13: =SUM(E13:AI13) -> 9 | E13: 9 | F13: 0 | G13: 0 | H13: 0 | I13: 0 | J13: 0 | K13: 0 | L13: 0 | M13: 0 | N13: 0 | O13: 0 | P13: 0 | Q13: 0 | R13: 0 | S13: 0 | T13: 0 | U13: 0 | V13: 0 | W13: 0 | X13: 0 | Y13: 0 | Z13: 0 | AA13: 0 | AB13: 0 | AC13: 0 | AD13: 0 | AE13: 0 | AF13: 0 | AG13: 0 | AH13: 0 | AI13: 0
B14: =IF($C$4='4.CAPEX List'!$B$2,'4.CAPEX List'!B5,IF($C$4='4.CAPEX List'!$C$2,'4.CAPEX List'!C5,IF($C$4='4.CAPEX List'!$D$2,'4.CAPEX List'!D5,'4.CAPEX List'!E5))) -> Engineering cost | C14: =1/30 -> 0.033333333 | D14: =SUM(E14:AI14) -> 9 | E14: 9 | F14: 0 | G14: 0 | H14: 0 | I14: 0 | J14: 0 | K14: 0 | L14: 0 | M14: 0 | N14: 0 | O14: 0 | P14: 0 | Q14: 0 | R14: 0 | S14: 0 | T14: 0 | U14: 0 | V14: 0 | W14: 0 | X14: 0 | Y14: 0 | Z14: 0 | AA14: 0 | AB14: 0 | AC14: 0 | AD14: 0 | AE14: 0 | AF14: 0 | AG14: 0 | AH14: 0 | AI14: 0
B15: =IF($C$4='4.CAPEX List'!$B$2,'4.CAPEX List'!B6,IF($C$4='4.CAPEX List'!$C$2,'4.CAPEX List'!C6,IF($C$4='4.CAPEX List'!$D$2,'4.CAPEX List'!D6,'4.CAPEX List'!E6))) -> Fees for permits | C15: =1/30 -> 0.033333333 | D15: =SUM(E15:AI15) -> 9 | E15: 9 | F15: 0 | G15: 0 | H15: 0 | I15: 0 | J15: 0 | K15: 0 | L15: 0 | M15: 0 | N15: 0 | O15: 0 | P15: 0 | Q15: 0 | R15: 0 | S15: 0 | T15: 0 | U15: 0 | V15: 0 | W15: 0 | X15: 0 | Y15: 0 | Z15: 0 | AA15: 0 | AB15: 0 | AC15: 0 | AD15: 0 | AE15: 0 | AF15: 0 | AG15: 0 | AH15: 0 | AI15: 0
B16: =IF($C$4='4.CAPEX List'!$B$2,'4.CAPEX List'!B7,IF($C$4='4.CAPEX List'!$C$2,'4.CAPEX List'!C7,IF($C$4='4.CAPEX List'!$D$2,'4.CAPEX List'!D7,'4.CAPEX List'!E7))) -> Environmental and Social Impact Assessments | C16: =1/30 -> 0.033333333 | D16: =SUM(E16:AI16) -> 9 | E16: 9 | F16: 0 | G16: 0 | H16: 0 | I16: 0 | J16: 0 | K16: 0 | L16: 0 | M16: 0 | N16: 0 | O16: 0 | P16: 0 | Q16: 0 | R16: 0 | S16: 0 | T16: 0 | U16: 0 | V16: 0 | W16: 0 | X16: 0 | Y16: 0 | Z16: 0 | AA16: 0 | AB16: 0 | AC16: 0 | AD16: 0 | AE16: 0 | AF16: 0 | AG16: 0 | AH16: 0 | AI16: 0
B17: =IF($C$4='4.CAPEX List'!$B$2,'4.CAPEX List'!B8,IF($C$4='4.CAPEX List'!$C$2,'4.CAPEX List'!C8,IF($C$4='4.CAPEX List'!$D$2,'4.CAPEX List'!D8,'4.CAPEX List'!E8))) -> Reservoirs | C17: =1/20 -> 0.05 | D17: =SUM(E17:AI17) -> 40 | E17: 20 | F17: 0 | G17: 0 | H17: 0 | I17: 0 | J17: 0 | K17: 0 | L17: 0 | M17: 0 | N17: 0 | O17: 0 | P17: 0 | Q17: 0 | R17: 0 | S17: 0 | T17: 0 | U17: 0 | V17: 0 | W17: 0 | X17: 0 | Y17: 20 | Z17: 0 | AA17: 0 | AB17: 0 | AC17: 0 | AD17: 0 | AE17: 0 | AF17: 0 | AG17: 0 | AH17: 0 | AI17: 0
B18: =IF($C$4='4.CAPEX List'!$B$2,'4.CAPEX List'!B9,IF($C$4='4.CAPEX List'!$C$2,'4.CAPEX List'!C9,IF($C$4='4.CAPEX List'!$D$2,'4.CAPEX List'!D9,'4.CAPEX List'!E9))) -> Dams | C18: =1/20 -> 0.05 | D18: =SUM(E18:AI18) -> 20 | E18: 10 | F18: 0 | G18: 0 | H18: 0 | I18: 0 | J18: 0 | K18: 0 | L18: 0 | M18: 0 | N18: 0 | O18: 0 | P18: 0 | Q18: 0 | R18: 0 | S18: 0 | T18: 0 | U18: 0 | V18: 0 | W18: 0 | X18: 0 | Y18: 10 | Z18: 0 | AA18: 0 | AB18: 0 | AC18: 0 | AD18: 0 | AE18: 0 | AF18: 0 | AG18: 0 | AH18: 0 | AI18: 0
B19: =IF($C$4='4.CAPEX List'!$B$2,'4.CAPEX List'!B10,IF($C$4='4.CAPEX List'!$C$2,'4.CAPEX List'!C10,IF($C$4='4.CAPEX List'!$D$2,'4.CAPEX List'!D10,'4.CAPEX List'!E10))) -> Water conveyance (channel, pipeline, pressurized pipeline) | C19: =1/20 -> 0.05 | D19: =SUM(E19:AI19) -> 30 | E19: 10 | F19: 0 | G19: 0 | H19: 0 | I19: 0 | J19: 0 | K19: 0 | L19: 0 | M19: 0 | N19: 0 | O19: 0 | P19: 0 | Q19: 0 | R19: 0 | S19: 0 | T19: 0 | U19: 0 | V19: 0 | W19: 0 | X19: 0 | Y19: 20 | Z19: 0 | AA19: 0 | AB19: 0 | AC19: 0 | AD19: 0 | AE19: 0 | AF19: 0 | AG19: 0 | AH19: 0 | AI19: 0
B20: =IF($C$4='4.CAPEX List'!$B$2,'4.CAPEX List'!B11,IF($C$4='4.CAPEX List'!$C$2,'4.CAPEX List'!C11,IF($C$4='4.CAPEX List'!$D$2,'4.CAPEX List'!D11,'4.CAPEX List'!E11))) -> Turbines or Waterwheels | C20: =1/25 -> 0.04 | D20: =SUM(E20:AI20) -> 10 | E20: 10 | F20: 0 | G20: 0 | H20: 0 | I20: 0 | J20: 0 | K20: 0 | L20: 0 | M20: 0 | N20: 0 | O20: 0 | P20: 0 | Q20: 0 | R20: 0 | S20: 0 | T20: 0 | U20: 0 | V20: 0 | W20: 0 | X20: 0 | Y20: 0 | Z20: 0 | AA20: 0 | AB20: 0 | AC20: 0 | AD20: 0 | AE20: 0 | AF20: 0 | AG20: 0 | AH20: 0 | AI20: 0
B21: =IF($C$4='4.CAPEX List'!$B$2,'4.CAPEX List'!B12,IF($C$4='4.CAPEX List'!$C$2,'4.CAPEX List'!C12,IF($C$4='4.CAPEX List'!$D$2,'4.CAPEX List'!D12,'4.CAPEX List'!E12))) -> Generators (alternator) | C21: =1/20 -> 0.05 | D21: =SUM(E21:AI21) -> 20 | E21: 10 | F21: 0 | G21: 0 | H21: 0 | I21: 0 | J21: 0 | K21: 0 | L21: 0 | M21: 0 | N21: 0 | O21: 0 | P21: 0 | Q21: 0 | R21: 0 | S21: 0 | T21: 0 | U21: 0 | V21: 0 | W21: 0 | X21: 0 | Y21: 10 | Z21: 0 | AA21: 0 | AB21: 0 | AC21: 0 | AD21: 0 | AE21: 0 | AF21: 0 | AG21: 0 | AH21: 0 | AI21: 0
B22: =IF($C$4='4.CAPEX List'!$B$2,'4.CAPEX List'!B13,IF($C$4='4.CAPEX List'!$C$2,'4.CAPEX List'!C13,IF($C$4='4.CAPEX List'!$D$2,'4.CAPEX List'!D13,'4.CAPEX List'!E13))) -> Regulation system | C22: =1/20 -> 0.05 | D22: =SUM(E22:AI22) -> 20 | E22: 10 | F22: 0 | G22: 0 | H22: 0 | I22: 0 | J22: 0 | K22: 0 | L22: 0 | M22: 0 | N22: 0 | O22: 0 | P22: 0 | Q22: 0 | R22: 0 | S22: 0 | T22: 0 | U22: 0 | V22: 0 | W22: 0 | X22: 0 | Y22: 10 | Z22: 0 | AA22: 0 | AB22: 0 | AC22: 0 | AD22: 0 | AE22: 0 | AF22: 0 | AG22: 0 | AH22: 0 | AI22: 0
B23: =IF($C$4='4.CAPEX List'!$B$2,'4.CAPEX List'!B14,IF($C$4='4.CAPEX List'!$C$2,'4.CAPEX List'!C14,IF($C$4='4.CAPEX List'!$D$2,'4.CAPEX List'!D14,'4.CAPEX List'!E14))) -> Cabling | C23: =1/20 -> 0.05 | D23: =SUM(E23:AI23) -> 20 | E23: 10 | F23: 0 | G23: 0 | H23: 0 | I23: 0 | J23: 0 | K23: 0 | L23: 0 | M23: 0 | N23: 0 | O23: 0 | P23: 0 | Q23: 0 | R23: 0 | S23: 0 | T23: 0 | U23: 0 | V23: 0 | W23: 0 | X23: 0 | Y23: 10 | Z23: 0 | AA23: 0 | AB23: 0 | AC23: 0 | AD23: 0 | AE23: 0 | AF23: 0 | AG23: 0 | AH23: 0 | AI23: 0
B24: =IF($C$4='4.CAPEX List'!$B$2,'4.CAPEX List'!B15,IF($C$4='4.CAPEX List'!$C$2,'4.CAPEX List'!C15,IF($C$4='4.CAPEX List'!$D$2,'4.CAPEX List'!D15,'4.CAPEX List'!E15))) -> Charge Controller (for batteries) | C24: =1/20 -> 0.05 | D24: =SUM(E24:AI24) -> 30 | E24: 15 | F24: 0 | G24: 0 | H24: 0 | I24: 0 | J24: 0 | K24: 0 | L24: 0 | M24: 0 | N24: 0 | O24: 0 | P24: 0 | Q24: 0 | R24: 0 | S24: 0 | T24: 0 | U24: 0 | V24: 0 | W24: 0 | X24: 0 | Y24: 15 | Z24: 0 | AA24: 0 | AB24: 0 | AC24: 0 | AD24: 0 | AE24: 0 | AF24: 0 | AG24: 0 | AH24: 0 | AI24: 0
B25: =IF($C$4='4.CAPEX List'!$B$2,'4.CAPEX List'!B16,IF($C$4='4.CAPEX List'!$C$2,'4.CAPEX List'!C16,IF($C$4='4.CAPEX List'!$D$2,'4.CAPEX List'!D16,'4.CAPEX List'!E16))) -> Storage batteries | D25: =SUM(E25:AI25) -> 0 | F25: 0 | G25: 0 | H25: 0 | I25: 0 | J25: 0 | K25: 0 | L25: 0 | M25: 0 | N25: 0 | O25: 0 | P25: 0 | Q25: 0 | R25: 0 | S25: 0 | T25: 0 | U25: 0 | V25: 0 | W25: 0 | X25: 0 | Y25: 0 | Z25: 0 | AA25: 0 | AB25: 0 | AC25: 0 | AD25: 0 | AE25: 0 | AF25: 0 | AG25: 0 | AH25: 0 | AI25: 0
B26: =IF($C$4='4.CAPEX List'!$B$2,'4.CAPEX List'!B17,IF($C$4='4.CAPEX List'!$C$2,'4.CAPEX List'!C17,IF($C$4='4.CAPEX List'!$D$2,'4.CAPEX List'!D17,'4.CAPEX List'!E17))) -> Other (specify) | D26: =SUM(E26:AI26) -> 0 | F26: 0 | G26: 0 | H26: 0 | I26: 0 | J26: 0 | K26: 0 | L26: 0 | M26: 0 | N26: 0 | O26: 0 | P26: 0 | Q26: 0 | R26: 0 | S26: 0 | T26: 0 | U26: 0 | V26: 0 | W26: 0 | X26: 0 | Y26: 0 | Z26: 0 | AA26: 0 | AB26: 0 | AC26: 0 | AD26: 0 | AE26: 0 | AF26: 0 | AG26: 0 | AH26: 0 | AI26: 0
B27: =IF($C$4='4.CAPEX List'!$B$2,'4.CAPEX List'!B18,IF($C$4='4.CAPEX List'!$C$2,'4.CAPEX List'!C18,IF($C$4='4.CAPEX List'!$D$2,'4.CAPEX List'!D18,'4.CAPEX List'!E18))) -> 0 | D27: =SUM(E27:AI27) -> 0 | F27: 0 | G27: 0 | H27: 0 | I27: 0 | J27: 0 | K27: 0 | L27: 0 | M27: 0 | N27: 0 | O27: 0 | P27: 0 | Q27: 0 | R27: 0 | S27: 0 | T27: 0 | U27: 0 | V27: 0 | W27: 0 | X27: 0 | Y27: 0 | Z27: 0 | AA27: 0 | AB27: 0 | AC27: 0 | AD27: 0 | AE27: 0 | AF27: 0 | AG27: 0 | AH27: 0 | AI27: 0
B28: =IF($C$4='4.CAPEX List'!$B$2,'4.CAPEX List'!B19,IF($C$4='4.CAPEX List'!$C$2,'4.CAPEX List'!C19,IF($C$4='4.CAPEX List'!$D$2,'4.CAPEX List'!D19,'4.CAPEX List'!E19))) -> 0 | D28: =SUM(E28:AI28) -> 0 | F28: 0 | G28: 0 | H28: 0 | I28: 0 | J28: 0 | K28: 0 | L28: 0 | M28: 0 | N28: 0 | O28: 0 | P28: 0 | Q28: 0 | R28: 0 | S28: 0 | T28: 0 | U28: 0 | V28: 0 | W28: 0 | X28: 0 | Y28: 0 | Z28: 0 | AA28: 0 | AB28: 0 | AC28: 0 | AD28: 0 | AE28: 0 | AF28: 0 | AG28: 0 | AH28: 0 | AI28: 0
B29: =IF($C$4='4.CAPEX List'!$B$2,'4.CAPEX List'!B20,IF($C$4='4.CAPEX List'!$C$2,'4.CAPEX List'!C20,IF($C$4='4.CAPEX List'!$D$2,'4.CAPEX List'!D20,'4.CAPEX List'!E20))) -> 0 | D29: =SUM(E29:AI29) -> 0 | F29: 0 | G29: 0 | H29: 0 | I29: 0 | J29: 0 | K29: 0 | L29: 0 | M29: 0 | N29: 0 | O29: 0 | P29: 0 | Q29: 0 | R29: 0 | S29: 0 | T29: 0 | U29: 0 | V29: 0 | W29: 0 | X29: 0 | Y29: 0 | Z29: 0 | AA29: 0 | AB29: 0 | AC29: 0 | AD29: 0 | AE29: 0 | AF29: 0 | AG29: 0 | AH29: 0 | AI29: 0
B30: =IF($C$4='4.CAPEX List'!$B$2,'4.CAPEX List'!B21,IF($C$4='4.CAPEX List'!$C$2,'4.CAPEX List'!C21,IF($C$4='4.CAPEX List'!$D$2,'4.CAPEX List'!D21,'4.CAPEX List'!E21))) -> 0 | D30: =SUM(E30:AI30) -> 0 | F30: 0 | G30: 0 | H30: 0 | I30: 0 | J30: 0 | K30: 0 | L30: 0 | M30: 0 | N30: 0 | O30: 0 | P30: 0 | Q30: 0 | R30: 0 | S30: 0 | T30: 0 | U30: 0 | V30: 0 | W30: 0 | X30: 0 | Y30: 0 | Z30: 0 | AA30: 0 | AB30: 0 | AC30: 0 | AD30: 0 | AE30: 0 | AF30: 0 | AG30: 0 | AH30: 0 | AI30: 0
B31: =IF($C$4='4.CAPEX List'!$B$2,'4.CAPEX List'!B22,IF($C$4='4.CAPEX List'!$C$2,'4.CAPEX List'!C22,IF($C$4='4.CAPEX List'!$D$2,'4.CAPEX List'!D22,'4.CAPEX List'!E22))) -> 0 | D31: =SUM(E31:AI31) -> 0 | F31: 0 | G31: 0 | H31: 0 | I31: 0 | J31: 0 | K31: 0 | L31: 0 | M31: 0 | N31: 0 | O31: 0 | P31: 0 | Q31: 0 | R31: 0 | S31: 0 | T31: 0 | U31: 0 | V31: 0 | W31: 0 | X31: 0 | Y31: 0 | Z31: 0 | AA31: 0 | AB31: 0 | AC31: 0 | AD31: 0 | AE31: 0 | AF31: 0 | AG31: 0 | AH31: 0 | AI31: 0
B32: =IF($C$4='4.CAPEX List'!$B$2,'4.CAPEX List'!B23,IF($C$4='4.CAPEX List'!$C$2,'4.CAPEX List'!C23,IF($C$4='4.CAPEX List'!$D$2,'4.CAPEX List'!D23,'4.CAPEX List'!E23))) -> 0 | D32: =SUM(E32:AI32) -> 0 | F32: 0 | G32: 0 | H32: 0 | I32: 0 | J32: 0 | K32: 0 | L32: 0 | M32: 0 | N32: 0 | O32: 0 | P32: 0 | Q32: 0 | R32: 0 | S32: 0 | T32: 0 | U32: 0 | V32: 0 | W32: 0 | X32: 0 | Y32: 0 | Z32: 0 | AA32: 0 | AB32: 0 | AC32: 0 | AD32: 0 | AE32: 0 | AF32: 0 | AG32: 0 | AH32: 0 | AI32: 0
B33: =C5 -> Wind Power plant
B34: =IF($C$5='4.CAPEX List'!$B$2,'4.CAPEX List'!B3,IF($C$5='4.CAPEX List'!$C$2,'4.CAPEX List'!C3,IF($C$5='4.CAPEX List'!$D$2,'4.CAPEX List'!D3,IF($C$5='4.CAPEX List'!$E$2,'4.CAPEX List'!E3,IF($C$5='4.CAPEX List'!$B$37,""))))) -> Basic preliminary engineering design | C34: =1/20 -> 0.05 | D34: =SUM(E34:AI34) -> 9.9 | E34: 9 | F34: 0 | G34: 0 | H34: 0 | I34: 0 | J34: 0 | K34: 0 | L34: 0 | M34: 0 | N34: 0 | O34: 0 | P34: 0 | Q34: 0 | R34: 0 | S34: 0 | T34: 0 | U34: 0 | V34: 0 | W34: 0 | X34: 0 | Y34: 0.9 | Z34: 0 | AA34: 0 | AB34: 0 | AC34: 0 | AD34: 0 | AE34: 0 | AF34: 0 | AG34: 0 | AH34: 0 | AI34: 0
B35: =IF($C$5='4.CAPEX List'!$B$2,'4.CAPEX List'!B4,IF($C$5='4.CAPEX List'!$C$2,'4.CAPEX List'!C4,IF($C$5='4.CAPEX List'!$D$2,'4.CAPEX List'!D4,IF($C$5='4.CAPEX List'!$E$2,'4.CAPEX List'!E4,IF($C$5='4.CAPEX List'!$B$37,""))))) -> Detailed preliminary engineering design | C35: =1/20 -> 0.05 | D35: =SUM(E35:AI35) -> 9.9 | E35: 9 | F35: 0 | G35: 0 | H35: 0 | I35: 0 | J35: 0 | K35: 0 | L35: 0 | M35: 0 | N35: 0 | O35: 0 | P35: 0 | Q35: 0 | R35: 0 | S35: 0 | T35: 0 | U35: 0 | V35: 0 | W35: 0 | X35: 0 | Y35: 0.9 | Z35: 0 | AA35: 0 | AB35: 0 | AC35: 0 | AD35: 0 | AE35: 0 | AF35: 0 | AG35: 0 | AH35: 0 | AI35: 0
B36: =IF($C$5='4.CAPEX List'!$B$2,'4.CAPEX List'!B5,IF($C$5='4.CAPEX List'!$C$2,'4.CAPEX List'!C5,IF($C$5='4.CAPEX List'!$D$2,'4.CAPEX List'!D5,IF($C$5='4.CAPEX List'!$E$2,'4.CAPEX List'!E5,IF($C$5='4.CAPEX List'!$B$37,""))))) -> Engineering cost | C36: =1/20 -> 0.05 | D36: =SUM(E36:AI36) -> 9.9 | E36: 9 | F36: 0 | G36: 0 | H36: 0 | I36: 0 | J36: 0 | K36: 0 | L36: 0 | M36: 0 | N36: 0 | O36: 0 | P36: 0 | Q36: 0 | R36: 0 | S36: 0 | T36: 0 | U36: 0 | V36: 0 | W36: 0 | X36: 0 | Y36: 0.9 | Z36: 0 | AA36: 0 | AB36: 0 | AC36: 0 | AD36: 0 | AE36: 0 | AF36: 0 | AG36: 0 | AH36: 0 | AI36: 0
B37: =IF($C$5='4.CAPEX List'!$B$2,'4.CAPEX List'!B6,IF($C$5='4.CAPEX List'!$C$2,'4.CAPEX List'!C6,IF($C$5='4.CAPEX List'!$D$2,'4.CAPEX List'!D6,IF($C$5='4.CAPEX List'!$E$2,'4.CAPEX List'!E6,IF($C$5='4.CAPEX List'!$B$37,""))))) -> Fees for permits | C37: =1/20 -> 0.05 | D37: =SUM(E37:AI37) -> 9.9 | E37: 9 | F37: 0 | G37: 0 | H37: 0 | I37: 0 | J37: 0 | K37: 0 | L37: 0 | M37: 0 | N37: 0 | O37: 0 | P37: 0 | Q37: 0 | R37: 0 | S37: 0 | T37: 0 | U37: 0 | V37: 0 | W37: 0 | X37: 0 | Y37: 0.9 | Z37: 0 | AA37: 0 | AB37: 0 | AC37: 0 | AD37: 0 | AE37: 0 | AF37: 0 | AG37: 0 | AH37: 0 | AI37: 0
B38: =IF($C$5='4.CAPEX List'!$B$2,'4.CAPEX List'!B7,IF($C$5='4.CAPEX List'!$C$2,'4.CAPEX List'!C7,IF($C$5='4.CAPEX List'!$D$2,'4.CAPEX List'!D7,IF($C$5='4.CAPEX List'!$E$2,'4.CAPEX List'!E7,IF($C$5='4.CAPEX List'!$B$37,""))))) -> Environmental and Social Impact Assessments | C38: =1/20 -> 0.05 | D38: =SUM(E38:AI38) -> 9.9 | E38: 9 | F38: 0 | G38: 0 | H38: 0 | I38: 0 | J38: 0 | K38: 0 | L38: 0 | M38: 0 | N38: 0 | O38: 0 | P38: 0 | Q38: 0 | R38: 0 | S38: 0 | T38: 0 | U38: 0 | V38: 0 | W38: 0 | X38: 0 | Y38: 0.9 | Z38: 0 | AA38: 0 | AB38: 0 | AC38: 0 | AD38: 0 | AE38: 0 | AF38: 0 | AG38: 0 | AH38: 0 | AI38: 0
B39: =IF($C$5='4.CAPEX List'!$B$2,'4.CAPEX List'!B8,IF($C$5='4.CAPEX List'!$C$2,'4.CAPEX List'!C8,IF($C$5='4.CAPEX List'!$D$2,'4.CAPEX List'!D8,IF($C$5='4.CAPEX List'!$E$2,'4.CAPEX List'!E8,IF($C$5='4.CAPEX List'!$B$37,""))))) -> Foundation (structural block in the ground) | C39: =1/20 -> 0.05 | D39: =SUM(E39:AI39) -> 40 | E39: 20 | F39: 0 | G39: 0 | H39: 0 | I39: 0 | J39: 0 | K39: 0 | L39: 0 | M39: 0 | N39: 0 | O39: 0 | P39: 0 | Q39: 0 | R39: 0 | S39: 0 | T39: 0 | U39: 0 | V39: 0 | W39: 0 | X39: 0 | Y39: 20 | Z39: 0 | AA39: 0 | AB39: 0 | AC39: 0 | AD39: 0 | AE39: 0 | AF39: 0 | AG39: 0 | AH39: 0 | AI39: 0
B40: =IF($C$5='4.CAPEX List'!$B$2,'4.CAPEX List'!B9,IF($C$5='4.CAPEX List'!$C$2,'4.CAPEX List'!C9,IF($C$5='4.CAPEX List'!$D$2,'4.CAPEX List'!D9,IF($C$5='4.CAPEX List'!$E$2,'4.CAPEX List'!E9,IF($C$5='4.CAPEX List'!$B$37,""))))) -> Tower | C40: =1/20 -> 0.05 | D40: =SUM(E40:AI40) -> 20 | E40: 10 | F40: 0 | G40: 0 | H40: 0 | I40: 0 | J40: 0 | K40: 0 | L40: 0 | M40: 0 | N40: 0 | O40: 0 | P40: 0 | Q40: 0 | R40: 0 | S40: 0 | T40: 0 | U40: 0 | V40: 0 | W40: 0 | X40: 0 | Y40: 10 | Z40: 0 | AA40: 0 | AB40: 0 | AC40: 0 | AD40: 0 | AE40: 0 | AF40: 0 | AG40: 0 | AH40: 0 | AI40: 0
B41: =IF($C$5='4.CAPEX List'!$B$2,'4.CAPEX List'!B10,IF($C$5='4.CAPEX List'!$C$2,'4.CAPEX List'!C10,IF($C$5='4.CAPEX List'!$D$2,'4.CAPEX List'!D10,IF($C$5='4.CAPEX List'!$E$2,'4.CAPEX List'!E10,IF($C$5='4.CAPEX List'!$B$37,""))))) -> Nacelle | C41: =1/20 -> 0.05 | D41: =SUM(E41:AI41) -> 20 | E41: 10 | F41: 0 | G41: 0 | H41: 0 | I41: 0 | J41: 0 | K41: 0 | L41: 0 | M41: 0 | N41: 0 | O41: 0 | P41: 0 | Q41: 0 | R41: 0 | S41: 0 | T41: 0 | U41: 0 | V41: 0 | W41: 0 | X41: 0 | Y41: 10 | Z41: 0 | AA41: 0 | AB41: 0 | AC41: 0 | AD41: 0 | AE41: 0 | AF41: 0 | AG41: 0 | AH41: 0 | AI41: 0
B42: =IF($C$5='4.CAPEX List'!$B$2,'4.CAPEX List'!B11,IF($C$5='4.CAPEX List'!$C$2,'4.CAPEX List'!C11,IF($C$5='4.CAPEX List'!$D$2,'4.CAPEX List'!D11,IF($C$5='4.CAPEX List'!$E$2,'4.CAPEX List'!E11,IF($C$5='4.CAPEX List'!$B$37,""))))) -> Rotor & Hub | C42: =1/20 -> 0.05 | D42: =SUM(E42:AI42) -> 20 | E42: 10 | F42: 0 | G42: 0 | H42: 0 | I42: 0 | J42: 0 | K42: 0 | L42: 0 | M42: 0 | N42: 0 | O42: 0 | P42: 0 | Q42: 0 | R42: 0 | S42: 0 | T42: 0 | U42: 0 | V42: 0 | W42: 0 | X42: 0 | Y42: 10 | Z42: 0 | AA42: 0 | AB42: 0 | AC42: 0 | AD42: 0 | AE42: 0 | AF42: 0 | AG42: 0 | AH42: 0 | AI42: 0
B43: =IF($C$5='4.CAPEX List'!$B$2,'4.CAPEX List'!B12,IF($C$5='4.CAPEX List'!$C$2,'4.CAPEX List'!C12,IF($C$5='4.CAPEX List'!$D$2,'4.CAPEX List'!D12,IF($C$5='4.CAPEX List'!$E$2,'4.CAPEX List'!E12,IF($C$5='4.CAPEX List'!$B$37,""))))) -> Blades | C43: =1/20 -> 0.05 | D43: =SUM(E43:AI43) -> 20 | E43: 10 | F43: 0 | G43: 0 | H43: 0 | I43: 0 | J43: 0 | K43: 0 | L43: 0 | M43: 0 | N43: 0 | O43: 0 | P43: 0 | Q43: 0 | R43: 0 | S43: 0 | T43: 0 | U43: 0 | V43: 0 | W43: 0 | X43: 0 | Y43: 10 | Z43: 0 | AA43: 0 | AB43: 0 | AC43: 0 | AD43: 0 | AE43: 0 | AF43: 0 | AG43: 0 | AH43: 0 | AI43: 0
B44: =IF($C$5='4.CAPEX List'!$B$2,'4.CAPEX List'!B13,IF($C$5='4.CAPEX List'!$C$2,'4.CAPEX List'!C13,IF($C$5='4.CAPEX List'!$D$2,'4.CAPEX List'!D13,IF($C$5='4.CAPEX List'!$E$2,'4.CAPEX List'!E13,IF($C$5='4.CAPEX List'!$B$37,""))))) -> Anemometer | C44: =1/20 -> 0.05 | D44: =SUM(E44:AI44) -> 20 | E44: 10 | F44: 0 | G44: 0 | H44: 0 | I44: 0 | J44: 0 | K44: 0 | L44: 0 | M44: 0 | N44: 0 | O44: 0 | P44: 0 | Q44: 0 | R44: 0 | S44: 0 | T44: 0 | U44: 0 | V44: 0 | W44: 0 | X44: 0 | Y44: 10 | Z44: 0 | AA44: 0 | AB44: 0 | AC44: 0 | AD44: 0 | AE44: 0 | AF44: 0 | AG44: 0 | AH44: 0 | AI44: 0
B45: =IF($C$5='4.CAPEX List'!$B$2,'4.CAPEX List'!B14,IF($C$5='4.CAPEX List'!$C$2,'4.CAPEX List'!C14,IF($C$5='4.CAPEX List'!$D$2,'4.CAPEX List'!D14,IF($C$5='4.CAPEX List'!$E$2,'4.CAPEX List'!E14,IF($C$5='4.CAPEX List'!$B$37,""))))) -> Wind Vane | C45: =1/20 -> 0.05 | D45: =SUM(E45:AI45) -> 20 | E45: 10 | F45: 0 | G45: 0 | H45: 0 | I45: 0 | J45: 0 | K45: 0 | L45: 0 | M45: 0 | N45: 0 | O45: 0 | P45: 0 | Q45: 0 | R45: 0 | S45: 0 | T45: 0 | U45: 0 | V45: 0 | W45: 0 | X45: 0 | Y45: 10 | Z45: 0 | AA45: 0 | AB45: 0 | AC45: 0 | AD45: 0 | AE45: 0 | AF45: 0 | AG45: 0 | AH45: 0 | AI45: 0
... B48: =IF($C$5='4.CAPEX List'!$B$2,'4.CAPEX List'!B17,IF($C$5='4.CAPEX List'!$C$2,'4.CAPEX List'!C17,IF($C$5='4.CAPEX List'!$D$2,'4.CAPEX List'!D17,IF($C$5='4.CAPEX List'!$E$2,'4.CAPEX List'!E17,IF($C$5='4.CAPEX List'!$B$37,""))))) -> Turbines & Generators | C48: =1/20 -> 0.05 | D48: =SUM(E48:AI48) -> 200 | E48: 100 | F48: 0 | G48: 0 | H48: 0 | I48: 0 | J48: 0 | K48: 0 | L48: 0 | M48: 0 | N48: 0 | O48: 0 | P48: 0 | Q48: 0 | R48: 0 | S48: 0 | T48: 0 | U48: 0 | V48: 0 | W48: 0 | X48: 0 | Y48: 100 | Z48: 0 | AA48: 0 | AB48: 0 | AC48: 0 | AD48: 0 | AE48: 0 | AF48: 0 | AG48: 0 | AH48: 0 | AI48: 0
B49: =IF($C$5='4.CAPEX List'!$B$2,'4.CAPEX List'!B18,IF($C$5='4.CAPEX List'!$C$2,'4.CAPEX List'!C18,IF($C$5='4.CAPEX List'!$D$2,'4.CAPEX List'!D18,IF($C$5='4.CAPEX List'!$E$2,'4.CAPEX List'!E18,IF($C$5='4.CAPEX List'!$B$37,""))))) -> Cabling | C49: =1/25 -> 0.04 | D49: =SUM(E49:AI49) -> 20 | E49: 10 | F49: 0 | G49: 0 | H49: 0 | I49: 0 | J49: 0 | K49: 0 | L49: 0 | M49: 0 | N49: 0 | O49: 0 | P49: 0 | Q49: 0 | R49: 0 | S49: 0 | T49: 0 | U49: 0 | V49: 0 | W49: 0 | X49: 0 | Y49: 10 | Z49: 0 | AA49: 0 | AB49: 0 | AC49: 0 | AD49: 0 | AE49: 0 | AF49: 0 | AG49: 0 | AH49: 0 | AI49: 0
B50: =IF($C$5='4.CAPEX List'!$B$2,'4.CAPEX List'!B19,IF($C$5='4.CAPEX List'!$C$2,'4.CAPEX List'!C19,IF($C$5='4.CAPEX List'!$D$2,'4.CAPEX List'!D19,IF($C$5='4.CAPEX List'!$E$2,'4.CAPEX List'!E19,IF($C$5='4.CAPEX List'!$B$37,""))))) -> Controller | C50: =1/20 -> 0.05 | D50: =SUM(E50:AI50) -> 20 | E50: 10 | F50: 0 | G50: 0 | H50: 0 | I50: 0 | J50: 0 | K50: 0 | L50: 0 | M50: 0 | N50: 0 | O50: 0 | P50: 0 | Q50: 0 | R50: 0 | S50: 0 | T50: 0 | U50: 0 | V50: 0 | W50: 0 | X50: 0 | Y50: 10 | Z50: 0 | AA50: 0 | AB50: 0 | AC50: 0 | AD50: 0 | AE50: 0 | AF50: 0 | AG50: 0 | AH50: 0 | AI50: 0
B51: =IF($C$5='4.CAPEX List'!$B$2,'4.CAPEX List'!B20,IF($C$5='4.CAPEX List'!$C$2,'4.CAPEX List'!C20,IF($C$5='4.CAPEX List'!$D$2,'4.CAPEX List'!D20,IF($C$5='4.CAPEX List'!$E$2,'4.CAPEX List'!E20,IF($C$5='4.CAPEX List'!$B$37,""))))) -> Brakes | C51: =1/20 -> 0.05 | D51: =SUM(E51:AI51) -> 20 | E51: 10 | F51: 0 | G51: 0 | H51: 0 | I51: 0 | J51: 0 | K51: 0 | L51: 0 | M51: 0 | N51: 0 | O51: 0 | P51: 0 | Q51: 0 | R51: 0 | S51: 0 | T51: 0 | U51: 0 | V51: 0 | W51: 0 | X51: 0 | Y51: 10 | Z51: 0 | AA51: 0 | AB51: 0 | AC51: 0 | AD51: 0 | AE51: 0 | AF51: 0 | AG51: 0 | AH51: 0 | AI51: 0
B52: =IF($C$5='4.CAPEX List'!$B$2,'4.CAPEX List'!B21,IF($C$5='4.CAPEX List'!$C$2,'4.CAPEX List'!C21,IF($C$5='4.CAPEX List'!$D$2,'4.CAPEX List'!D21,IF($C$5='4.CAPEX List'!$E$2,'4.CAPEX List'!E21,IF($C$5='4.CAPEX List'!$B$37,""))))) -> Charge Controller (for batteries) | C52: =1/20 -> 0.05 | D52: =SUM(E52:AI52) -> 20 | E52: 10 | F52: 0 | G52: 0 | H52: 0 | I52: 0 | J52: 0 | K52: 0 | L52: 0 | M52: 0 | N52: 0 | O52: 0 | P52: 0 | Q52: 0 | R52: 0 | S52: 0 | T52: 0 | U52: 0 | V52: 0 | W52: 0 | X52: 0 | Y52: 10 | Z52: 0 | AA52: 0 | AB52: 0 | AC52: 0 | AD52: 0 | AE52: 0 | AF52: 0 | AG52: 0 | AH52: 0 | AI52: 0
B53: =IF($C$5='4.CAPEX List'!$B$2,'4.CAPEX List'!B22,IF($C$5='4.CAPEX List'!$C$2,'4.CAPEX List'!C22,IF($C$5='4.CAPEX List'!$D$2,'4.CAPEX List'!D22,IF($C$5='4.CAPEX List'!$E$2,'4.CAPEX List'!E22,IF($C$5='4.CAPEX List'!$B$37,""))))) -> Storage batteries | C53: =1/20 -> 0.05 | D53: =SUM(E53:AI53) -> 20 | E53: 10 | F53: 0 | G53: 0 | H53: 0 | I53: 0 | J53: 0 | K53: 0 | L53: 0 | M53: 0 | N53: 0 | O53: 0 | P53: 0 | Q53: 0 | R53: 0 | S53: 0 | T53: 0 | U53: 0 | V53: 0 | W53: 0 | X53: 0 | Y53: 10 | Z53: 0 | AA53: 0 | AB53: 0 | AC53: 0 | AD53: 0 | AE53: 0 | AF53: 0 | AG53: 0 | AH53: 0 | AI53: 0
B54: =IF($C$5='4.CAPEX List'!$B$2,'4.CAPEX List'!B23,IF($C$5='4.CAPEX List'!$C$2,'4.CAPEX List'!C23,IF($C$5='4.CAPEX List'!$D$2,'4.CAPEX List'!D23,IF($C$5='4.CAPEX List'!$E$2,'4.CAPEX List'!E23,IF($C$5='4.CAPEX List'!$B$37,""))))) -> Other (specify) | C54: =1/20 -> 0.05 | D54: =SUM(E54:AI54) -> 0 | E54: 0 | F54: 0 | G54: 0 | H54: 0 | I54: 0 | J54: 0 | K54: 0 | L54: 0 | M54: 0 | N54: 0 | O54: 0 | P54: 0 | Q54: 0 | R54: 0 | S54: 0 | T54: 0 | U54: 0 | V54: 0 | W54: 0 | X54: 0 | Y54: 0 | Z54: 0 | AA54: 0 | AB54: 0 | AC54: 0 | AD54: 0 | AE54: 0 | AF54: 0 | AG54: 0 | AH54: 0 | AI54: 0
B55: Common CAPEX
B56: ='4.CAPEX List'!F3 -> Buildings | C56: =1/30 -> 0.033333333 | D56: =SUM(E56:AI56) -> 18 | E56: 9 | F56: 0 | G56: 0 | H56: 0 | I56: 0 | J56: 0 | K56: 0 | L56: 0 | M56: 0 | N56: 0 | O56: 0 | P56: 0 | Q56: 0 | R56: 0 | S56: 0 | T56: 0 | U56: 0 | V56: 0 | W56: 0 | X56: 0 | Y56: 9 | Z56: 0 | AA56: 0 | AB56: 0 | AC56: 0 | AD56: 0 | AE56: 0 | AF56: 0 | AG56: 0 | AH56: 0 | AI56: 0
B57: ='4.CAPEX List'!F4 -> IT | C57: =1/20 -> 0.05 | D57: =SUM(E57:AI57) -> 2 | E57: 1 | F57: 0 | G57: 0 | H57: 0 | I57: 0 | J57: 0 | K57: 0 | L57: 0 | M57: 0 | N57: 0 | O57: 0 | P57: 0 | Q57: 0 | R57: 0 | S57: 0 | T57: 0 | U57: 0 | V57: 0 | W57: 0 | X57: 0 | Y57: 1 | Z57: 0 | AA57: 0 | AB57: 0 | AC57: 0 | AD57: 0 | AE57: 0 | AF57: 0 | AG57: 0 | AH57: 0 | AI57: 0
B58: ='4.CAPEX List'!F5 -> Vehicles and other transportation equipment | C58: =1/20 -> 0.05 | D58: =SUM(E58:AI58) -> 2 | E58: 1 | F58: 0 | G58: 0 | H58: 0 | I58: 0 | J58: 0 | K58: 0 | L58: 0 | M58: 0 | N58: 0 | O58: 0 | P58: 0 | Q58: 0 | R58: 0 | S58: 0 | T58: 0 | U58: 0 | V58: 0 | W58: 0 | X58: 0 | Y58: 1 | Z58: 0 | AA58: 0 | AB58: 0 | AC58: 0 | AD58: 0 | AE58: 0 | AF58: 0 | AG58: 0 | AH58: 0 | AI58: 0
B59: ='4.CAPEX List'!F6 -> Furniture, fittings | C59: =1/20 -> 0.05 | D59: =SUM(E59:AI59) -> 2 | E59: 1 | F59: 0 | G59: 0 | H59: 0 | I59: 0 | J59: 0 | K59: 0 | L59: 0 | M59: 0 | N59: 0 | O59: 0 | P59: 0 | Q59: 0 | R59: 0 | S59: 0 | T59: 0 | U59: 0 | V59: 0 | W59: 0 | X59: 0 | Y59: 1 | Z59: 0 | AA59: 0 | AB59: 0 | AC59: 0 | AD59: 0 | AE59: 0 | AF59: 0 | AG59: 0 | AH59: 0 | AI59: 0
B60: ='4.CAPEX List'!F7 -> Computer equipment | C60: =1/20 -> 0.05 | D60: =SUM(E60:AI60) -> 2 | E60: 1 | F60: 0 | G60: 0 | H60: 0 | I60: 0 | J60: 0 | K60: 0 | L60: 0 | M60: 0 | N60: 0 | O60: 0 | P60: 0 | Q60: 0 | R60: 0 | S60: 0 | T60: 0 | U60: 0 | V60: 0 | W60: 0 | X60: 0 | Y60: 1 | Z60: 0 | AA60: 0 | AB60: 0 | AC60: 0 | AD60: 0 | AE60: 0 | AF60: 0 | AG60: 0 | AH60: 0 | AI60: 0
B61: ='4.CAPEX List'!F8 -> Communication equipment | C61: =1/20 -> 0.05 | D61: =SUM(E61:AI61) -> 2 | E61: 1 | F61: 0 | G61: 0 | H61: 0 | I61: 0 | J61: 0 | K61: 0 | L61: 0 | M61: 0 | N61: 0 | O61: 0 | P61: 0 | Q61: 0 | R61: 0 | S61: 0 | T61: 0 | U61: 0 | V61: 0 | W61: 0 | X61: 0 | Y61: 1 | Z61: 0 | AA61: 0 | AB61: 0 | AC61: 0 | AD61: 0 | AE61: 0 | AF61: 0 | AG61: 0 | AH61: 0 | AI61: 0
B62: ='4.CAPEX List'!F9 -> Laboratories | C62: =1/20 -> 0.05 | D62: =SUM(E62:AI62) -> 2 | E62: 1 | F62: 0 | G62: 0 | H62: 0 | I62: 0 | J62: 0 | K62: 0 | L62: 0 | M62: 0 | N62: 0 | O62: 0 | P62: 0 | Q62: 0 | R62: 0 | S62: 0 | T62: 0 | U62: 0 | V62: 0 | W62: 0 | X62: 0 | Y62: 1 | Z62: 0 | AA62: 0 | AB62: 0 | AC62: 0 | AD62: 0 | AE62: 0 | AF62: 0 | AG62: 0 | AH62: 0 | AI62: 0
B63: ='4.CAPEX List'!F10 -> Storage warehouses | C63: =1/20 -> 0.05 | D63: =SUM(E63:AI63) -> 0 | E63: 0 | F63: 0 | G63: 0 | H63: 0 | I63: 0 | J63: 0 | K63: 0 | L63: 0 | M63: 0 | N63: 0 | O63: 0 | P63: 0 | Q63: 0 | R63: 0 | S63: 0 | T63: 0 | U63: 0 | V63: 0 | W63: 0 | X63: 0 | Y63: 0 | Z63: 0 | AA63: 0 | AB63: 0 | AC63: 0 | AD63: 0 | AE63: 0 | AF63: 0 | AG63: 0 | AH63: 0 | AI63: 0
B64: ='4.CAPEX List'!F11 -> Land | C64: 0.03 | D64: =SUM(E64:AI64) -> 30 | E64: 30 | F64: 0 | G64: 0 | H64: 0 | I64: 0 | J64: 0 | K64: 0 | L64: 0 | M64: 0 | N64: 0 | O64: 0 | P64: 0 | Q64: 0 | R64: 0 | S64: 0 | T64: 0 | U64: 0 | V64: 0 | W64: 0 | X64: 0 | Z64: 0 | AA64: 0 | AB64: 0 | AC64: 0 | AD64: 0 | AE64: 0 | AF64: 0 | AG64: 0 | AH64: 0 | AI64: 0
B65: ='4.CAPEX List'!F12 -> Other (specify) | C65: =1/20 -> 0.05 | D65: =SUM(E65:AI65) -> 0 | E65: 0 | F65: 0 | G65: 0 | H65: 0 | I65: 0 | J65: 0 | K65: 0 | L65: 0 | M65: 0 | N65: 0 | O65: 0 | P65: 0 | Q65: 0 | R65: 0 | S65: 0 | T65: 0 | U65: 0 | V65: 0 | W65: 0 | X65: 0 | Y65: 0 | Z65: 0 | AA65: 0 | AB65: 0 | AC65: 0 | AD65: 0 | AE65: 0 | AF65: 0 | AG65: 0 | AH65: 0 | AI65: 0
B66: Total | D66: =SUM(D12:D32,D34:D54,D56:D65) -> 849.5 | E66: =SUM(E12:E32,E34:E54,E56:E65) -> 485 | F66: =SUM(F12:F32,F34:F54,F56:F65) -> 0 | G66: =SUM(G12:G32,G34:G54,G56:G65) -> 0 | H66: =SUM(H12:H32,H34:H54,H56:H65) -> 0 | I66: =SUM(I12:I32,I34:I54,I56:I65) -> 0 | J66: =SUM(J12:J32,J34:J54,J56:J65) -> 0 | K66: =SUM(K12:K32,K34:K54,K56:K65) -> 0 | ... AI66: =SUM(AI12:AI32,AI34:AI54,AI56:AI65) -> 0
B68: Value of Disposals | C68: Depreciation rate (%) | D68: Total (thousand USD) | E68: 2024 | F68: =E68+1 -> 2025 | G68: =F68+1 -> 2026 | H68: =G68+1 -> 2027 | I68: =H68+1 -> 2028 | J68: =I68+1 -> 2029 | K68: =J68+1 -> 2030 | L68: =K68+1 -> 2031 | M68: =L68+1 -> 2032 | ... AI68: =AH68+1 -> 2054
B69: =B11 -> Micro-hydropower plant
B70: =B12 -> Basic preliminary engineering design | C70: n/a | D70: =SUM(E70:AI70) -> 0 | F70: 0 | G70: 0 | I70: 0 | J70: 0 | L70: 0 | M70: 0 | N70: 0 | P70: 0 | Q70: 0 | R70: 0 | S70: 0 | T70: 0 | U70: 0 | V70: 0 | W70: 0 | Y70: 0 | Z70: 0 | AA70: 0 | AB70: 0 | AC70: 0 | AD70: 0 | AE70: 0 | AF70: 0 | AG70: 0 | AH70: 0 | AI70: 0
B71: =B13 -> Detailed preliminary engineering design | D71: =SUM(E71:AI71) -> 0 | E71: 0 | F71: 0 | G71: 0 | H71: 0 | I71: 0 | J71: 0 | K71: 0 | L71: 0 | M71: 0 | N71: 0 | O71: 0 | P71: 0 | Q71: 0 | R71: 0 | S71: 0 | T71: 0 | U71: 0 | V71: 0 | W71: 0 | X71: 0 | Y71: 0 | Z71: 0 | AA71: 0 | AB71: 0 | AC71: 0 | AD71: 0 | AE71: 0 | AF71: 0 | AG71: 0 | AH71: 0 | AI71: 0
B72: =B14 -> Engineering cost | D72: =SUM(E72:AI72) -> 0 | E72: 0 | F72: 0 | G72: 0 | H72: 0 | I72: 0 | J72: 0 | K72: 0 | L72: 0 | M72: 0 | N72: 0 | O72: 0 | P72: 0 | Q72: 0 | R72: 0 | S72: 0 | T72: 0 | U72: 0 | V72: 0 | W72: 0 | X72: 0 | Y72: 0 | Z72: 0 | AA72: 0 | AB72: 0 | AC72: 0 | AD72: 0 | AE72: 0 | AF72: 0 | AG72: 0 | AH72: 0 | AI72: 0
B73: =B15 -> Fees for permits | D73: =SUM(E73:AI73) -> 0 | E73: 0 | F73: 0 | G73: 0 | H73: 0 | I73: 0 | J73: 0 | K73: 0 | L73: 0 | M73: 0 | N73: 0 | O73: 0 | P73: 0 | Q73: 0 | R73: 0 | S73: 0 | T73: 0 | U73: 0 | V73: 0 | W73: 0 | X73: 0 | Y73: 0 | Z73: 0 | AA73: 0 | AB73: 0 | AC73: 0 | AD73: 0 | AE73: 0 | AF73: 0 | AG73: 0 | AH73: 0 | AI73: 0
B74: =B16 -> Environmental and Social Impact Assessments | D74: =SUM(E74:AI74) -> 0 | E74: 0 | F74: 0 | G74: 0 | H74: 0 | I74: 0 | J74: 0 | K74: 0 | L74: 0 | M74: 0 | N74: 0 | O74: 0 | P74: 0 | Q74: 0 | R74: 0 | S74: 0 | T74: 0 | U74: 0 | V74: 0 | W74: 0 | X74: 0 | Y74: 0 | Z74: 0 | AA74: 0 | AB74: 0 | AC74: 0 | AD74: 0 | AE74: 0 | AF74: 0 | AG74: 0 | AH74: 0 | AI74: 0
B75: =B17 -> Reservoirs | D75: =SUM(E75:AI75) -> 0 | E75: 0 | F75: 0 | G75: 0 | H75: 0 | I75: 0 | J75: 0 | K75: 0 | L75: 0 | M75: 0 | N75: 0 | O75: 0 | P75: 0 | Q75: 0 | R75: 0 | S75: 0 | T75: 0 | U75: 0 | V75: 0 | W75: 0 | Y75: 0 | Z75: 0 | AA75: 0 | AB75: 0 | AC75: 0 | AD75: 0 | AE75: 0 | AF75: 0 | AG75: 0 | AH75: 0 | AI75: 0
B76: =B18 -> Dams | D76: =SUM(E76:AI76) -> 0 | E76: 0 | F76: 0 | G76: 0 | H76: 0 | I76: 0 | J76: 0 | K76: 0 | L76: 0 | M76: 0 | N76: 0 | O76: 0 | P76: 0 | Q76: 0 | R76: 0 | S76: 0 | T76: 0 | U76: 0 | V76: 0 | W76: 0 | X76: 0 | Y76: 0 | Z76: 0 | AA76: 0 | AB76: 0 | AC76: 0 | AD76: 0 | AE76: 0 | AF76: 0 | AG76: 0 | AH76: 0 | AI76: 0
B77: =B19 -> Water conveyance (channel, pipeline, pressurized pipeline) | D77: =SUM(E77:AI77) -> 0 | E77: 0 | F77: 0 | G77: 0 | H77: 0 | I77: 0 | J77: 0 | K77: 0 | L77: 0 | M77: 0 | N77: 0 | O77: 0 | P77: 0 | Q77: 0 | R77: 0 | S77: 0 | T77: 0 | U77: 0 | V77: 0 | W77: 0 | X77: 0 | Y77: 0 | Z77: 0 | AA77: 0 | AB77: 0 | AC77: 0 | AD77: 0 | AE77: 0 | AF77: 0 | AG77: 0 | AH77: 0 | AI77: 0
B78: =B20 -> Turbines or Waterwheels | D78: =SUM(E78:AI78) -> 0 | E78: 0 | F78: 0 | G78: 0 | H78: 0 | I78: 0 | J78: 0 | K78: 0 | L78: 0 | M78: 0 | N78: 0 | O78: 0 | P78: 0 | Q78: 0 | R78: 0 | S78: 0 | T78: 0 | U78: 0 | V78: 0 | W78: 0 | X78: 0 | Y78: 0 | Z78: 0 | AA78: 0 | AB78: 0 | AC78: 0 | AD78: 0 | AE78: 0 | AF78: 0 | AG78: 0 | AH78: 0 | AI78: 0
B79: =B21 -> Generators (alternator) | D79: =SUM(E79:AI79) -> 0 | E79: 0 | F79: 0 | G79: 0 | H79: 0 | I79: 0 | J79: 0 | K79: 0 | L79: 0 | M79: 0 | N79: 0 | O79: 0 | P79: 0 | Q79: 0 | R79: 0 | S79: 0 | T79: 0 | U79: 0 | V79: 0 | W79: 0 | X79: 0 | Y79: 0 | Z79: 0 | AA79: 0 | AB79: 0 | AC79: 0 | AD79: 0 | AE79: 0 | AF79: 0 | AG79: 0 | AH79: 0 | AI79: 0
B80: =B22 -> Regulation system | D80: =SUM(E80:AI80) -> 0 | E80: 0 | F80: 0 | G80: 0 | H80: 0 | I80: 0 | J80: 0 | K80: 0 | L80: 0 | M80: 0 | N80: 0 | O80: 0 | P80: 0 | Q80: 0 | R80: 0 | S80: 0 | T80: 0 | U80: 0 | V80: 0 | W80: 0 | X80: 0 | Y80: 0 | Z80: 0 | AA80: 0 | AB80: 0 | AC80: 0 | AD80: 0 | AE80: 0 | AF80: 0 | AG80: 0 | AH80: 0 | AI80: 0
B81: =B23 -> Cabling | D81: =SUM(E81:AI81) -> 0 | E81: 0 | F81: 0 | G81: 0 | H81: 0 | I81: 0 | J81: 0 | K81: 0 | M81: 0 | N81: 0 | O81: 0 | P81: 0 | Q81: 0 | R81: 0 | S81: 0 | T81: 0 | U81: 0 | V81: 0 | W81: 0 | X81: 0 | Y81: 0 | Z81: 0 | AA81: 0 | AB81: 0 | AC81: 0 | AD81: 0 | AE81: 0 | AF81: 0 | AG81: 0 | AH81: 0 | AI81: 0
B82: =B24 -> Charge Controller (for batteries) | D82: =SUM(E82:AI82) -> 0 | E82: 0 | F82: 0 | G82: 0 | H82: 0 | I82: 0 | J82: 0 | K82: 0 | L82: 0 | M82: 0 | N82: 0 | O82: 0 | P82: 0 | Q82: 0 | R82: 0 | S82: 0 | T82: 0 | U82: 0 | V82: 0 | W82: 0 | X82: 0 | Y82: 0 | Z82: 0 | AA82: 0 | AB82: 0 | AC82: 0 | AD82: 0 | AE82: 0 | AF82: 0 | AG82: 0 | AH82: 0 | AI82: 0
B83: =B25 -> Storage batteries | D83: =SUM(E83:AI83) -> 0 | E83: 0 | F83: 0 | G83: 0 | H83: 0 | I83: 0 | J83: 0 | K83: 0 | M83: 0 | N83: 0 | O83: 0 | P83: 0 | Q83: 0 | R83: 0 | S83: 0 | T83: 0 | U83: 0 | V83: 0 | W83: 0 | X83: 0 | Y83: 0 | Z83: 0 | AA83: 0 | AB83: 0 | AC83: 0 | AD83: 0 | AE83: 0 | AF83: 0 | AG83: 0 | AH83: 0 | AI83: 0
B84: =B26 -> Other (specify) | D84: =SUM(E84:AI84) -> 0 | E84: 0 | F84: 0 | G84: 0 | H84: 0 | I84: 0 | J84: 0 | K84: 0 | L84: 0 | M84: 0 | N84: 0 | O84: 0 | P84: 0 | Q84: 0 | R84: 0 | S84: 0 | T84: 0 | U84: 0 | V84: 0 | W84: 0 | X84: 0 | Y84: 0 | Z84: 0 | AA84: 0 | AB84: 0 | AC84: 0 | AD84: 0 | AE84: 0 | AF84: 0 | AG84: 0 | AH84: 0 | AI84: 0
B85: =B27 -> 0 | D85: =SUM(E85:AI85) -> 0 | E85: 0 | F85: 0 | G85: 0 | H85: 0 | I85: 0 | J85: 0 | K85: 0 | L85: 0 | M85: 0 | N85: 0 | O85: 0 | P85: 0 | Q85: 0 | R85: 0 | S85: 0 | T85: 0 | U85: 0 | V85: 0 | W85: 0 | X85: 0 | Y85: 0 | Z85: 0 | AA85: 0 | AB85: 0 | AC85: 0 | AD85: 0 | AE85: 0 | AF85: 0 | AG85: 0 | AH85: 0 | AI85: 0
B86: =B28 -> 0 | D86: =SUM(E86:AI86) -> 0 | E86: 0 | F86: 0 | G86: 0 | H86: 0 | I86: 0 | J86: 0 | K86: 0 | L86: 0 | M86: 0 | N86: 0 | O86: 0 | P86: 0 | Q86: 0 | R86: 0 | S86: 0 | T86: 0 | U86: 0 | V86: 0 | W86: 0 | X86: 0 | Y86: 0 | Z86: 0 | AA86: 0 | AB86: 0 | AC86: 0 | AD86: 0 | AE86: 0 | AF86: 0 | AG86: 0 | AH86: 0 | AI86: 0
B87: =B29 -> 0 | D87: =SUM(E87:AI87) -> 0 | E87: 0 | F87: 0 | G87: 0 | H87: 0 | I87: 0 | J87: 0 | K87: 0 | L87: 0 | M87: 0 | N87: 0 | O87: 0 | P87: 0 | Q87: 0 | R87: 0 | S87: 0 | T87: 0 | U87: 0 | V87: 0 | W87: 0 | X87: 0 | Y87: 0 | Z87: 0 | AA87: 0 | AB87: 0 | AC87: 0 | AD87: 0 | AE87: 0 | AF87: 0 | AG87: 0 | AH87: 0 | AI87: 0
B88: =B30 -> 0 | D88: =SUM(E88:AI88) -> 0 | E88: 0 | F88: 0 | G88: 0 | H88: 0 | I88: 0 | J88: 0 | K88: 0 | L88: 0 | M88: 0 | N88: 0 | O88: 0 | P88: 0 | Q88: 0 | R88: 0 | S88: 0 | T88: 0 | U88: 0 | V88: 0 | W88: 0 | X88: 0 | Y88: 0 | Z88: 0 | AA88: 0 | AB88: 0 | AC88: 0 | AD88: 0 | AE88: 0 | AF88: 0 | AG88: 0 | AH88: 0 | AI88: 0
B89: =B31 -> 0 | D89: =SUM(E89:AI89) -> 0 | E89: 0 | F89: 0 | G89: 0 | H89: 0 | I89: 0 | J89: 0 | K89: 0 | L89: 0 | M89: 0 | N89: 0 | O89: 0 | P89: 0 | Q89: 0 | R89: 0 | S89: 0 | T89: 0 | U89: 0 | V89: 0 | W89: 0 | X89: 0 | Y89: 0 | Z89: 0 | AA89: 0 | AB89: 0 | AC89: 0 | AD89: 0 | AE89: 0 | AF89: 0 | AG89: 0 | AH89: 0 | AI89: 0
B90: =B32 -> 0 | D90: =SUM(E90:AI90) -> 0 | E90: 0 | F90: 0 | G90: 0 | H90: 0 | I90: 0 | J90: 0 | K90: 0 | L90: 0 | M90: 0 | N90: 0 | O90: 0 | P90: 0 | Q90: 0 | R90: 0 | S90: 0 | T90: 0 | U90: 0 | V90: 0 | W90: 0 | X90: 0 | Y90: 0 | Z90: 0 | AA90: 0 | AB90: 0 | AC90: 0 | AD90: 0 | AE90: 0 | AF90: 0 | AG90: 0 | AH90: 0 | AI90: 0
B91: =B33 -> Wind Power plant
B92: =B34 -> Basic preliminary engineering design | C92: n/a | D92: =SUM(E92:AI92) -> 0 | E92: 0 | F92: 0 | G92: 0 | H92: 0 | I92: 0 | J92: 0 | K92: 0 | L92: 0 | M92: 0 | N92: 0 | O92: 0 | P92: 0 | Q92: 0 | R92: 0 | S92: 0 | T92: 0 | U92: 0 | V92: 0 | W92: 0 | X92: 0 | Y92: 0 | Z92: 0 | AA92: 0 | AB92: 0 | AC92: 0 | AD92: 0 | AE92: 0 | AF92: 0 | AG92: 0 | AH92: 0 | AI92: 0
B93: =B35 -> Detailed preliminary engineering design | D93: =SUM(E93:AI93) -> 0 | E93: 0 | F93: 0 | G93: 0 | H93: 0 | I93: 0 | J93: 0 | K93: 0 | L93: 0 | M93: 0 | N93: 0 | O93: 0 | P93: 0 | Q93: 0 | R93: 0 | S93: 0 | T93: 0 | U93: 0 | V93: 0 | W93: 0 | X93: 0 | Y93: 0 | Z93: 0 | AA93: 0 | AB93: 0 | AC93: 0 | AD93: 0 | AE93: 0 | AF93: 0 | AG93: 0 | AH93: 0 | AI93: 0
B94: =B36 -> Engineering cost | D94: =SUM(E94:AI94) -> 0 | E94: 0 | F94: 0 | G94: 0 | H94: 0 | I94: 0 | J94: 0 | K94: 0 | L94: 0 | M94: 0 | N94: 0 | O94: 0 | P94: 0 | Q94: 0 | R94: 0 | S94: 0 | T94: 0 | U94: 0 | V94: 0 | W94: 0 | X94: 0 | Y94: 0 | Z94: 0 | AA94: 0 | AB94: 0 | AC94: 0 | AD94: 0 | AE94: 0 | AF94: 0 | AG94: 0 | AH94: 0 | AI94: 0
B95: =B37 -> Fees for permits | D95: =SUM(E95:AI95) -> 0 | E95: 0 | F95: 0 | G95: 0 | H95: 0 | I95: 0 | J95: 0 | K95: 0 | L95: 0 | M95: 0 | N95: 0 | O95: 0 | P95: 0 | Q95: 0 | R95: 0 | S95: 0 | T95: 0 | U95: 0 | V95: 0 | W95: 0 | X95: 0 | Y95: 0 | Z95: 0 | AA95: 0 | AB95: 0 | AC95: 0 | AD95: 0 | AE95: 0 | AF95: 0 | AG95: 0 | AH95: 0 | AI95: 0
B96: =B38 -> Environmental and Social Impact Assessments | D96: =SUM(E96:AI96) -> 0 | E96: 0 | F96: 0 | G96: 0 | H96: 0 | I96: 0 | J96: 0 | K96: 0 | L96: 0 | M96: 0 | N96: 0 | O96: 0 | P96: 0 | Q96: 0 | R96: 0 | S96: 0 | T96: 0 | U96: 0 | V96: 0 | W96: 0 | X96: 0 | Y96: 0 | Z96: 0 | AA96: 0 | AB96: 0 | AC96: 0 | AD96: 0 | AE96: 0 | AF96: 0 | AG96: 0 | AH96: 0 | AI96: 0
B97: =B39 -> Foundation (structural block in the ground) | D97: =SUM(E97:AI97) -> 0 | E97: 0 | F97: 0 | G97: 0 | H97: 0 | I97: 0 | J97: 0 | K97: 0 | L97: 0 | M97: 0 | N97: 0 | O97: 0 | P97: 0 | Q97: 0 | R97: 0 | S97: 0 | T97: 0 | U97: 0 | V97: 0 | W97: 0 | X97: 0 | Y97: 0 | Z97: 0 | AA97: 0 | AB97: 0 | AC97: 0 | AD97: 0 | AE97: 0 | AF97: 0 | AG97: 0 | AH97: 0 | AI97: 0
B98: =B40 -> Tower | D98: =SUM(E98:AI98) -> 0 | E98: 0 | F98: 0 | G98: 0 | H98: 0 | I98: 0 | J98: 0 | K98: 0 | L98: 0 | M98: 0 | N98: 0 | O98: 0 | P98: 0 | Q98: 0 | R98: 0 | S98: 0 | T98: 0 | U98: 0 | V98: 0 | W98: 0 | X98: 0 | Y98: 0 | Z98: 0 | AA98: 0 | AB98: 0 | AC98: 0 | AD98: 0 | AE98: 0 | AF98: 0 | AG98: 0 | AH98: 0 | AI98: 0
B99: =B41 -> Nacelle | D99: =SUM(E99:AI99) -> 0 | E99: 0 | F99: 0 | G99: 0 | H99: 0 | I99: 0 | J99: 0 | K99: 0 | L99: 0 | M99: 0 | N99: 0 | O99: 0 | P99: 0 | Q99: 0 | R99: 0 | S99: 0 | T99: 0 | U99: 0 | V99: 0 | W99: 0 | X99: 0 | Y99: 0 | Z99: 0 | AA99: 0 | AB99: 0 | AC99: 0 | AD99: 0 | AE99: 0 | AF99: 0 | AG99: 0 | AH99: 0 | AI99: 0
B100: =B42 -> Rotor & Hub | D100: =SUM(E100:AI100) -> 0 | E100: 0 | F100: 0 | G100: 0 | H100: 0 | I100: 0 | J100: 0 | K100: 0 | L100: 0 | M100: 0 | N100: 0 | O100: 0 | P100: 0 | Q100: 0 | R100: 0 | S100: 0 | T100: 0 | U100: 0 | V100: 0 | W100: 0 | Y100: 0 | Z100: 0 | AA100: 0 | AB100: 0 | AC100: 0 | AD100: 0 | AE100: 0 | AF100: 0 | AG100: 0 | AH100: 0 | AI100: 0
B101: =B43 -> Blades | D101: =SUM(E101:AI101) -> 0 | E101: 0 | F101: 0 | G101: 0 | H101: 0 | I101: 0 | J101: 0 | K101: 0 | L101: 0 | M101: 0 | N101: 0 | O101: 0 | P101: 0 | Q101: 0 | R101: 0 | S101: 0 | T101: 0 | U101: 0 | V101: 0 | W101: 0 | X101: 0 | Y101: 0 | Z101: 0 | AA101: 0 | AB101: 0 | AC101: 0 | AD101: 0 | AE101: 0 | AF101: 0 | AG101: 0 | AH101: 0 | AI101: 0
B102: =B44 -> Anemometer | D102: =SUM(E102:AI102) -> 0 | E102: 0 | F102: 0 | G102: 0 | H102: 0 | I102: 0 | J102: 0 | K102: 0 | L102: 0 | M102: 0 | N102: 0 | O102: 0 | P102: 0 | Q102: 0 | R102: 0 | S102: 0 | T102: 0 | U102: 0 | V102: 0 | W102: 0 | X102: 0 | Y102: 0 | Z102: 0 | AA102: 0 | AB102: 0 | AC102: 0 | AD102: 0 | AE102: 0 | AF102: 0 | AG102: 0 | AH102: 0 | AI102: 0
B103: =B45 -> Wind Vane | D103: =SUM(E103:AI103) -> 0 | E103: 0 | F103: 0 | G103: 0 | H103: 0 | I103: 0 | J103: 0 | K103: 0 | L103: 0 | M103: 0 | N103: 0 | O103: 0 | P103: 0 | Q103: 0 | R103: 0 | S103: 0 | T103: 0 | U103: 0 | V103: 0 | W103: 0 | X103: 0 | Y103: 0 | Z103: 0 | AA103: 0 | AB103: 0 | AC103: 0 | AD103: 0 | AE103: 0 | AF103: 0 | AG103: 0 | AH103: 0 | AI103: 0
B104: =B46 -> Yaw System | D104: =SUM(E104:AI104) -> 0 | E104: 0 | F104: 0 | G104: 0 | H104: 0 | I104: 0 | J104: 0 | K104: 0 | L104: 0 | M104: 0 | N104: 0 | O104: 0 | P104: 0 | Q104: 0 | R104: 0 | S104: 0 | T104: 0 | U104: 0 | V104: 0 | W104: 0 | X104: 0 | Y104: 0 | Z104: 0 | AA104: 0 | AB104: 0 | AC104: 0 | AD104: 0 | AE104: 0 | AF104: 0 | AG104: 0 | AH104: 0 | AI104: 0
B105: =B47 -> Pitch System | D105: =SUM(E105:AI105) -> 0 | E105: 0 | F105: 0 | G105: 0 | H105: 0 | I105: 0 | J105: 0 | K105: 0 | L105: 0 | M105: 0 | N105: 0 | O105: 0 | P105: 0 | Q105: 0 | R105: 0 | S105: 0 | T105: 0 | U105: 0 | V105: 0 | W105: 0 | X105: 0 | Y105: 0 | Z105: 0 | AA105: 0 | AB105: 0 | AC105: 0 | AD105: 0 | AE105: 0 | AF105: 0 | AG105: 0 | AH105: 0 | AI105: 0
B106: =B48 -> Turbines & Generators | D106: =SUM(E106:AI106) -> 0 | E106: 0 | F106: 0 | G106: 0 | H106: 0 | I106: 0 | J106: 0 | K106: 0 | L106: 0 | M106: 0 | N106: 0 | O106: 0 | P106: 0 | Q106: 0 | R106: 0 | S106: 0 | T106: 0 | U106: 0 | V106: 0 | W106: 0 | X106: 0 | Y106: 0 | Z106: 0 | AA106: 0 | AB106: 0 | AC106: 0 | AD106: 0 | AE106: 0 | AF106: 0 | AG106: 0 | AH106: 0 | AI106: 0
...

Sheet 6.Generation OPEX
B2: Operational Expenditures of the regulated electricity generation activity
E3: 2024 | F3: =E3 -> 2024 | G3: =E3+1 -> 2025 | H3: =G3 -> 2025 | I3: =G3+1 -> 2026 | J3: =I3 -> 2026 | K3: =I3+1 -> 2027 | L3: =K3 -> 2027 | M3: =K3+1 -> 2028 | N3: =M3 -> 2028 | O3: =M3+1 -> 2029 | P3: =O3 -> 2029 | Q3: =O3+1 -> 2030 | R3: =Q3 -> 2030 | S3: =Q3+1 -> 2031 | T3: =S3 -> 2031 | U3: =S3+1 -> 2032 | V3: =U3 -> 2032 | W3: =U3+1 -> 2033 | X3: =W3 -> 2033 | Y3: =W3+1 -> 2034 | Z3: =Y3 -> 2034 | AA3: =Y3+1 -> 2035 | AB3: =AA3 -> 2035 | AC3: =AA3+1 -> 2036 | AD3: =AC3 -> 2036 | AE3: =AC3+1 -> 2037 | AF3: =AE3 -> 2037 | AG3: =AE3+1 -> 2038 | AH3: =AG3 -> 2038 | AI3: =AG3+1 -> 2039 | AJ3: =AI3 -> 2039 | AK3: =AI3+1 -> 2040 | AL3: =AK3 -> 2040 | AM3: =AK3+1 -> 2041 | AN3: =AM3 -> 2041 | AO3: =AM3+1 -> 2042 | AP3: =AO3 -> 2042 | AQ3: =AO3+1 -> 2043 | AR3: =AQ3 -> 2043 | AS3: =AQ3+1 -> 2044 | AT3: =AS3 -> 2044 | AU3: =AS3+1 -> 2045 | AV3: =AU3 -> 2045 | AW3: =AU3+1 -> 2046 | AX3: =AW3 -> 2046 | AY3: =AW3+1 -> 2047 | AZ3: =AY3 -> 2047 | BA3: =AY3+1 -> 2048 | BB3: =BA3 -> 2048 | BC3: =BA3+1 -> 2049 | BD3: =BC3 -> 2049 | BE3: =BC3+1 -> 2050 | BF3: =BE3 -> 2050 | BG3: =BE3+1 -> 2051 | BH3: =BG3 -> 2051 | BI3: =BG3+1 -> 2052 | BJ3: =BI3 -> 2052 | BK3: =BI3+1 -> 2053 | BL3: =BK3 -> 2053 | BM3: =BK3+1 -> 2054 | BN3: =BM3 -> 2054
C4: Unit | D4: Total | E4: 2024 | G4: =E4+1 -> 2025 | I4: =G4+1 -> 2026 | K4: =I4+1 -> 2027 | M4: =K4+1 -> 2028 | O4: =M4+1 -> 2029 | Q4: =O4+1 -> 2030 | S4: =Q4+1 -> 2031 | U4: =S4+1 -> 2032 | W4: =U4+1 -> 2033 | Y4: =W4+1 -> 2034 | AA4: =Y4+1 -> 2035 | AC4: =AA4+1 -> 2036 | AE4: =AC4+1 -> 2037 | AG4: =AE4+1 -> 2038 | AI4: =AG4+1 -> 2039 | AK4: =AI4+1 -> 2040 | AM4: =AK4+1 -> 2041 | AO4: =AM4+1 -> 2042 | AQ4: =AO4+1 -> 2043 | AS4: =AQ4+1 -> 2044 | AU4: =AS4+1 -> 2045 | AW4: =AU4+1 -> 2046 | AY4: =AW4+1 -> 2047 | BA4: =AY4+1 -> 2048 | BC4: =BA4+1 -> 2049 | BE4: =BC4+1 -> 2050 | BG4: =BE4+1 -> 2051 | BI4: =BG4+1 -> 2052 | BK4: =BI4+1 -> 2053 | BM4: =BK4+1 -> 2054
D5: Total | E5: Variable Operating Cost | F5: Fixed Operating Cost | G5: Variable Operating Cost | H5: Fixed Operating Cost | I5: Variable Operating Cost | J5: Fixed Operating Cost | K5: Variable Operating Cost | L5: Fixed Operating Cost | M5: Variable Operating Cost | N5: Fixed Operating Cost | O5: Variable Operating Cost | P5: Fixed Operating Cost | Q5: Variable Operating Cost | R5: Fixed Operating Cost | S5: Variable Operating Cost | T5: Fixed Operating Cost | U5: Variable Operating Cost | V5: Fixed Operating Cost | W5: Variable Operating Cost | X5: Fixed Operating Cost | Y5: Variable Operating Cost | Z5: Fixed Operating Cost | AA5: Variable Operating Cost | AB5: Fixed Operating Cost | AC5: Variable Operating Cost | AD5: Fixed Operating Cost | AE5: Variable Operating Cost | AF5: Fixed Operating Cost | AG5: Variable Operating Cost | AH5: Fixed Operating Cost | AI5: Variable Operating Cost | AJ5: Fixed Operating Cost | AK5: Variable Operating Cost | AL5: Fixed Operating Cost | AM5: Variable Operating Cost | AN5: Fixed Operating Cost | AO5: Variable Operating Cost | AP5: Fixed Operating Cost | AQ5: Variable Operating Cost | AR5: Fixed Operating Cost | AS5: Variable Operating Cost | AT5: Fixed Operating Cost | AU5: Variable Operating Cost | AV5: Fixed Operating Cost | AW5: Variable Operating Cost | AX5: Fixed Operating Cost | AY5: Variable Operating Cost | AZ5: Fixed Operating Cost | BA5: Variable Operating Cost | BB5: Fixed Operating Cost | BC5: Variable Operating Cost | BD5: Fixed Operating Cost | BE5: Variable Operating Cost | BF5: Fixed Operating Cost | BG5: Variable Operating Cost | BH5: Fixed Operating Cost | BI5: Variable Operating Cost | BJ5: Fixed Operating Cost | BK5: Variable Operating Cost | BL5: Fixed Operating Cost | BM5: Variable Operating Cost | BN5: Fixed Operating Cost
B6: Fixed and Variable Operating Cost net of subsidies
B7: Electricity Cost purchased from Independent Power Producer (IPP) | C7: thousand USD | D7: =SUM(E7:BN7) -> 0 | E7: 0 | F7: n/a | H7: n/a | J7: n/a | L7: n/a | N7: n/a | P7: n/a | R7: n/a | T7: n/a | V7: n/a | X7: n/a | Z7: n/a | AB7: n/a | AD7: n/a | AF7: n/a | AH7: n/a | AJ7: n/a | AL7: n/a | AN7: n/a | AP7: n/a | AR7: n/a | AT7: n/a | AV7: n/a | AX7: n/a | AZ7: n/a | BB7: n/a | BD7: n/a | BF7: n/a | BH7: n/a | BJ7: n/a | BL7: n/a | BN7: n/a
B8: Fuel costs | C8: thousand USD | D8: =SUM(E8:BN8) -> 3100 | E8: 100 | F8: n/a | G8: 100 | H8: n/a | I8: 100 | J8: n/a | K8: 100 | L8: n/a | M8: 100 | N8: n/a | O8: 100 | P8: n/a | Q8: 100 | R8: n/a | S8: 100 | T8: n/a | U8: 100 | V8: n/a | W8: 100 | X8: n/a | Y8: 100 | Z8: n/a | AA8: 100 | AB8: n/a | AC8: 100 | AD8: n/a | AE8: 100 | AF8: n/a | AG8: 100 | AH8: n/a | AI8: 100 | AJ8: n/a | AK8: 100 | AL8: n/a | AM8: 100 | AN8: n/a | AO8: 100 | AP8: n/a | AQ8: 100 | AR8: n/a | AS8: 100 | AT8: n/a | AU8: 100 | AV8: n/a | AW8: 100 | AX8: n/a | AY8: 100 | AZ8: n/a | BA8: 100 | BB8: n/a | BC8: 100 | BD8: n/a | BE8: 100 | BF8: n/a | BG8: 100 | BH8: n/a | BI8: 100 | BJ8: n/a | BK8: 100 | BL8: n/a | BM8: 100 | BN8: n/a
B9: Operation and Maintenance costs | C9: thousand USD | D9: =SUM(E9:BN9) -> 310 | F9: 10 | H9: 10 | J9: 10 | L9: 10 | N9: 10 | P9: 10 | R9: 10 | T9: 10 | V9: 10 | X9: 10 | Z9: 10 | AB9: 10 | AD9: 10 | AF9: 10 | AH9: 10 | AJ9: 10 | AL9: 10 | AN9: 10 | AP9: 10 | AR9: 10 | AT9: 10 | AV9: 10 | AX9: 10 | AZ9: 10 | BB9: 10 | BD9: 10 | BF9: 10 | BH9: 10 | BJ9: 10 | BL9: 10 | BN9: 10
B10: Central Administrative cost | C10: thousand USD | D10: =SUM(E10:BN10) -> 310 | F10: 10 | H10: 10 | J10: 10 | L10: 10 | N10: 10 | P10: 10 | R10: 10 | T10: 10 | V10: 10 | X10: 10 | Z10: 10 | AB10: 10 | AD10: 10 | AF10: 10 | AH10: 10 | AJ10: 10 | AL10: 10 | AN10: 10 | AP10: 10 | AR10: 10 | AT10: 10 | AV10: 10 | AX10: 10 | AZ10: 10 | BB10: 10 | BD10: 10 | BF10: 10 | BH10: 10 | BJ10: 10 | BL10: 10 | BN10: 10
B11: Cost of utilities (water electricity, telecom) | C11: thousand USD | D11: =SUM(E11:BN11) -> 0 | F11: n/a | H11: n/a | J11: n/a | L11: n/a | N11: n/a | P11: n/a | R11: n/a | T11: n/a | V11: n/a | X11: n/a | Z11: n/a | AB11: n/a | AD11: n/a | AF11: n/a | AH11: n/a | AJ11: n/a | AL11: n/a | AN11: n/a | AP11: n/a | AR11: n/a | AT11: n/a | AV11: n/a | AX11: n/a | AZ11: n/a | BB11: n/a | BD11: n/a | BF11: n/a | BH11: n/a | BJ11: n/a | BL11: n/a | BN11: n/a
B12: Regulatory expenses | C12: thousand USD | D12: =SUM(E12:BN12) -> 31 | F12: 1 | H12: 1 | J12: 1 | L12: 1 | N12: 1 | P12: 1 | R12: 1 | T12: 1 | V12: 1 | X12: 1 | Z12: 1 | AB12: 1 | AD12: 1 | AF12: 1 | AH12: 1 | AJ12: 1 | AL12: 1 | AN12: 1 | AP12: 1 | AR12: 1 | AT12: 1 | AV12: 1 | AX12: 1 | AZ12: 1 | BB12: 1 | BD12: 1 | BF12: 1 | BH12: 1 | BJ12: 1 | BL12: 1 | BN12: 1
B13: Lease Costs | C13: thousand USD | D13: =SUM(E13:BN13) -> 31 | F13: 1 | H13: 1 | J13: 1 | L13: 1 | N13: 1 | P13: 1 | R13: 1 | T13: 1 | V13: 1 | X13: 1 | Z13: 1 | AB13: 1 | AD13: 1 | AF13: 1 | AH13: 1 | AJ13: 1 | AL13: 1 | AN13: 1 | AP13: 1 | AR13: 1 | AT13: 1 | AV13: 1 | AX13: 1 | AZ13: 1 | BB13: 1 | BD13: 1 | BF13: 1 | BH13: 1 | BJ13: 1 | BL13: 1 | BN13: 1
B14: Other (specify) | C14: thousand USD | D14: =SUM(E14:BN14) -> 0
B15: Total Fixed and Variable Operating Cost | C15: thousand USD | D15: =SUM(E15:BN15) -> 3782 | E15: =SUM(E7:E14) -> 100 | F15: =SUM(F7:F14) -> 22 | G15: =SUM(G7:G14) -> 100 | H15: =SUM(H7:H14) -> 22 | I15: =SUM(I7:I14) -> 100 | J15: =SUM(J7:J14) -> 22 | K15: =SUM(K7:K14) -> 100 | L15: =SUM(L7:L14) -> 22 | ... BN15: =SUM(BN7:BN14) -> 22
B16: Subsidies received from state/ IFIs to cover operating costs | C16: thousand USD | D16: =SUM(E16:BN16) -> 0
B17: Total Fixed and Variable Operating Cost net of subsidies | C17: thousand USD | D17: =SUM(E17:BN17) -> 3782 | E17: =E15-E16 -> 100 | F17: =F15-F16 -> 22 | G17: =G15-G16 -> 100 | H17: =H15-H16 -> 22 | I17: =I15-I16 -> 100 | J17: =J15-J16 -> 22 | K17: =K15-K16 -> 100 | L17: =L15-L16 -> 22 | ... BN17: =BN15-BN16 -> 22
B18: Shared OPEX
B19: Shared OPEX | C19: thousand USD | D19: =SUM(E19:BN19) -> 270 | E19: n/a | F19: 9 | G19: n/a | H19: 9 | I19: n/a | J19: 9 | K19: n/a | L19: 9 | M19: n/a | N19: 9 | O19: n/a | P19: 9 | Q19: n/a | R19: 9 | S19: n/a | T19: 9 | U19: n/a | V19: 9 | W19: n/a | X19: 9 | Y19: n/a | Z19: 9 | AA19: n/a | AB19: 9 | AC19: n/a | AD19: 9 | AE19: n/a | AF19: 9 | AG19: n/a | AH19: 9 | AI19: n/a | AJ19: 9 | AK19: n/a | AL19: 9 | AM19: n/a | AN19: 9 | AO19: n/a | AP19: 9 | AQ19: n/a | AR19: 9 | AS19: n/a | AT19: 9 | AU19: n/a | AV19: 9 | AW19: n/a | AX19: 9 | AY19: n/a | AZ19: 9 | BA19: n/a | BB19: 9 | BC19: n/a | BD19: 9 | BE19: n/a | BF19: 9 | BG19: n/a | BH19: 9 | BI19: n/a | BJ19: 9 | BK19: n/a | BL19: 9 | BM19: n/a
B20: Non interest bank charges
B21: Non interest bank charges | C21: thousand USD | D21: =SUM(E21:BN21) -> 270 | E21: n/a | F21: 9 | G21: n/a | H21: 9 | I21: n/a | J21: 9 | K21: n/a | L21: 9 | M21: n/a | N21: 9 | O21: n/a | P21: 9 | Q21: n/a | R21: 9 | S21: n/a | T21: 9 | U21: n/a | V21: 9 | W21: n/a | X21: 9 | Y21: n/a | Z21: 9 | AA21: n/a | AB21: 9 | AC21: n/a | AD21: 9 | AE21: n/a | AF21: 9 | AG21: n/a | AH21: 9 | AI21: n/a | AJ21: 9 | AK21: n/a | AL21: 9 | AM21: n/a | AN21: 9 | AO21: n/a | AP21: 9 | AQ21: n/a | AR21: 9 | AS21: n/a | AT21: 9 | AU21: n/a | AV21: 9 | AW21: n/a | AX21: 9 | AY21: n/a | AZ21: 9 | BA21: n/a | BB21: 9 | BC21: n/a | BD21: 9 | BE21: n/a | BF21: 9 | BG21: n/a | BH21: 9 | BI21: n/a | BJ21: 9 | BK21: n/a | BL21: 9 | BM21: n/a
B22: Taxes
B23: Non-income related taxes | C23: thousand USD | D23: =SUM(E23:BN23) -> 270 | E23: n/a | F23: 9 | G23: n/a | H23: 9 | I23: n/a | J23: 9 | K23: n/a | L23: 9 | M23: n/a | N23: 9 | O23: n/a | P23: 9 | Q23: n/a | R23: 9 | S23: n/a | T23: 9 | U23: n/a | V23: 9 | W23: n/a | X23: 9 | Y23: n/a | Z23: 9 | AA23: n/a | AB23: 9 | AC23: n/a | AD23: 9 | AE23: n/a | AF23: 9 | AG23: n/a | AH23: 9 | AI23: n/a | AJ23: 9 | AK23: n/a | AL23: 9 | AM23: n/a | AN23: 9 | AO23: n/a | AP23: 9 | AQ23: n/a | AR23: 9 | AS23: n/a | AT23: 9 | AU23: n/a | AV23: 9 | AW23: n/a | AX23: 9 | AY23: n/a | AZ23: 9 | BA23: n/a | BB23: 9 | BC23: n/a | BD23: 9 | BE23: n/a | BF23: 9 | BG23: n/a | BH23: 9 | BI23: n/a | BJ23: 9 | BK23: n/a | BL23: 9 | BM23: n/a
E26: =E4 -> 2024 | F26: =E26+1 -> 2025 | G26: =F26+1 -> 2026 | H26: =G26+1 -> 2027 | I26: =H26+1 -> 2028 | J26: =I26+1 -> 2029 | K26: =J26+1 -> 2030 | L26: =K26+1 -> 2031 | M26: =L26+1 -> 2032 | ... AI26: =AH26+1 -> 2054
B27: Variable Operating Cost | C27: thousand USD | D27: =SUM(E27:BN27) -> 3100 | E27: =SUMIFS($E$17:$BN$17,$E$3:$BN$3,E26,$E$5:$BN$5,$B$27) -> 100 | F27: =SUMIFS($E$17:$BN$17,$E$3:$BN$3,F26,$E$5:$BN$5,$B$27) -> 100 | G27: =SUMIFS($E$17:$BN$17,$E$3:$BN$3,G26,$E$5:$BN$5,$B$27) -> 100 | H27: =SUMIFS($E$17:$BN$17,$E$3:$BN$3,H26,$E$5:$BN$5,$B$27) -> 100 | I27: =SUMIFS($E$17:$BN$17,$E$3:$BN$3,I26,$E$5:$BN$5,$B$27) -> 100 | J27: =SUMIFS($E$17:$BN$17,$E$3:$BN$3,J26,$E$5:$BN$5,$B$27) -> 100 | K27: =SUMIFS($E$17:$BN$17,$E$3:$BN$3,K26,$E$5:$BN$5,$B$27) -> 100 | L27: =SUMIFS($E$17:$BN$17,$E$3:$BN$3,L26,$E$5:$BN$5,$B$27) -> 100 | ... AI27: =SUMIFS($E$17:$BN$17,$E$3:$BN$3,AI26,$E$5:$BN$5,$B$27) -> 100
B28: Total Fixed Costs | C28: thousand USD | D28: =SUM(E28:BN28) -> 1492 | E28: =SUM(E29:E32) -> 49 | F28: =SUM(F29:F32) -> 49 | G28: =SUM(G29:G32) -> 49 | H28: =SUM(H29:H32) -> 49 | I28: =SUM(I29:I32) -> 49 | J28: =SUM(J29:J32) -> 49 | K28: =SUM(K29:K32) -> 49 | L28: =SUM(L29:L32) -> 49 | ... AI28: =SUM(AI29:AI32) -> 22
B29: Fixed Operating Cost | C29: thousand USD | D29: =SUM(E29:BN29) -> 682 | E29: =SUMIFS($E$17:$BN$17,$E$3:$BN$3,E26,$E$5:$BN$5,$B$29) -> 22 | F29: =SUMIFS($E$17:$BN$17,$E$3:$BN$3,F26,$E$5:$BN$5,$B$29) -> 22 | G29: =SUMIFS($E$17:$BN$17,$E$3:$BN$3,G26,$E$5:$BN$5,$B$29) -> 22 | H29: =SUMIFS($E$17:$BN$17,$E$3:$BN$3,H26,$E$5:$BN$5,$B$29) -> 22 | I29: =SUMIFS($E$17:$BN$17,$E$3:$BN$3,I26,$E$5:$BN$5,$B$29) -> 22 | J29: =SUMIFS($E$17:$BN$17,$E$3:$BN$3,J26,$E$5:$BN$5,$B$29) -> 22 | K29: =SUMIFS($E$17:$BN$17,$E$3:$BN$3,K26,$E$5:$BN$5,$B$29) -> 22 | L29: =SUMIFS($E$17:$BN$17,$E$3:$BN$3,L26,$E$5:$BN$5,$B$29) -> 22 | ... AI29: =SUMIFS($E$17:$BN$17,$E$3:$BN$3,AI26,$E$5:$BN$5,$B$29) -> 22
B30: Total financing costs | C30: thousand USD | D30: =SUM(E30:BN30) -> 270 | E30: =SUMIFS($E$21:$BN$21,$E$3:$BN$3,E26,$E$5:$BN$5,$B$29) -> 9 | F30: =SUMIFS($E$21:$BN$21,$E$3:$BN$3,F26,$E$5:$BN$5,$B$29) -> 9 | G30: =SUMIFS($E$21:$BN$21,$E$3:$BN$3,G26,$E$5:$BN$5,$B$29) -> 9 | H30: =SUMIFS($E$21:$BN$21,$E$3:$BN$3,H26,$E$5:$BN$5,$B$29) -> 9 | I30: =SUMIFS($E$21:$BN$21,$E$3:$BN$3,I26,$E$5:$BN$5,$B$29) -> 9 | J30: =SUMIFS($E$21:$BN$21,$E$3:$BN$3,J26,$E$5:$BN$5,$B$29) -> 9 | K30: =SUMIFS($E$21:$BN$21,$E$3:$BN$3,K26,$E$5:$BN$5,$B$29) -> 9 | L30: =SUMIFS($E$21:$BN$21,$E$3:$BN$3,L26,$E$5:$BN$5,$B$29) -> 9 | ... AI30: =SUMIFS($E$21:$BN$21,$E$3:$BN$3,AI26,$E$5:$BN$5,$B$29) -> 0
B31: Non-income related taxes | C31: thousand USD | D31: =SUM(E31:BN31) -> 270 | E31: =SUMIFS($E$23:$BN$23,$E$3:$BN$3,E26,$E$5:$BN$5,$B$29) -> 9 | F31: =SUMIFS($E$23:$BN$23,$E$3:$BN$3,F26,$E$5:$BN$5,$B$29) -> 9 | G31: =SUMIFS($E$23:$BN$23,$E$3:$BN$3,G26,$E$5:$BN$5,$B$29) -> 9 | H31: =SUMIFS($E$23:$BN$23,$E$3:$BN$3,H26,$E$5:$BN$5,$B$29) -> 9 | I31: =SUMIFS($E$23:$BN$23,$E$3:$BN$3,I26,$E$5:$BN$5,$B$29) -> 9 | J31: =SUMIFS($E$23:$BN$23,$E$3:$BN$3,J26,$E$5:$BN$5,$B$29) -> 9 | K31: =SUMIFS($E$23:$BN$23,$E$3:$BN$3,K26,$E$5:$BN$5,$B$29) -> 9 | L31: =SUMIFS($E$23:$BN$23,$E$3:$BN$3,L26,$E$5:$BN$5,$B$29) -> 9 | ... AI31: =SUMIFS($E$23:$BN$23,$E$3:$BN$3,AI26,$E$5:$BN$5,$B$29) -> 0
B32: Shared OPEX | C32: thousand USD | D32: =SUM(E32:BN32) -> 270 | E32: =SUMIFS($E$19:$BN$19,$E$3:$BN$3,E26,$E$5:$BN$5,$B$29) -> 9 | F32: =SUMIFS($E$19:$BN$19,$E$3:$BN$3,F26,$E$5:$BN$5,$B$29) -> 9 | G32: =SUMIFS($E$19:$BN$19,$E$3:$BN$3,G26,$E$5:$BN$5,$B$29) -> 9 | H32: =SUMIFS($E$19:$BN$19,$E$3:$BN$3,H26,$E$5:$BN$5,$B$29) -> 9 | I32: =SUMIFS($E$19:$BN$19,$E$3:$BN$3,I26,$E$5:$BN$5,$B$29) -> 9 | J32: =SUMIFS($E$19:$BN$19,$E$3:$BN$3,J26,$E$5:$BN$5,$B$29) -> 9 | K32: =SUMIFS($E$19:$BN$19,$E$3:$BN$3,K26,$E$5:$BN$5,$B$29) -> 9 | L32: =SUMIFS($E$19:$BN$19,$E$3:$BN$3,L26,$E$5:$BN$5,$B$29) -> 9 | ... AI32: =SUMIFS($E$19:$BN$19,$E$3:$BN$3,AI26,$E$5:$BN$5,$B$29) -> 0

Sheet 7.Generation ARR
B2: Revenue requirement of the regulated electricity generation activity
D4: Total | E4: 2024 | F4: =E4+1 -> 2025 | G4: =F4+1 -> 2026 | H4: =G4+1 -> 2027 | I4: =H4+1 -> 2028 | J4: =I4+1 -> 2029 | K4: =J4+1 -> 2030 | L4: =K4+1 -> 2031 | M4: =L4+1 -> 2032 | ... AI4: =AH4+1 -> 2054
B6: Current year | C6: year | D6: 2022
B7: Discount rate | C7: % | D7: =D11 -> 0.14478
B8: Index for discount rate | C8: factor | E8: =F4-$D$6 -> 3 | F8: =G4-$D$6 -> 4 | G8: =H4-$D$6 -> 5 | H8: =I4-$D$6 -> 6 | I8: =J4-$D$6 -> 7
B9: Discount factor | C9: factor | E9: =IF(E8<0,0,1/(1+$D$7)^E8) -> 0.66655179 | F9: =IF(F8<0,0,1/(1+$D$7)^F8) -> 0.58225318 | G9: =IF(G8<0,0,1/(1+$D$7)^G8) -> 0.50861578 | H9: =IF(H8<0,0,1/(1+$D$7)^H8) -> 0.44429129 | I9: =IF(I8<0,0,1/(1+$D$7)^I8) -> 0.3881019
B11: Allowed / WACCpost-tax, nominal | C11: % | D11: ='3.Generation WACC'!D13 -> 0.14478
B13: Regulated Asset Base | C13: thousand USD | E13: ='5.Generation RAB'!E186 -> 485 | F13: ='5.Generation RAB'!F186 -> 462.45 | G13: ='5.Generation RAB'!G186 -> 439.9 | H13: ='5.Generation RAB'!H186 -> 417.35 | I13: ='5.Generation RAB'!I186 -> 394.8 | J13: ='5.Generation RAB'!J186 -> 372.25 | K13: ='5.Generation RAB'!K186 -> 349.7 | L13: ='5.Generation RAB'!L186 -> 327.15 | ... AI13: ='5.Generation RAB'!AI186 -> 187.75
B15: Return (WACC*RAB) | C15: thousand USD | E15: =$D$11*E13 -> 70.2183 | F15: =$D$11*F13 -> 66.953511 | G15: =$D$11*G13 -> 63.688722 | H15: =$D$11*H13 -> 60.423933 | I15: =$D$11*I13 -> 57.159144 | J15: =$D$11*J13 -> 53.894355 | K15: =$D$11*K13 -> 50.629566 | L15: =$D$11*L13 -> 47.364777 | ... AI15: =$D$11*AI13 -> 27.182445
B17: Total Costs (Variable+Fixed) | C17: thousand USD | E17: =SUM(E18:E19) -> 219.2183 | F17: =SUM(F18:F19) -> 215.95351 | G17: =SUM(G18:G19) -> 212.68872 | H17: =SUM(H18:H19) -> 209.42393 | I17: =SUM(I18:I19) -> 206.15914 | J17: =SUM(J18:J19) -> 202.89435 | K17: =SUM(K18:K19) -> 199.62957 | L17: =SUM(L18:L19) -> 196.36478 | ... AI17: =SUM(AI18:AI19) -> 149.18244
B18: Variable Operating Cost | C18: thousand USD | E18: ='6.Generation OPEX'!E27 -> 100 | F18: ='6.Generation OPEX'!F27 -> 100 | G18: ='6.Generation OPEX'!G27 -> 100 | H18: ='6.Generation OPEX'!H27 -> 100 | I18: ='6.Generation OPEX'!I27 -> 100 | J18: ='6.Generation OPEX'!J27 -> 100 | K18: ='6.Generation OPEX'!K27 -> 100 | L18: ='6.Generation OPEX'!L27 -> 100 | ... AI18: ='6.Generation OPEX'!AI27 -> 100
B19: Fixed Cost (Operating + non interest bank charges + non-income taxes+Return) | C19: thousand USD | E19: ='6.Generation OPEX'!E28+'7.Generation ARR'!E15 -> 119.2183 | F19: ='6.Generation OPEX'!F28+'7.Generation ARR'!F15 -> 115.95351 | G19: ='6.Generation OPEX'!G28+'7.Generation ARR'!G15 -> 112.68872 | H19: ='6.Generation OPEX'!H28+'7.Generation ARR'!H15 -> 109.42393 | I19: ='6.Generation OPEX'!I28+'7.Generation ARR'!I15 -> 106.15914 | J19: ='6.Generation OPEX'!J28+'7.Generation ARR'!J15 -> 102.89435 | K19: ='6.Generation OPEX'!K28+'7.Generation ARR'!K15 -> 99.629566 | L19: ='6.Generation OPEX'!L28+'7.Generation ARR'!L15 -> 96.364777 | ... AI19: ='6.Generation OPEX'!AI28+'7.Generation ARR'!AI15 -> 49.182445
B20: Fixed Cost (Operating + non interest bank charges + non-income taxes+Return) (Dry) | C20: thousand USD | E20: =E$19*'2.Energy, Power and Consumers'!D49 -> 72.382539 | F20: =F$19*'2.Energy, Power and Consumers'!E49 -> 70.400346 | G20: =G$19*'2.Energy, Power and Consumers'!F49 -> 68.418153 | H20: =H$19*'2.Energy, Power and Consumers'!G49 -> 66.435959 | I20: =I$19*'2.Energy, Power and Consumers'!H49 -> 64.453766 | J20: =J$19*'2.Energy, Power and Consumers'!I49 -> 62.471573 | K20: =K$19*'2.Energy, Power and Consumers'!J49 -> 60.489379 | L20: =L$19*'2.Energy, Power and Consumers'!K49 -> 58.507186 | ... AI20: =AI$19*'2.Energy, Power and Consumers'!AH49 -> 29.86077
B21: Fixed Cost (Operating + non interest bank charges + non-income taxes+Return) (Rainy) | C21: thousand USD | E21: =E$19*'2.Energy, Power and Consumers'!D50 -> 46.835761 | F21: =F$19*'2.Energy, Power and Consumers'!E50 -> 45.553165 | G21: =G$19*'2.Energy, Power and Consumers'!F50 -> 44.270569 | H21: =H$19*'2.Energy, Power and Consumers'!G50 -> 42.987974 | I21: =I$19*'2.Energy, Power and Consumers'!H50 -> 41.705378 | J21: =J$19*'2.Energy, Power and Consumers'!I50 -> 40.422782 | K21: =K$19*'2.Energy, Power and Consumers'!J50 -> 39.140187 | L21: =L$19*'2.Energy, Power and Consumers'!K50 -> 37.857591 | ... AI21: =AI$19*'2.Energy, Power and Consumers'!AH50 -> 19.321675
B22: Net Present Value (NPV)
B23: NPV - Revenue Requirement | C23: thousand TJS | D23: =SUM(E23:I23) -> #REF! | E23: =IF(E$8<0,0,#REF!*E$9) -> #REF! | F23: =IF(F$8<0,0,#REF!*F$9) -> #REF! | G23: =IF(G$8<0,0,#REF!*G$9) -> #REF! | H23: =IF(H$8<0,0,#REF!*H$9) -> #REF! | I23: =IF(I$8<0,0,#REF!*I$9) -> #REF!
B24: NPV - Variable part of revenue requirement | C24: thousand TJS | D24: =SUM(E24:I24) -> #REF! | E24: =IF(E$8<0,0,#REF!*E$9) -> #REF! | F24: =IF(F$8<0,0,#REF!*F$9) -> #REF! | G24: =IF(G$8<0,0,#REF!*G$9) -> #REF! | H24: =IF(H$8<0,0,#REF!*H$9) -> #REF! | I24: =IF(I$8<0,0,#REF!*I$9) -> #REF!
B25: NPV - Fixed part of revenue requirement | C25: thousand TJS | D25: =SUM(E25:I25) -> #REF! | E25: =IF(E$8<0,0,#REF!*E$9) -> #REF! | F25: =IF(F$8<0,0,#REF!*F$9) -> #REF! | G25: =IF(G$8<0,0,#REF!*G$9) -> #REF! | H25: =IF(H$8<0,0,#REF!*H$9) -> #REF! | I25: =IF(I$8<0,0,#REF!*I$9) -> #REF!

Sheet 8.Generators Charge
D2: 2024 | E2: =D2+1 -> 2025 | F2: =E2+1 -> 2026 | G2: =F2+1 -> 2027 | H2: =G2+1 -> 2028 | I2: =H2+1 -> 2029 | J2: =I2+1 -> 2030 | K2: =J2+1 -> 2031 | L2: =K2+1 -> 2032 | ... AH2: =AG2+1 -> 2054
B5: Total revenue requirement | C5: thousand USD | D5: =SUM(D6:D7) -> 219.2183 | E5: =SUM(E6:E7) -> 215.95351 | F5: =SUM(F6:F7) -> 212.68872 | G5: =SUM(G6:G7) -> 209.42393 | H5: =SUM(H6:H7) -> 206.15914 | I5: =SUM(I6:I7) -> 202.89435 | J5: =SUM(J6:J7) -> 199.62957 | K5: =SUM(K6:K7) -> 196.36478 | ... AH5: =SUM(AH6:AH7) -> 149.18244
B6: Variable | C6: thousand USD | D6: ='7.Generation ARR'!E18 -> 100 | E6: ='7.Generation ARR'!F18 -> 100 | F6: ='7.Generation ARR'!G18 -> 100 | G6: ='7.Generation ARR'!H18 -> 100 | H6: ='7.Generation ARR'!I18 -> 100 | I6: ='7.Generation ARR'!J18 -> 100 | J6: ='7.Generation ARR'!K18 -> 100 | K6: ='7.Generation ARR'!L18 -> 100 | ... AH6: ='7.Generation ARR'!AI18 -> 100
B7: Fixed | C7: thousand USD | D7: ='7.Generation ARR'!E19 -> 119.2183 | E7: ='7.Generation ARR'!F19 -> 115.95351 | F7: ='7.Generation ARR'!G19 -> 112.68872 | G7: ='7.Generation ARR'!H19 -> 109.42393 | H7: ='7.Generation ARR'!I19 -> 106.15914 | I7: ='7.Generation ARR'!J19 -> 102.89435 | J7: ='7.Generation ARR'!K19 -> 99.629566 | K7: ='7.Generation ARR'!L19 -> 96.364777 | ... AH7: ='7.Generation ARR'!AI19 -> 49.182445
B8: Fixed (dry) | C8: thousand USD | D8: ='7.Generation ARR'!E20 -> 72.382539 | E8: ='7.Generation ARR'!F20 -> 70.400346 | F8: ='7.Generation ARR'!G20 -> 68.418153 | G8: ='7.Generation ARR'!H20 -> 66.435959 | H8: ='7.Generation ARR'!I20 -> 64.453766 | I8: ='7.Generation ARR'!J20 -> 62.471573 | J8: ='7.Generation ARR'!K20 -> 60.489379 | K8: ='7.Generation ARR'!L20 -> 58.507186 | ... AH8: ='7.Generation ARR'!AI20 -> 29.86077
B9: Fixed (rainy) | C9: thousand USD | D9: ='7.Generation ARR'!E21 -> 46.835761 | E9: ='7.Generation ARR'!F21 -> 45.553165 | F9: ='7.Generation ARR'!G21 -> 44.270569 | G9: ='7.Generation ARR'!H21 -> 42.987974 | H9: ='7.Generation ARR'!I21 -> 41.705378 | I9: ='7.Generation ARR'!J21 -> 40.422782 | J9: ='7.Generation ARR'!K21 -> 39.140187 | K9: ='7.Generation ARR'!L21 -> 37.857591 | ... AH9: ='7.Generation ARR'!AI21 -> 19.321675
B11: Revenue requirement per customer class | C11: thousand USD | D11: =SUM(D12,D17) -> 219.2183 | E11: =SUM(E12,E17) -> 215.95351 | F11: =SUM(F12,F17) -> 212.68872 | G11: =SUM(G12,G17) -> 209.42393 | H11: =SUM(H12,H17) -> 206.15914 | I11: =SUM(I12,I17) -> 202.89436 | J11: =SUM(J12,J17) -> 199.62957 | K11: =SUM(K12,K17) -> 196.36478 | ... AH11: =SUM(AH12,AH17) -> 149.18244
B12: Variable | C12: thousand USD | D12: =SUM(D13:D16) -> 100 | E12: =SUM(E13:E16) -> 100 | F12: =SUM(F13:F16) -> 100 | G12: =SUM(G13:G16) -> 100 | H12: =SUM(H13:H16) -> 100 | I12: =SUM(I13:I16) -> 100 | J12: =SUM(J13:J16) -> 100 | K12: =SUM(K13:K16) -> 100 | ... AH12: =SUM(AH13:AH16) -> 100
B13: Industrial customers at Medium Voltage | C13: thousand USD | D13: =D44*D80 -> 48.951049 | E13: =E44*E80 -> 48.951049 | F13: =F44*F80 -> 48.951049 | G13: =G44*G80 -> 48.951049 | H13: =H44*H80 -> 48.951049 | I13: =I44*I80 -> 48.951049 | J13: =J44*J80 -> 48.951049 | K13: =K44*K80 -> 48.951049 | ... AH13: =AH44*AH80 -> 48.951049
B14: Semi-industrial/commercial customers at Medium Voltage | C14: thousand USD | D14: =D45*D81 -> 2.0979021 | E14: =E45*E81 -> 2.0979021 | F14: =F45*F81 -> 2.0979021 | G14: =G45*G81 -> 2.0979021 | H14: =H45*H81 -> 2.0979021 | I14: =I45*I81 -> 2.0979021 | J14: =J45*J81 -> 2.0979021 | K14: =K45*K81 -> 2.0979021 | ... AH14: =AH45*AH81 -> 2.0979021
B15: Semi-industrial/commercial customers at Low Voltage | C15: thousand USD | D15: =D46*D82 -> 19.58042 | E15: =E46*E82 -> 19.58042 | F15: =F46*F82 -> 19.58042 | G15: =G46*G82 -> 19.58042 | H15: =H46*H82 -> 19.58042 | I15: =I46*I82 -> 19.58042 | J15: =J46*J82 -> 19.58042 | K15: =K46*K82 -> 19.58042 | ... AH15: =AH46*AH82 -> 19.58042
B16: Residential customers at Low Voltage | C16: thousand USD | D16: =D47*D83 -> 29.370629 | E16: =E47*E83 -> 29.370629 | F16: =F47*F83 -> 29.370629 | G16: =G47*G83 -> 29.370629 | H16: =H47*H83 -> 29.370629 | I16: =I47*I83 -> 29.370629 | J16: =J47*J83 -> 29.370629 | K16: =K47*K83 -> 29.370629 | ... AH16: =AH47*AH83 -> 29.370629
B17: =B7 -> Fixed | C17: thousand USD | D17: =SUM(D18:D21) -> 119.2183 | E17: =SUM(E18:E21) -> 115.95351 | F17: =SUM(F18:F21) -> 112.68872 | G17: =SUM(G18:G21) -> 109.42393 | H17: =SUM(H18:H21) -> 106.15914 | I17: =SUM(I18:I21) -> 102.89435 | J17: =SUM(J18:J21) -> 99.629566 | K17: =SUM(K18:K21) -> 96.364777 | ... AH17: =SUM(AH18:AH21) -> 49.182445
B18: Industrial customers at Medium Voltage | C18: thousand USD | D18: =D57*D92 -> 58.440343 | E18: =E57*E92 -> 56.839956 | F18: =F57*F92 -> 55.23957 | G18: =G57*G92 -> 53.639183 | H18: =H57*H92 -> 52.038796 | I18: =I57*I92 -> 50.438409 | J18: =J57*J92 -> 48.838023 | K18: =K57*K92 -> 47.237636 | ... AH18: =AH57*AH92 -> 24.109042
B19: Semi-industrial/commercial customers at Medium Voltage | C19: thousand USD | D19: =D58*D93 -> 2.3376137 | E19: =E58*E93 -> 2.2735983 | F19: =F58*F93 -> 2.2095828 | G19: =G58*G93 -> 2.1455673 | H19: =H58*H93 -> 2.0815518 | I19: =I58*I93 -> 2.0175364 | J19: =J58*J93 -> 1.9535209 | K19: =K58*K93 -> 1.8895054 | ... AH19: =AH58*AH93 -> 0.96436167
B20: Semi-industrial/commercial customers at Low Voltage | C20: thousand USD | D20: =D59*D94 -> 23.376137 | E20: =E59*E94 -> 22.735983 | F20: =F59*F94 -> 22.095828 | G20: =G59*G94 -> 21.455673 | H20: =H59*H94 -> 20.815518 | I20: =I59*I94 -> 20.175364 | J20: =J59*J94 -> 19.535209 | K20: =K59*K94 -> 18.895054 | ... AH20: =AH59*AH94 -> 9.6436167
B21: Residential customers at Low Voltage | C21: thousand USD | D21: =D60*D95 -> 35.064206 | E21: =E60*E95 -> 34.103974 | F21: =F60*F95 -> 33.143742 | G21: =G60*G95 -> 32.18351 | H21: =H60*H95 -> 31.223278 | I21: =I60*I95 -> 30.263046 | J21: =J60*J95 -> 29.302814 | K21: =K60*K95 -> 28.342581 | ... AH21: =AH60*AH95 -> 14.465425
B22: =B8 -> Fixed (dry) | C22: thousand USD | D22: =SUM(D23:D26) -> 72.382539 | E22: =SUM(E23:E26) -> 70.400346 | F22: =SUM(F23:F26) -> 68.418153 | G22: =SUM(G23:G26) -> 66.435959 | H22: =SUM(H23:H26) -> 64.453766 | I22: =SUM(I23:I26) -> 62.471573 | J22: =SUM(J23:J26) -> 60.489379 | K22: =SUM(K23:K26) -> 58.507186 | ... AH22: =SUM(AH23:AH26) -> 29.86077
B23: Industrial customers at Medium Voltage | C23: thousand USD | D23: =D57*D98 -> 35.481637 | E23: =E57*E98 -> 34.509974 | F23: =F57*F98 -> 33.53831 | G23: =G57*G98 -> 32.566647 | H23: =H57*H98 -> 31.594983 | I23: =I57*I98 -> 30.62332 | J23: =J57*J98 -> 29.651657 | K23: =K57*K98 -> 28.679993 | ... AH23: =AH57*AH98 -> 14.637632
B24: Semi-industrial/commercial customers at Medium Voltage | C24: thousand USD | D24: =D58*D99 -> 1.4192655 | E24: =E58*E99 -> 1.3803989 | F24: =F58*F99 -> 1.3415324 | G24: =G58*G99 -> 1.3026659 | H24: =H58*H99 -> 1.2637993 | I24: =I58*I99 -> 1.2249328 | J24: =J58*J99 -> 1.1860663 | K24: =K58*K99 -> 1.1471997 | ... AH24: =AH58*AH99 -> 0.5855053
B25: Semi-industrial/commercial customers at Low Voltage | C25: thousand USD | D25: =D59*D100 -> 14.192655 | E25: =E59*E100 -> 13.803989 | F25: =F59*F100 -> 13.415324 | G25: =G59*G100 -> 13.026659 | H25: =H59*H100 -> 12.637993 | I25: =I59*I100 -> 12.249328 | J25: =J59*J100 -> 11.860663 | K25: =K59*K100 -> 11.471997 | ... AH25: =AH59*AH100 -> 5.855053
B26: Residential customers at Low Voltage | C26: thousand USD | D26: =D60*D101 -> 21.288982 | E26: =E60*E101 -> 20.705984 | F26: =F60*F101 -> 20.122986 | G26: =G60*G101 -> 19.539988 | H26: =H60*H101 -> 18.95699 | I26: =I60*I101 -> 18.373992 | J26: =J60*J101 -> 17.790994 | K26: =K60*K101 -> 17.207996 | ... AH26: =AH60*AH101 -> 8.7825795
B27: =B9 -> Fixed (rainy) | C27: thousand USD | D27: =SUM(D28:D31) -> 46.835761 | E27: =SUM(E28:E31) -> 45.553165 | F27: =SUM(F28:F31) -> 44.270569 | G27: =SUM(G28:G31) -> 42.987974 | H27: =SUM(H28:H31) -> 41.705378 | I27: =SUM(I28:I31) -> 40.422782 | J27: =SUM(J28:J31) -> 39.140187 | K27: =SUM(K28:K31) -> 37.857591 | ... AH27: =SUM(AH28:AH31) -> 19.321675
B28: Industrial customers at Medium Voltage | C28: thousand USD | D28: =D57*D104 -> 22.958706 | E28: =E57*E104 -> 22.329983 | F28: =F57*F104 -> 21.701259 | G28: =G57*G104 -> 21.072536 | H28: =H57*H104 -> 20.443813 | I28: =I57*I104 -> 19.815089 | J28: =J57*J104 -> 19.186366 | K28: =K57*K104 -> 18.557643 | ... AH28: =AH57*AH104 -> 9.4714092
B29: Semi-industrial/commercial customers at Medium Voltage | C29: thousand USD | D29: =D58*D105 -> 0.91834825 | E29: =E58*E105 -> 0.89319931 | F29: =F58*F105 -> 0.86805038 | G29: =G58*G105 -> 0.84290144 | H29: =H58*H105 -> 0.81775251 | I29: =I58*I105 -> 0.79260357 | J29: =J58*J105 -> 0.76745464 | K29: =K58*K105 -> 0.74230571 | ... AH29: =AH58*AH105 -> 0.37885637
B30: Semi-industrial/commercial customers at Low Voltage | C30: thousand USD | D30: =D59*D106 -> 9.1834825 | E30: =E59*E106 -> 8.9319931 | F30: =F59*F106 -> 8.6805038 | G30: =G59*G106 -> 8.4290144 | H30: =H59*H106 -> 8.1775251 | I30: =I59*I106 -> 7.9260357 | J30: =J59*J106 -> 7.6745464 | K30: =K59*K106 -> 7.4230571 | ... AH30: =AH59*AH106 -> 3.7885637
B31: Residential customers at Low Voltage | C31: thousand USD | D31: =D60*D107 -> 13.775224 | E31: =E60*E107 -> 13.39799 | F31: =F60*F107 -> 13.020756 | G31: =G60*G107 -> 12.643522 | H31: =H60*H107 -> 12.266288 | I31: =I60*I107 -> 11.889054 | J31: =J60*J107 -> 11.51182 | K31: =K60*K107 -> 11.134586 | ... AH31: =AH60*AH107 -> 5.6828455
B33: Reconciliation/Check Area
B35: Check (Total) | C35: =SUM(D5:AH5)-SUM(D11:AH11) -> 0
B36: Check (Variable) | C36: =SUM(D6:AH6)-SUM(D12:AH12) -> 0
B37: Check (Fixed) | C37: =SUM(D7:AH7)-SUM(D17:AH17) -> 0
B38: Check (Fixed dry) | C38: =SUM(D8:AH8)-SUM(D22:AH22) -> 0
B39: Check (Fixed rainy) | C39: =SUM(D9:AH9)-SUM(D27:AH27) -> 0
B41: Contribution of total electricity demand in each tariff consumer class
B43: Total Electricity Demand | C43: MWh | D43: =SUM(D44:D47) -> 1430 | E43: =SUM(E44:E47) -> 1430 | F43: =SUM(F44:F47) -> 1430 | G43: =SUM(G44:G47) -> 1430 | H43: =SUM(H44:H47) -> 1430 | I43: =SUM(I44:I47) -> 1430 | J43: =SUM(J44:J47) -> 1430 | K43: =SUM(K44:K47) -> 1430 | ... AH43: =SUM(AH44:AH47) -> 1430
B44: ='2.Energy, Power and Consumers'!B26 -> Electricity demand by Industrial customers at Medium Voltage | C44: MWh | D44: ='2.Energy, Power and Consumers'!D26 -> 700 | E44: ='2.Energy, Power and Consumers'!E26 -> 700 | F44: ='2.Energy, Power and Consumers'!F26 -> 700 | G44: ='2.Energy, Power and Consumers'!G26 -> 700 | H44: ='2.Energy, Power and Consumers'!H26 -> 700 | I44: ='2.Energy, Power and Consumers'!I26 -> 700 | J44: ='2.Energy, Power and Consumers'!J26 -> 700 | K44: ='2.Energy, Power and Consumers'!K26 -> 700 | ... AH44: ='2.Energy, Power and Consumers'!AH26 -> 700
B45: ='2.Energy, Power and Consumers'!B27 -> Electricity demand by semi-industrial/commercial customers at Medium Voltage | C45: MWh | D45: ='2.Energy, Power and Consumers'!D27 -> 30 | E45: ='2.Energy, Power and Consumers'!E27 -> 30 | F45: ='2.Energy, Power and Consumers'!F27 -> 30 | G45: ='2.Energy, Power and Consumers'!G27 -> 30 | H45: ='2.Energy, Power and Consumers'!H27 -> 30 | I45: ='2.Energy, Power and Consumers'!I27 -> 30 | J45: ='2.Energy, Power and Consumers'!J27 -> 30 | K45: ='2.Energy, Power and Consumers'!K27 -> 30 | ... AH45: ='2.Energy, Power and Consumers'!AH27 -> 30
B46: ='2.Energy, Power and Consumers'!B28 -> Electricity demand by semi-industrial/commercial customers at Low Voltage | C46: MWh | D46: ='2.Energy, Power and Consumers'!D28 -> 280 | E46: ='2.Energy, Power and Consumers'!E28 -> 280 | F46: ='2.Energy, Power and Consumers'!F28 -> 280 | G46: ='2.Energy, Power and Consumers'!G28 -> 280 | H46: ='2.Energy, Power and Consumers'!H28 -> 280 | I46: ='2.Energy, Power and Consumers'!I28 -> 280 | J46: ='2.Energy, Power and Consumers'!J28 -> 280 | K46: ='2.Energy, Power and Consumers'!K28 -> 280 | ... AH46: ='2.Energy, Power and Consumers'!AH28 -> 280
B47: ='2.Energy, Power and Consumers'!B29 -> Electricity demand by residential customers at Low Voltage | C47: MWh | D47: ='2.Energy, Power and Consumers'!D29 -> 420 | E47: ='2.Energy, Power and Consumers'!E29 -> 420 | F47: ='2.Energy, Power and Consumers'!F29 -> 420 | G47: ='2.Energy, Power and Consumers'!G29 -> 420 | H47: ='2.Energy, Power and Consumers'!H29 -> 420 | I47: ='2.Energy, Power and Consumers'!I29 -> 420 | J47: ='2.Energy, Power and Consumers'!J29 -> 420 | K47: ='2.Energy, Power and Consumers'!K29 -> 420 | ... AH47: ='2.Energy, Power and Consumers'!AH29 -> 420
B49: Contribution of total electricity demand | C49: % | D49: =SUM(D50:D53) -> 1 | E49: =SUM(E50:E53) -> 1 | F49: =SUM(F50:F53) -> 1 | G49: =SUM(G50:G53) -> 1 | H49: =SUM(H50:H53) -> 1 | I49: =SUM(I50:I53) -> 1 | J49: =SUM(J50:J53) -> 1 | K49: =SUM(K50:K53) -> 1 | ... AH49: =SUM(AH50:AH53) -> 1
B50: Contribution of Industrial customers at Medium Voltage | C50: % | D50: =IFERROR(D44/D$43,0) -> 0.48951049 | E50: =IFERROR(E44/E$43,0) -> 0.48951049 | F50: =IFERROR(F44/F$43,0) -> 0.48951049 | G50: =IFERROR(G44/G$43,0) -> 0.48951049 | H50: =IFERROR(H44/H$43,0) -> 0.48951049 | I50: =IFERROR(I44/I$43,0) -> 0.48951049 | J50: =IFERROR(J44/J$43,0) -> 0.48951049 | K50: =IFERROR(K44/K$43,0) -> 0.48951049 | ... AH50: =IFERROR(AH44/AH$43,0) -> 0.48951049
B51: Contribution of semi-industrial/commercial customers at Medium Voltage | C51: % | D51: =IFERROR(D45/D$43,0) -> 0.020979021 | E51: =IFERROR(E45/E$43,0) -> 0.020979021 | F51: =IFERROR(F45/F$43,0) -> 0.020979021 | G51: =IFERROR(G45/G$43,0) -> 0.020979021 | H51: =IFERROR(H45/H$43,0) -> 0.020979021 | I51: =IFERROR(I45/I$43,0) -> 0.020979021 | J51: =IFERROR(J45/J$43,0) -> 0.020979021 | K51: =IFERROR(K45/K$43,0) -> 0.020979021 | ... AH51: =IFERROR(AH45/AH$43,0) -> 0.020979021
B52: Contribution of semi-industrial/commercial customers at Low Voltage | C52: % | D52: =IFERROR(D46/D$43,0) -> 0.1958042 | E52: =IFERROR(E46/E$43,0) -> 0.1958042 | F52: =IFERROR(F46/F$43,0) -> 0.1958042 | G52: =IFERROR(G46/G$43,0) -> 0.1958042 | H52: =IFERROR(H46/H$43,0) -> 0.1958042 | I52: =IFERROR(I46/I$43,0) -> 0.1958042 | J52: =IFERROR(J46/J$43,0) -> 0.1958042 | K52: =IFERROR(K46/K$43,0) -> 0.1958042 | ... AH52: =IFERROR(AH46/AH$43,0) -> 0.1958042
B53: Contribution of residential customers at Low Voltage | C53: % | D53: =IFERROR(D47/D$43,0) -> 0.29370629 | E53: =IFERROR(E47/E$43,0) -> 0.29370629 | F53: =IFERROR(F47/F$43,0) -> 0.29370629 | G53: =IFERROR(G47/G$43,0) -> 0.29370629 | H53: =IFERROR(H47/H$43,0) -> 0.29370629 | I53: =IFERROR(I47/I$43,0) -> 0.29370629 | J53: =IFERROR(J47/J$43,0) -> 0.29370629 | K53: =IFERROR(K47/K$43,0) -> 0.29370629 | ... AH53: =IFERROR(AH47/AH$43,0) -> 0.29370629
B55: Contribution of peak demand in each tariff consumer class
B56: Total System Peak demand | C56: MW | D56: ='2.Energy, Power and Consumers'!D32 -> 0.51 | E56: ='2.Energy, Power and Consumers'!E32 -> 0.51 | F56: ='2.Energy, Power and Consumers'!F32 -> 0.51 | G56: ='2.Energy, Power and Consumers'!G32 -> 0.51 | H56: ='2.Energy, Power and Consumers'!H32 -> 0.51 | I56: ='2.Energy, Power and Consumers'!I32 -> 0.51 | J56: ='2.Energy, Power and Consumers'!J32 -> 0.51 | K56: ='2.Energy, Power and Consumers'!K32 -> 0.51 | ... AH56: ='2.Energy, Power and Consumers'!AH32 -> 0.51
B57: Peak demand by Industrial customers at Medium Voltage | C57: MW | D57: ='2.Energy, Power and Consumers'!D33 -> 0.25 | E57: ='2.Energy, Power and Consumers'!E33 -> 0.25 | F57: ='2.Energy, Power and Consumers'!F33 -> 0.25 | G57: ='2.Energy, Power and Consumers'!G33 -> 0.25 | H57: ='2.Energy, Power and Consumers'!H33 -> 0.25 | I57: ='2.Energy, Power and Consumers'!I33 -> 0.25 | J57: ='2.Energy, Power and Consumers'!J33 -> 0.25 | K57: ='2.Energy, Power and Consumers'!K33 -> 0.25 | ... AH57: ='2.Energy, Power and Consumers'!AH33 -> 0.25
B58: Peak demand by semi-industrial/commercial customers at Medium Voltage | C58: MW | D58: ='2.Energy, Power and Consumers'!D34 -> 0.01 | E58: ='2.Energy, Power and Consumers'!E34 -> 0.01 | F58: ='2.Energy, Power and Consumers'!F34 -> 0.01 | G58: ='2.Energy, Power and Consumers'!G34 -> 0.01 | H58: ='2.Energy, Power and Consumers'!H34 -> 0.01 | I58: ='2.Energy, Power and Consumers'!I34 -> 0.01 | J58: ='2.Energy, Power and Consumers'!J34 -> 0.01 | K58: ='2.Energy, Power and Consumers'!K34 -> 0.01 | ... AH58: ='2.Energy, Power and Consumers'!AH34 -> 0.01
B59: Peak demand by semi-industrial/commercial customers at Low Voltage | C59: MW | D59: ='2.Energy, Power and Consumers'!D35 -> 0.1 | E59: ='2.Energy, Power and Consumers'!E35 -> 0.1 | F59: ='2.Energy, Power and Consumers'!F35 -> 0.1 | G59: ='2.Energy, Power and Consumers'!G35 -> 0.1 | H59: ='2.Energy, Power and Consumers'!H35 -> 0.1 | I59: ='2.Energy, Power and Consumers'!I35 -> 0.1 | J59: ='2.Energy, Power and Consumers'!J35 -> 0.1 | K59: ='2.Energy, Power and Consumers'!K35 -> 0.1 | ... AH59: ='2.Energy, Power and Consumers'!AH35 -> 0.1
B60: Peak demand by residential customers at Low Voltage | C60: MW | D60: ='2.Energy, Power and Consumers'!D36 -> 0.15 | E60: ='2.Energy, Power and Consumers'!E36 -> 0.15 | F60: ='2.Energy, Power and Consumers'!F36 -> 0.15 | G60: ='2.Energy, Power and Consumers'!G36 -> 0.15 | H60: ='2.Energy, Power and Consumers'!H36 -> 0.15 | I60: ='2.Energy, Power and Consumers'!I36 -> 0.15 | J60: ='2.Energy, Power and Consumers'!J36 -> 0.15 | K60: ='2.Energy, Power and Consumers'!K36 -> 0.15 | ... AH60: ='2.Energy, Power and Consumers'!AH36 -> 0.15
B62: Contribution of peak demand by Industrial customers at Medium Voltage | C62: % | D62: =IFERROR(D57/D$56,0) -> 0.49019608 | E62: =IFERROR(E57/E$56,0) -> 0.49019608 | F62: =IFERROR(F57/F$56,0) -> 0.49019608 | G62: =IFERROR(G57/G$56,0) -> 0.49019608 | H62: =IFERROR(H57/H$56,0) -> 0.49019608 | I62: =IFERROR(I57/I$56,0) -> 0.49019608 | J62: =IFERROR(J57/J$56,0) -> 0.49019608 | K62: =IFERROR(K57/K$56,0) -> 0.49019608 | ... AH62: =IFERROR(AH57/AH$56,0) -> 0.49019608
B63: Contribution of peak demand by semi-industrial/commercial customers at Medium Voltage | C63: % | D63: =IFERROR(D58/D$56,0) -> 0.019607843 | E63: =IFERROR(E58/E$56,0) -> 0.019607843 | F63: =IFERROR(F58/F$56,0) -> 0.019607843 | G63: =IFERROR(G58/G$56,0) -> 0.019607843 | H63: =IFERROR(H58/H$56,0) -> 0.019607843 | I63: =IFERROR(I58/I$56,0) -> 0.019607843 | J63: =IFERROR(J58/J$56,0) -> 0.019607843 | K63: =IFERROR(K58/K$56,0) -> 0.019607843 | ... AH63: =IFERROR(AH58/AH$56,0) -> 0.019607843
B64: Contribution of peak demand by semi-industrial/commercial customers at Low Voltage | C64: % | D64: =IFERROR(D59/D$56,0) -> 0.19607843 | E64: =IFERROR(E59/E$56,0) -> 0.19607843 | F64: =IFERROR(F59/F$56,0) -> 0.19607843 | G64: =IFERROR(G59/G$56,0) -> 0.19607843 | H64: =IFERROR(H59/H$56,0) -> 0.19607843 | I64: =IFERROR(I59/I$56,0) -> 0.19607843 | J64: =IFERROR(J59/J$56,0) -> 0.19607843 | K64: =IFERROR(K59/K$56,0) -> 0.19607843 | ... AH64: =IFERROR(AH59/AH$56,0) -> 0.19607843
B65: Contribution of peak demand by residential customers at Low Voltage | C65: % | D65: =IFERROR(D60/D$56,0) -> 0.29411765 | E65: =IFERROR(E60/E$56,0) -> 0.29411765 | F65: =IFERROR(F60/F$56,0) -> 0.29411765 | G65: =IFERROR(G60/G$56,0) -> 0.29411765 | H65: =IFERROR(H60/H$56,0) -> 0.29411765 | I65: =IFERROR(I60/I$56,0) -> 0.29411765 | J65: =IFERROR(J60/J$56,0) -> 0.29411765 | K65: =IFERROR(K60/K$56,0) -> 0.29411765 | ... AH65: =IFERROR(AH60/AH$56,0) -> 0.29411765
B67: Number of customers
B68: Total Number of customers | C68: Number of | D68: =SUM(D69:D72) -> 474 | E68: =SUM(E69:E72) -> 474 | F68: =SUM(F69:F72) -> 474 | G68: =SUM(G69:G72) -> 474 | H68: =SUM(H69:H72) -> 474 | I68: =SUM(I69:I72) -> 474 | J68: =SUM(J69:J72) -> 474 | K68: =SUM(K69:K72) -> 474 | ... AH68: =SUM(AH69:AH72) -> 474
B69: Number of Industrial customers at Medium Voltage | C69: Number of | D69: ='2.Energy, Power and Consumers'!D53 -> 1 | E69: ='2.Energy, Power and Consumers'!E53 -> 1 | F69: ='2.Energy, Power and Consumers'!F53 -> 1 | G69: ='2.Energy, Power and Consumers'!G53 -> 1 | H69: ='2.Energy, Power and Consumers'!H53 -> 1 | I69: ='2.Energy, Power and Consumers'!I53 -> 1 | J69: ='2.Energy, Power and Consumers'!J53 -> 1 | K69: ='2.Energy, Power and Consumers'!K53 -> 1 | ... AH69: ='2.Energy, Power and Consumers'!AH53 -> 1
B70: Number of semi-industrial/commercial customers at Medium Voltage | C70: Number of | D70: ='2.Energy, Power and Consumers'!D54 -> 11 | E70: ='2.Energy, Power and Consumers'!E54 -> 11 | F70: ='2.Energy, Power and Consumers'!F54 -> 11 | G70: ='2.Energy, Power and Consumers'!G54 -> 11 | H70: ='2.Energy, Power and Consumers'!H54 -> 11 | I70: ='2.Energy, Power and Consumers'!I54 -> 11 | J70: ='2.Energy, Power and Consumers'!J54 -> 11 | K70: ='2.Energy, Power and Consumers'!K54 -> 11 | ... AH70: ='2.Energy, Power and Consumers'!AH54 -> 11
B71: Number of semi-industrial/commercial customers at Low Voltage | C71: Number of | D71: ='2.Energy, Power and Consumers'!D55 -> 11 | E71: ='2.Energy, Power and Consumers'!E55 -> 11 | F71: ='2.Energy, Power and Consumers'!F55 -> 11 | G71: ='2.Energy, Power and Consumers'!G55 -> 11 | H71: ='2.Energy, Power and Consumers'!H55 -> 11 | I71: ='2.Energy, Power and Consumers'!I55 -> 11 | J71: ='2.Energy, Power and Consumers'!J55 -> 11 | K71: ='2.Energy, Power and Consumers'!K55 -> 11 | ... AH71: ='2.Energy, Power and Consumers'!AH55 -> 11
B72: Number of residential customers at Low Voltage | C72: Number of | D72: ='2.Energy, Power and Consumers'!D56 -> 451 | E72: ='2.Energy, Power and Consumers'!E56 -> 451 | F72: ='2.Energy, Power and Consumers'!F56 -> 451 | G72: ='2.Energy, Power and Consumers'!G56 -> 451 | H72: ='2.Energy, Power and Consumers'!H56 -> 451 | I72: ='2.Energy, Power and Consumers'!I56 -> 451 | J72: ='2.Energy, Power and Consumers'!J56 -> 451 | K72: ='2.Energy, Power and Consumers'!K56 -> 451 | ... AH72: ='2.Energy, Power and Consumers'!AH56 -> 451
B74: Contribution of Industrial Customers at Medium Voltage | C74: % | D74: ='2.Energy, Power and Consumers'!D58 -> 0.1 | E74: ='2.Energy, Power and Consumers'!E58 -> 0.1 | F74: ='2.Energy, Power and Consumers'!F58 -> 0.1 | G74: ='2.Energy, Power and Consumers'!G58 -> 0.1 | H74: ='2.Energy, Power and Consumers'!H58 -> 0.1 | I74: ='2.Energy, Power and Consumers'!I58 -> 0.1 | J74: ='2.Energy, Power and Consumers'!J58 -> 0.1 | K74: ='2.Energy, Power and Consumers'!K58 -> 0.1 | ... AH74: ='2.Energy, Power and Consumers'!AH58 -> 0.1
B75: Contribution of semi-industrial/commercial customers at Medium Voltage | C75: % | D75: ='2.Energy, Power and Consumers'!D59 -> 0.3 | E75: ='2.Energy, Power and Consumers'!E59 -> 0.3 | F75: ='2.Energy, Power and Consumers'!F59 -> 0.3 | G75: ='2.Energy, Power and Consumers'!G59 -> 0.3 | H75: ='2.Energy, Power and Consumers'!H59 -> 0.3 | I75: ='2.Energy, Power and Consumers'!I59 -> 0.3 | J75: ='2.Energy, Power and Consumers'!J59 -> 0.3 | K75: ='2.Energy, Power and Consumers'!K59 -> 0.3 | ... AH75: ='2.Energy, Power and Consumers'!AH59 -> 0.3
B76: Contribution of semi-industrial/commercial customers at Low Voltage | C76: % | D76: ='2.Energy, Power and Consumers'!D60 -> 0.3 | E76: ='2.Energy, Power and Consumers'!E60 -> 0.3 | F76: ='2.Energy, Power and Consumers'!F60 -> 0.3 | G76: ='2.Energy, Power and Consumers'!G60 -> 0.3 | H76: ='2.Energy, Power and Consumers'!H60 -> 0.3 | I76: ='2.Energy, Power and Consumers'!I60 -> 0.3 | J76: ='2.Energy, Power and Consumers'!J60 -> 0.3 | K76: ='2.Energy, Power and Consumers'!K60 -> 0.3 | ... AH76: ='2.Energy, Power and Consumers'!AH60 -> 0.3
B77: Contribution of residential customers at Low Voltage | C77: % | D77: ='2.Energy, Power and Consumers'!D61 -> 0.3 | E77: ='2.Energy, Power and Consumers'!E61 -> 0.3 | F77: ='2.Energy, Power and Consumers'!F61 -> 0.3 | G77: ='2.Energy, Power and Consumers'!G61 -> 0.3 | H77: ='2.Energy, Power and Consumers'!H61 -> 0.3 | I77: ='2.Energy, Power and Consumers'!I61 -> 0.3 | J77: ='2.Energy, Power and Consumers'!J61 -> 0.3 | K77: ='2.Energy, Power and Consumers'!K61 -> 0.3 | ... AH77: ='2.Energy, Power and Consumers'!AH61 -> 0.3
B79: Energy tariff for generation activity
B80: Industrial customers at Medium Voltage | C80: USD/kWh | D80: =IFERROR(D$6*D50/D44,0) -> 0.06993007 | E80: =IFERROR(E$6*E50/E44,0) -> 0.06993007 | F80: =IFERROR(F$6*F50/F44,0) -> 0.06993007 | G80: =IFERROR(G$6*G50/G44,0) -> 0.06993007 | H80: =IFERROR(H$6*H50/H44,0) -> 0.06993007 | I80: =IFERROR(I$6*I50/I44,0) -> 0.06993007 | J80: =IFERROR(J$6*J50/J44,0) -> 0.06993007 | K80: =IFERROR(K$6*K50/K44,0) -> 0.06993007 | ... AH80: =IFERROR(AH$6*AH50/AH44,0) -> 0.06993007
B81: Semi-industrial/commercial customers at Medium Voltage | C81: USD/kWh | D81: =IFERROR(D$6*D51/D45,0) -> 0.06993007 | E81: =IFERROR(E$6*E51/E45,0) -> 0.06993007 | F81: =IFERROR(F$6*F51/F45,0) -> 0.06993007 | G81: =IFERROR(G$6*G51/G45,0) -> 0.06993007 | H81: =IFERROR(H$6*H51/H45,0) -> 0.06993007 | I81: =IFERROR(I$6*I51/I45,0) -> 0.06993007 | J81: =IFERROR(J$6*J51/J45,0) -> 0.06993007 | K81: =IFERROR(K$6*K51/K45,0) -> 0.06993007 | ... AH81: =IFERROR(AH$6*AH51/AH45,0) -> 0.06993007
B82: Semi-industrial/commercial customers at Low Voltage | C82: USD/kWh | D82: =IFERROR(D$6*D52/D46,0) -> 0.06993007 | E82: =IFERROR(E$6*E52/E46,0) -> 0.06993007 | F82: =IFERROR(F$6*F52/F46,0) -> 0.06993007 | G82: =IFERROR(G$6*G52/G46,0) -> 0.06993007 | H82: =IFERROR(H$6*H52/H46,0) -> 0.06993007 | I82: =IFERROR(I$6*I52/I46,0) -> 0.06993007 | J82: =IFERROR(J$6*J52/J46,0) -> 0.06993007 | K82: =IFERROR(K$6*K52/K46,0) -> 0.06993007 | ... AH82: =IFERROR(AH$6*AH52/AH46,0) -> 0.06993007
B83: Residential customers at Low Voltage | C83: USD/kWh | D83: =IFERROR(D$6*D53/D47,0) -> 0.06993007 | E83: =IFERROR(E$6*E53/E47,0) -> 0.06993007 | F83: =IFERROR(F$6*F53/F47,0) -> 0.06993007 | G83: =IFERROR(G$6*G53/G47,0) -> 0.06993007 | H83: =IFERROR(H$6*H53/H47,0) -> 0.06993007 | I83: =IFERROR(I$6*I53/I47,0) -> 0.06993007 | J83: =IFERROR(J$6*J53/J47,0) -> 0.06993007 | K83: =IFERROR(K$6*K53/K47,0) -> 0.06993007 | ... AH83: =IFERROR(AH$6*AH53/AH47,0) -> 0.06993007
B85: Consumer related tariff for generation activity
B86: Industrial customers at Medium Voltage | C86: USD/customer/month | D86: 0 | E86: 0 | F86: 0 | G86: 0 | H86: 0 | I86: 0 | J86: 0 | K86: 0 | L86: 0 | M86: 0 | N86: 0 | O86: 0 | P86: 0 | Q86: 0 | R86: 0 | S86: 0 | T86: 0 | U86: 0 | V86: 0 | W86: 0 | X86: 0 | Y86: 0 | Z86: 0 | AA86: 0 | AB86: 0 | AC86: 0 | AD86: 0 | AE86: 0 | AF86: 0 | AG86: 0 | AH86: 0
B87: Semi-industrial/commercial customers at Medium Voltage | C87: USD/customer/month | D87: 0 | E87: 0 | F87: 0 | G87: 0 | H87: 0 | I87: 0 | J87: 0 | K87: 0 | L87: 0 | M87: 0 | N87: 0 | O87: 0 | P87: 0 | Q87: 0 | R87: 0 | S87: 0 | T87: 0 | U87: 0 | V87: 0 | W87: 0 | X87: 0 | Y87: 0 | Z87: 0 | AA87: 0 | AB87: 0 | AC87: 0 | AD87: 0 | AE87: 0 | AF87: 0 | AG87: 0 | AH87: 0
B88: Semi-industrial/commercial customers at Low Voltage | C88: USD/customer/month | D88: 0 | E88: 0 | F88: 0 | G88: 0 | H88: 0 | I88: 0 | J88: 0 | K88: 0 | L88: 0 | M88: 0 | N88: 0 | O88: 0 | P88: 0 | Q88: 0 | R88: 0 | S88: 0 | T88: 0 | U88: 0 | V88: 0 | W88: 0 | X88: 0 | Y88: 0 | Z88: 0 | AA88: 0 | AB88: 0 | AC88: 0 | AD88: 0 | AE88: 0 | AF88: 0 | AG88: 0 | AH88: 0
B89: Residential customers at Low Voltage | C89: USD/customer/month | D89: 0 | E89: 0 | F89: 0 | G89: 0 | H89: 0 | I89: 0 | J89: 0 | K89: 0 | L89: 0 | M89: 0 | N89: 0 | O89: 0 | P89: 0 | Q89: 0 | R89: 0 | S89: 0 | T89: 0 | U89: 0 | V89: 0 | W89: 0 | X89: 0 | Y89: 0 | Z89: 0 | AA89: 0 | AB89: 0 | AC89: 0 | AD89: 0 | AE89: 0 | AF89: 0 | AG89: 0 | AH89: 0
B91: Capacity tariff for generation activity
B92: Industrial customers at Medium Voltage | C92: USD/kW | D92: =IFERROR(D$7*D62/D57,0) -> 233.76137 | E92: =IFERROR(E$7*E62/E57,0) -> 227.35983 | F92: =IFERROR(F$7*F62/F57,0) -> 220.95828 | G92: =IFERROR(G$7*G62/G57,0) -> 214.55673 | H92: =IFERROR(H$7*H62/H57,0) -> 208.15518 | I92: =IFERROR(I$7*I62/I57,0) -> 201.75364 | J92: =IFERROR(J$7*J62/J57,0) -> 195.35209 | K92: =IFERROR(K$7*K62/K57,0) -> 188.95054 | ... AH92: =IFERROR(AH$7*AH62/AH57,0) -> 96.436167
B93: Semi-industrial/commercial customers at Medium Voltage | C93: USD/kW | D93: =IFERROR(D$7*D63/D58,0) -> 233.76137 | E93: =IFERROR(E$7*E63/E58,0) -> 227.35983 | F93: =IFERROR(F$7*F63/F58,0) -> 220.95828 | G93: =IFERROR(G$7*G63/G58,0) -> 214.55673 | H93: =IFERROR(H$7*H63/H58,0) -> 208.15518 | I93: =IFERROR(I$7*I63/I58,0) -> 201.75364 | J93: =IFERROR(J$7*J63/J58,0) -> 195.35209 | K93: =IFERROR(K$7*K63/K58,0) -> 188.95054 | ... AH93: =IFERROR(AH$7*AH63/AH58,0) -> 96.436167
B94: Semi-industrial/commercial customers at Low Voltage | C94: USD/kW | D94: =IFERROR(D$7*D64/D59,0) -> 233.76137 | E94: =IFERROR(E$7*E64/E59,0) -> 227.35983 | F94: =IFERROR(F$7*F64/F59,0) -> 220.95828 | G94: =IFERROR(G$7*G64/G59,0) -> 214.55673 | H94: =IFERROR(H$7*H64/H59,0) -> 208.15518 | I94: =IFERROR(I$7*I64/I59,0) -> 201.75364 | J94: =IFERROR(J$7*J64/J59,0) -> 195.35209 | K94: =IFERROR(K$7*K64/K59,0) -> 188.95054 | ... AH94: =IFERROR(AH$7*AH64/AH59,0) -> 96.436167
B95: Residential customers at Low Voltage | C95: USD/kW | D95: =IFERROR(D$7*D65/D60,0) -> 233.76137 | E95: =IFERROR(E$7*E65/E60,0) -> 227.35983 | F95: =IFERROR(F$7*F65/F60,0) -> 220.95828 | G95: =IFERROR(G$7*G65/G60,0) -> 214.55673 | H95: =IFERROR(H$7*H65/H60,0) -> 208.15518 | I95: =IFERROR(I$7*I65/I60,0) -> 201.75364 | J95: =IFERROR(J$7*J65/J60,0) -> 195.35209 | K95: =IFERROR(K$7*K65/K60,0) -> 188.95054 | ... AH95: =IFERROR(AH$7*AH65/AH60,0) -> 96.436167
B97: Capacity tariff for generation activity (dry)
B98: Industrial customers at Medium Voltage | C98: USD/kW | D98: =IFERROR(D$8*D62/D57,0) -> 141.92655 | E98: =IFERROR(E$8*E62/E57,0) -> 138.03989 | F98: =IFERROR(F$8*F62/F57,0) -> 134.15324 | G98: =IFERROR(G$8*G62/G57,0) -> 130.26659 | H98: =IFERROR(H$8*H62/H57,0) -> 126.37993 | I98: =IFERROR(I$8*I62/I57,0) -> 122.49328 | J98: =IFERROR(J$8*J62/J57,0) -> 118.60663 | K98: =IFERROR(K$8*K62/K57,0) -> 114.71997 | ... AH98: =IFERROR(AH$8*AH62/AH57,0) -> 58.55053
B99: Semi-industrial/commercial customers at Medium Voltage | C99: USD/kW | D99: =IFERROR(D$8*D63/D58,0) -> 141.92655 | E99: =IFERROR(E$8*E63/E58,0) -> 138.03989 | F99: =IFERROR(F$8*F63/F58,0) -> 134.15324 | G99: =IFERROR(G$8*G63/G58,0) -> 130.26659 | H99: =IFERROR(H$8*H63/H58,0) -> 126.37993 | I99: =IFERROR(I$8*I63/I58,0) -> 122.49328 | J99: =IFERROR(J$8*J63/J58,0) -> 118.60663 | K99: =IFERROR(K$8*K63/K58,0) -> 114.71997 | ... AH99: =IFERROR(AH$8*AH63/AH58,0) -> 58.55053
B100: Semi-industrial/commercial customers at Low Voltage | C100: USD/kW | D100: =IFERROR(D$8*D64/D59,0) -> 141.92655 | E100: =IFERROR(E$8*E64/E59,0) -> 138.03989 | F100: =IFERROR(F$8*F64/F59,0) -> 134.15324 | G100: =IFERROR(G$8*G64/G59,0) -> 130.26659 | H100: =IFERROR(H$8*H64/H59,0) -> 126.37993 | I100: =IFERROR(I$8*I64/I59,0) -> 122.49328 | J100: =IFERROR(J$8*J64/J59,0) -> 118.60663 | K100: =IFERROR(K$8*K64/K59,0) -> 114.71997 | ... AH100: =IFERROR(AH$8*AH64/AH59,0) -> 58.55053
B101: Residential customers at Low Voltage | C101: USD/kW | D101: =IFERROR(D$8*D65/D60,0) -> 141.92655 | E101: =IFERROR(E$8*E65/E60,0) -> 138.03989 | F101: =IFERROR(F$8*F65/F60,0) -> 134.15324 | G101: =IFERROR(G$8*G65/G60,0) -> 130.26659 | H101: =IFERROR(H$8*H65/H60,0) -> 126.37993 | I101: =IFERROR(I$8*I65/I60,0) -> 122.49328 | J101: =IFERROR(J$8*J65/J60,0) -> 118.60663 | K101: =IFERROR(K$8*K65/K60,0) -> 114.71997 | ... AH101: =IFERROR(AH$8*AH65/AH60,0) -> 58.55053
B103: Capacity tariff for generation activity (rainy)
B104: Industrial customers at Medium Voltage | C104: USD/kW | D104: =IFERROR(D$9*D62/D57,0) -> 91.834825 | E104: =IFERROR(E$9*E62/E57,0) -> 89.319931 | F104: =IFERROR(F$9*F62/F57,0) -> 86.805038 | G104: =IFERROR(G$9*G62/G57,0) -> 84.290144 | H104: =IFERROR(H$9*H62/H57,0) -> 81.775251 | I104: =IFERROR(I$9*I62/I57,0) -> 79.260357 | J104: =IFERROR(J$9*J62/J57,0) -> 76.745464 | K104: =IFERROR(K$9*K62/K57,0) -> 74.230571 | ... AH104: =IFERROR(AH$9*AH62/AH57,0) -> 37.885637
B105: Semi-industrial/commercial customers at Medium Voltage | C105: USD/kW | D105: =IFERROR(D$9*D63/D58,0) -> 91.834825 | E105: =IFERROR(E$9*E63/E58,0) -> 89.319931 | F105: =IFERROR(F$9*F63/F58,0) -> 86.805038 | G105: =IFERROR(G$9*G63/G58,0) -> 84.290144 | H105: =IFERROR(H$9*H63/H58,0) -> 81.775251 | I105: =IFERROR(I$9*I63/I58,0) -> 79.260357 | J105: =IFERROR(J$9*J63/J58,0) -> 76.745464 | K105: =IFERROR(K$9*K63/K58,0) -> 74.230571 | ... AH105: =IFERROR(AH$9*AH63/AH58,0) -> 37.885637
B106: Semi-industrial/commercial customers at Low Voltage | C106: USD/kW | D106: =IFERROR(D$9*D64/D59,0) -> 91.834825 | E106: =IFERROR(E$9*E64/E59,0) -> 89.319931 | F106: =IFERROR(F$9*F64/F59,0) -> 86.805038 | G106: =IFERROR(G$9*G64/G59,0) -> 84.290144 | H106: =IFERROR(H$9*H64/H59,0) -> 81.775251 | I106: =IFERROR(I$9*I64/I59,0) -> 79.260357 | J106: =IFERROR(J$9*J64/J59,0) -> 76.745464 | K106: =IFERROR(K$9*K64/K59,0) -> 74.230571 | ... AH106: =IFERROR(AH$9*AH64/AH59,0) -> 37.885637
B107: Residential customers at Low Voltage | C107: USD/kW | D107: =IFERROR(D$9*D65/D60,0) -> 91.834825 | E107: =IFERROR(E$9*E65/E60,0) -> 89.319931 | F107: =IFERROR(F$9*F65/F60,0) -> 86.805038 | G107: =IFERROR(G$9*G65/G60,0) -> 84.290144 | H107: =IFERROR(H$9*H65/H60,0) -> 81.775251 | I107: =IFERROR(I$9*I65/I60,0) -> 79.260357 | J107: =IFERROR(J$9*J65/J60,0) -> 76.745464 | K107: =IFERROR(K$9*K65/K60,0) -> 74.230571 | ... AH107: =IFERROR(AH$9*AH65/AH60,0) -> 37.885637

Sheet 9.Distribution WACC 
B2: WACC Calculation for distribution activity
B4: Gearing ratio (i.e. Debt/(Debt+Equity) ratio) | C4: % | D4: =70% -> 0.7 | E4: Gearing ratio is the share of debt to the total debt and equity. This can be the actual proposed by the Mini-grid applicant or a "target" gearing ratio set by the regulator.
B5: Return on debt/ interest | C5: % | D5: 0.1 | E5: Return on debt (loan) is the interest rate charged by the lender on the loan to the mini grid operator.
B6: Risk free rate | C6: % | D6: 0.043 | E6: Risk Free Rate is the yield that an investor receives on a risk free investment. This is typically, the yield received by placing funds in long-term State bonds in a highly rated country, for example the yield on 10-year US Treasury bonds. The yield represents the return an investor would currently earn if they bought the bond today at its market price, factoring in prevailing interest rates and economic expectations. For example, a bond with a 5% interest rate on a $1,000 face value pays $50 annually, but if the bond’s market price drops to $900, the current yield becomes approximately 5.56% ($50 / $900). Since bond prices fluctuate, the yield reflects the return investors actually demand for risk-free U.S. Treasury bonds at the moment. Source of information on yields on state bonds:https://www.bloomberg.com/markets/rates-bonds/government-bonds/us
B7: Country risk premium | C7: % | D7: 0.1 | E7: Country Risk Premium is a factor that may be included in the calculation of the return on equity. The CRP accounts for the extra risk associated with investing in a country that may have political, economic, or currency stability issues. Country Risk premium, although being part of the methodology is not always included according to some regulatory regimes. One way of calculating the CRP is to take the difference in yield between the country’s state bonds (e.g., a 10-year bond) and the yield of the 10-year U.S. Treasury bond. In the absence of a DRC bond, high-yield African sovereign bonds from similarly rated countries (e.g., Angola, Zambia, or Mozambique) can serve as proxies for the DRC, as long as they share a comparable sovereign credit rating (such as CCC+ from agencies like S&P and Fitch). For example, if the 10-year U.S. Treasury bond is yielding 4%, and 10-year bonds of countries similar to DRC yield 14%, the CRP would be around 10%. Source for credit Rating and Default Risk Adjustments: sites of rating agencies. Source for CRP: https://pages.stern.nyu.edu/~adamodar/
B8: Market risk premium | C8: % | D8: 0.1206 | E8: The Market Risk Premium (MRP) represents the difference between the expected return on equities (such as shares in the stock market) and the risk-free rate of return (typically represented by the yield on long-term government bonds, like state bonds). This premium reflects the additional return investors require to compensate for the higher risk of equities compared to risk-free bonds. If data is unavailable for a particular country, the MRP can be estimated by taking the average differences in returns between equities and government bonds in a sample of comparable countries. Adjustments may also be made based on factors like country risk, economic conditions, and market volatility to tailor the MRP estimate more accurately to the specific country. Professor Aswath Damodaran (New York University) provides MRP estimates:https://pages.stern.nyu.edu/~adamodar/
B9: beta (β) | C9: factor | D9: 0.47 | E9: Beta (β) reflects a company's (or sector's) systematic risk relative to the overall market. It measures how the company's (or sector's) returns respond to changes in the broader market returns. Beta is estimated by examining the historical returns of the company or sector compared to market returns, typically through regression analysis on multiyear data. Calculating beta can be complex, often requiring adjustments for company-specific factors like leverage (debt levels) and tax rates to isolate the company's inherent risk. Company betas are often available through research providers (e.g., Bloomberg, Reuters) on a subscription basis. Additionally, Professor Aswath Damodaran (New York University) provides free beta estimates for various sectors (such as utilities and power), available on his website: https://pages.stern.nyu.edu/~adamodar/New_Home_Page/datafile/Betas.html
B10: Return on equity | C10: % | D10: =D6+D7+D9*(D8-D6) -> 0.179472
B11: Revenue Tax rate | C11: % | D11: =28% -> 0.28
B13: WACCpost-tax, nominal | C13: % | D13: =(1-D4)*D10/(1-D11)+D4*D5 -> 0.14478

Sheet 10.Distribution MV RAB 
B2: Regulated Asset Base (RAB) for the regulated electricity distribution MV activity
F4: 1 | G4: 2 | H4: 3 | I4: 4 | J4: 5 | K4: 6 | L4: 7 | M4: 8 | N4: 9 | O4: 10 | P4: 11 | Q4: 12 | R4: 13 | S4: 14 | T4: 15 | U4: 16 | V4: 17 | W4: 18 | X4: 19 | Y4: 20 | Z4: 21 | AA4: 22 | AB4: 23 | AC4: 24 | AD4: 25 | AE4: 26 | AF4: 27 | AG4: 28 | AH4: 29 | AI4: 30
B5: Gross value of assets at the beginning of the year | D5: Total (thousand USD) | E5: =E8 -> 2024 | F5: =F8 -> 2025 | G5: =G8 -> 2026 | H5: =H8 -> 2027 | I5: =I8 -> 2028 | J5: =J8 -> 2029 | K5: =K8 -> 2030 | L5: =L8 -> 2031 | ... AI5: =AI8 -> 2054
B6: Gross value of assets at the beginning of the year | D6: =SUM(E6:AI6) -> 3967 | E6: 0 | F6: =E98 -> 222 | G6: =F98 -> 212.2 | H6: =G98 -> 202.4 | I6: =H98 -> 192.6 | J6: =I98 -> 182.8 | K6: =J98 -> 173 | L6: =K98 -> 163.2 | M6: =L98 -> 153.4 | ... AI6: =AH98 -> 99.8
B8: New Investments | C8: Depreciation rate (%) | D8: Total (thousand USD) | E8: 2024 | F8: =E8+1 -> 2025 | G8: =F8+1 -> 2026 | H8: =G8+1 -> 2027 | I8: =H8+1 -> 2028 | J8: =I8+1 -> 2029 | K8: =J8+1 -> 2030 | L8: =K8+1 -> 2031 | M8: =L8+1 -> 2032 | ... AI8: =AH8+1 -> 2054
B9: Distribution CAPEX MV
B10: Basic preliminary engineering design | C10: 0.03 | D10: =SUM(E10:AI10) -> 9 | E10: 9 | F10: 0 | G10: 0 | H10: 0 | I10: 0 | J10: 0 | L10: 0 | M10: 0 | N10: 0 | O10: 0 | P10: 0 | Q10: 0 | R10: 0 | S10: 0 | T10: 0 | U10: 0 | V10: 0 | W10: 0 | X10: 0 | Y10: 0 | Z10: 0 | AA10: 0 | AB10: 0 | AC10: 0 | AD10: 0 | AE10: 0 | AF10: 0 | AG10: 0 | AH10: 0 | AI10: 0
B11: Detailed preliminary engineering design | C11: 0.03 | D11: =SUM(E11:AI11) -> 9 | E11: 9 | F11: 0 | G11: 0 | H11: 0 | I11: 0 | J11: 0 | K11: 0 | L11: 0 | M11: 0 | N11: 0 | O11: 0 | P11: 0 | Q11: 0 | R11: 0 | S11: 0 | T11: 0 | U11: 0 | V11: 0 | W11: 0 | X11: 0 | Y11: 0 | Z11: 0 | AA11: 0 | AB11: 0 | AC11: 0 | AD11: 0 | AE11: 0 | AF11: 0 | AG11: 0 | AH11: 0 | AI11: 0
B12: Engineering cost | C12: 0.03 | D12: =SUM(E12:AI12) -> 9 | E12: 9 | F12: 0 | G12: 0 | H12: 0 | I12: 0 | J12: 0 | K12: 0 | L12: 0 | M12: 0 | N12: 0 | O12: 0 | P12: 0 | Q12: 0 | R12: 0 | S12: 0 | T12: 0 | U12: 0 | V12: 0 | W12: 0 | X12: 0 | Y12: 0 | Z12: 0 | AA12: 0 | AB12: 0 | AC12: 0 | AD12: 0 | AE12: 0 | AF12: 0 | AG12: 0 | AH12: 0 | AI12: 0
B13: Fees for permits | C13: 0.03 | D13: =SUM(E13:AI13) -> 9 | E13: 9 | F13: 0 | G13: 0 | H13: 0 | I13: 0 | J13: 0 | K13: 0 | L13: 0 | M13: 0 | N13: 0 | O13: 0 | P13: 0 | Q13: 0 | R13: 0 | S13: 0 | T13: 0 | U13: 0 | V13: 0 | W13: 0 | X13: 0 | Y13: 0 | Z13: 0 | AA13: 0 | AB13: 0 | AC13: 0 | AD13: 0 | AE13: 0 | AF13: 0 | AG13: 0 | AH13: 0 | AI13: 0
B14: Environmental and Social Impact Assessments | C14: 0.03 | D14: =SUM(E14:AI14) -> 9 | E14: 9 | F14: 0 | G14: 0 | H14: 0 | I14: 0 | J14: 0 | K14: 0 | L14: 0 | M14: 0 | N14: 0 | O14: 0 | P14: 0 | Q14: 0 | R14: 0 | S14: 0 | T14: 0 | U14: 0 | V14: 0 | W14: 0 | X14: 0 | Y14: 0 | Z14: 0 | AA14: 0 | AB14: 0 | AC14: 0 | AD14: 0 | AE14: 0 | AF14: 0 | AG14: 0 | AH14: 0 | AI14: 0
B15: Distribution line 1-35kV (towers, poles, wires, conductors) | C15: =1/20 -> 0.05 | D15: =SUM(E15:AI15) -> 20 | E15: 10 | F15: 0 | G15: 0 | H15: 0 | I15: 0 | J15: 0 | K15: 0 | L15: 0 | M15: 0 | N15: 0 | O15: 0 | P15: 0 | Q15: 0 | R15: 0 | S15: 0 | T15: 0 | U15: 0 | V15: 0 | W15: 0 | X15: 0 | Y15: 10 | Z15: 0 | AA15: 0 | AB15: 0 | AC15: 0 | AD15: 0 | AE15: 0 | AF15: 0 | AG15: 0 | AH15: 0 | AI15: 0
B16: Feeders (poles, wires, relay and protective equipment) | C16: =1/20 -> 0.05 | D16: =SUM(E16:AI16) -> 20 | E16: 10 | F16: 0 | G16: 0 | H16: 0 | I16: 0 | J16: 0 | K16: 0 | L16: 0 | M16: 0 | N16: 0 | O16: 0 | P16: 0 | Q16: 0 | R16: 0 | S16: 0 | T16: 0 | U16: 0 | V16: 0 | W16: 0 | X16: 0 | Y16: 10 | Z16: 0 | AA16: 0 | AB16: 0 | AC16: 0 | AD16: 0 | AE16: 0 | AF16: 0 | AG16: 0 | AH16: 0 | AI16: 0
B17: Equipment for installation | C17: =1/20 -> 0.05 | D17: =SUM(E17:AI17) -> 20 | E17: 10 | F17: 0 | G17: 0 | H17: 0 | I17: 0 | J17: 0 | K17: 0 | L17: 0 | M17: 0 | N17: 0 | O17: 0 | P17: 0 | Q17: 0 | R17: 0 | S17: 0 | T17: 0 | U17: 0 | V17: 0 | W17: 0 | X17: 0 | Y17: 10 | Z17: 0 | AA17: 0 | AB17: 0 | AC17: 0 | AD17: 0 | AE17: 0 | AF17: 0 | AG17: 0 | AH17: 0 | AI17: 0
B18: Transformers | C18: =1/20 -> 0.05 | D18: =SUM(E18:AI18) -> 20 | E18: 10 | F18: 0 | G18: 0 | H18: 0 | I18: 0 | J18: 0 | K18: 0 | L18: 0 | M18: 0 | N18: 0 | O18: 0 | P18: 0 | Q18: 0 | R18: 0 | S18: 0 | T18: 0 | U18: 0 | V18: 0 | W18: 0 | X18: 0 | Y18: 10 | Z18: 0 | AA18: 0 | AB18: 0 | AC18: 0 | AD18: 0 | AE18: 0 | AF18: 0 | AG18: 0 | AH18: 0 | AI18: 0
B19: Breakers and Switches | C19: =1/20 -> 0.05 | D19: =SUM(E19:AI19) -> 20 | E19: 10 | F19: 0 | G19: 0 | H19: 0 | I19: 0 | J19: 0 | K19: 0 | L19: 0 | M19: 0 | N19: 0 | O19: 0 | P19: 0 | Q19: 0 | R19: 0 | S19: 0 | T19: 0 | U19: 0 | V19: 0 | W19: 0 | X19: 0 | Y19: 10 | Z19: 0 | AA19: 0 | AB19: 0 | AC19: 0 | AD19: 0 | AE19: 0 | AF19: 0 | AG19: 0 | AH19: 0 | AI19: 0
B20: Service lines | C20: =1/25 -> 0.04 | D20: =SUM(E20:AI20) -> 20 | E20: 10 | F20: 0 | G20: 0 | H20: 0 | I20: 0 | J20: 0 | K20: 0 | L20: 0 | M20: 0 | N20: 0 | O20: 0 | P20: 0 | Q20: 0 | R20: 0 | S20: 0 | T20: 0 | U20: 0 | V20: 0 | W20: 0 | X20: 0 | Z20: 0 | AA20: 0 | AB20: 0 | AC20: 0 | AD20: 10 | AE20: 0 | AF20: 0 | AG20: 0 | AH20: 0 | AI20: 0
B21: Installations on Customer Premises | C21: =1/20 -> 0.05 | D21: =SUM(E21:AI21) -> 20 | E21: 10 | F21: 0 | G21: 0 | H21: 0 | I21: 0 | J21: 0 | K21: 0 | L21: 0 | M21: 0 | N21: 0 | O21: 0 | P21: 0 | Q21: 0 | R21: 0 | S21: 0 | T21: 0 | U21: 0 | V21: 0 | W21: 0 | X21: 0 | Y21: 10 | Z21: 0 | AA21: 0 | AB21: 0 | AC21: 0 | AD21: 0 | AE21: 0 | AF21: 0 | AG21: 0 | AH21: 0 | AI21: 0
B22: Meters | C22: =1/20 -> 0.05 | D22: =SUM(E22:AI22) -> 20 | E22: 10 | F22: 0 | G22: 0 | H22: 0 | I22: 0 | J22: 0 | K22: 0 | L22: 0 | M22: 0 | N22: 0 | O22: 0 | P22: 0 | Q22: 0 | R22: 0 | S22: 0 | T22: 0 | U22: 0 | V22: 0 | W22: 0 | X22: 0 | Y22: 10 | Z22: 0 | AA22: 0 | AB22: 0 | AC22: 0 | AD22: 0 | AE22: 0 | AF22: 0 | AG22: 0 | AH22: 0 | AI22: 0
B23: Other (specify) | C23: =1/20 -> 0.05 | D23: =SUM(E23:AI23) -> 20 | E23: 10 | F23: 0 | G23: 0 | H23: 0 | I23: 0 | J23: 0 | K23: 0 | L23: 0 | M23: 0 | N23: 0 | O23: 0 | P23: 0 | Q23: 0 | R23: 0 | S23: 0 | T23: 0 | U23: 0 | V23: 0 | W23: 0 | X23: 0 | Y23: 10 | Z23: 0 | AA23: 0 | AB23: 0 | AC23: 0 | AD23: 0 | AE23: 0 | AF23: 0 | AG23: 0 | AH23: 0 | AI23: 0
B24: Common CAPEX
B25: ='4.CAPEX List'!F3 -> Buildings | C25: =1/20 -> 0.05 | D25: =SUM(E25:AI25) -> 18 | E25: 9 | F25: 0 | G25: 0 | H25: 0 | I25: 0 | J25: 0 | K25: 0 | L25: 0 | M25: 0 | N25: 0 | O25: 0 | P25: 0 | Q25: 0 | R25: 0 | S25: 0 | T25: 0 | U25: 0 | V25: 0 | W25: 0 | X25: 0 | Y25: 9 | Z25: 0 | AA25: 0 | AB25: 0 | AC25: 0 | AD25: 0 | AE25: 0 | AF25: 0 | AG25: 0 | AH25: 0 | AI25: 0
B26: ='4.CAPEX List'!F4 -> IT | C26: =1/20 -> 0.05 | D26: =SUM(E26:AI26) -> 18 | E26: 9 | F26: 0 | G26: 0 | H26: 0 | I26: 0 | J26: 0 | K26: 0 | L26: 0 | M26: 0 | N26: 0 | O26: 0 | P26: 0 | Q26: 0 | R26: 0 | S26: 0 | T26: 0 | U26: 0 | V26: 0 | W26: 0 | X26: 0 | Y26: 9 | Z26: 0 | AA26: 0 | AB26: 0 | AC26: 0 | AD26: 0 | AE26: 0 | AF26: 0 | AG26: 0 | AH26: 0 | AI26: 0
B27: ='4.CAPEX List'!F5 -> Vehicles and other transportation equipment | C27: =1/20 -> 0.05 | D27: =SUM(E27:AI27) -> 18 | E27: 9 | F27: 0 | G27: 0 | H27: 0 | I27: 0 | J27: 0 | K27: 0 | L27: 0 | M27: 0 | N27: 0 | O27: 0 | P27: 0 | Q27: 0 | R27: 0 | S27: 0 | T27: 0 | U27: 0 | V27: 0 | W27: 0 | X27: 0 | Y27: 9 | Z27: 0 | AA27: 0 | AB27: 0 | AC27: 0 | AD27: 0 | AE27: 0 | AF27: 0 | AG27: 0 | AH27: 0 | AI27: 0
B28: ='4.CAPEX List'!F6 -> Furniture, fittings | C28: =1/20 -> 0.05 | D28: =SUM(E28:AI28) -> 18 | E28: 9 | F28: 0 | G28: 0 | H28: 0 | I28: 0 | J28: 0 | K28: 0 | L28: 0 | M28: 0 | N28: 0 | O28: 0 | P28: 0 | Q28: 0 | R28: 0 | S28: 0 | T28: 0 | U28: 0 | V28: 0 | W28: 0 | X28: 0 | Y28: 9 | Z28: 0 | AA28: 0 | AB28: 0 | AC28: 0 | AD28: 0 | AE28: 0 | AF28: 0 | AG28: 0 | AH28: 0 | AI28: 0
B29: ='4.CAPEX List'!F7 -> Computer equipment | C29: =1/20 -> 0.05 | D29: =SUM(E29:AI29) -> 18 | E29: 9 | F29: 0 | G29: 0 | H29: 0 | I29: 0 | J29: 0 | K29: 0 | L29: 0 | M29: 0 | N29: 0 | O29: 0 | P29: 0 | Q29: 0 | R29: 0 | S29: 0 | T29: 0 | U29: 0 | V29: 0 | W29: 0 | X29: 0 | Y29: 9 | Z29: 0 | AA29: 0 | AB29: 0 | AC29: 0 | AD29: 0 | AE29: 0 | AF29: 0 | AG29: 0 | AH29: 0 | AI29: 0
B30: ='4.CAPEX List'!F8 -> Communication equipment | C30: =1/20 -> 0.05 | D30: =SUM(E30:AI30) -> 18 | E30: 9 | F30: 0 | G30: 0 | H30: 0 | I30: 0 | J30: 0 | K30: 0 | L30: 0 | M30: 0 | N30: 0 | O30: 0 | P30: 0 | Q30: 0 | R30: 0 | S30: 0 | T30: 0 | U30: 0 | V30: 0 | W30: 0 | X30: 0 | Y30: 9 | Z30: 0 | AA30: 0 | AB30: 0 | AC30: 0 | AD30: 0 | AE30: 0 | AF30: 0 | AG30: 0 | AH30: 0 | AI30: 0
B31: ='4.CAPEX List'!F9 -> Laboratories | C31: =1/20 -> 0.05 | D31: =SUM(E31:AI31) -> 18 | E31: 9 | F31: 0 | G31: 0 | H31: 0 | I31: 0 | J31: 0 | K31: 0 | L31: 0 | M31: 0 | N31: 0 | O31: 0 | P31: 0 | Q31: 0 | R31: 0 | S31: 0 | T31: 0 | U31: 0 | V31: 0 | W31: 0 | X31: 0 | Y31: 9 | Z31: 0 | AA31: 0 | AB31: 0 | AC31: 0 | AD31: 0 | AE31: 0 | AF31: 0 | AG31: 0 | AH31: 0 | AI31: 0
B32: ='4.CAPEX List'!F10 -> Storage warehouses | C32: =1/20 -> 0.05 | D32: =SUM(E32:AI32) -> 18 | E32: 9 | F32: 0 | G32: 0 | H32: 0 | I32: 0 | J32: 0 | K32: 0 | L32: 0 | M32: 0 | N32: 0 | O32: 0 | P32: 0 | Q32: 0 | R32: 0 | S32: 0 | T32: 0 | U32: 0 | V32: 0 | W32: 0 | X32: 0 | Y32: 9 | Z32: 0 | AA32: 0 | AB32: 0 | AC32: 0 | AD32: 0 | AE32: 0 | AF32: 0 | AG32: 0 | AH32: 0 | AI32: 0
B33: ='4.CAPEX List'!F11 -> Land | C33: 0.03 | D33: =SUM(E33:AI33) -> 15 | E33: 15 | F33: 0 | G33: 0 | H33: 0 | I33: 0 | J33: 0 | K33: 0 | L33: 0 | M33: 0 | N33: 0 | O33: 0 | P33: 0 | Q33: 0 | R33: 0 | S33: 0 | T33: 0 | U33: 0 | V33: 0 | W33: 0 | X33: 0 | Z33: 0 | AA33: 0 | AB33: 0 | AC33: 0 | AD33: 0 | AE33: 0 | AF33: 0 | AG33: 0 | AH33: 0 | AI33: 0
B34: ='4.CAPEX List'!F12 -> Other (specify) | C34: =1/20 -> 0.05 | D34: =SUM(E34:AI34) -> 0 | E34: 0 | F34: 0 | G34: 0 | H34: 0 | I34: 0 | J34: 0 | K34: 0 | L34: 0 | M34: 0 | N34: 0 | O34: 0 | P34: 0 | Q34: 0 | R34: 0 | S34: 0 | T34: 0 | U34: 0 | V34: 0 | W34: 0 | X34: 0 | Y34: 0 | Z34: 0 | AA34: 0 | AB34: 0 | AC34: 0 | AD34: 0 | AE34: 0 | AF34: 0 | AG34: 0 | AH34: 0 | AI34: 0
B35: Total | D35: =SUM(D10:D23,D25:D34) -> 384 | E35: =SUM(E10:E23,E25:E34) -> 222 | F35: =SUM(F10:F23,F25:F34) -> 0 | G35: =SUM(G10:G23,G25:G34) -> 0 | H35: =SUM(H10:H23,H25:H34) -> 0 | I35: =SUM(I10:I23,I25:I34) -> 0 | J35: =SUM(J10:J23,J25:J34) -> 0 | K35: =SUM(K10:K23,K25:K34) -> 0 | ... AI35: =SUM(AI10:AI23,AI25:AI34) -> 0
B37: Value of Disposals | C37: Depreciation rate (%) | D37: Total (thousand USD) | E37: 2024 | F37: =E37+1 -> 2025 | G37: =F37+1 -> 2026 | H37: =G37+1 -> 2027 | I37: =H37+1 -> 2028 | J37: =I37+1 -> 2029 | K37: =J37+1 -> 2030 | L37: =K37+1 -> 2031 | M37: =L37+1 -> 2032 | ... AI37: =AH37+1 -> 2054
B38: =B9 -> Distribution CAPEX MV
B39: =B10 -> Basic preliminary engineering design | C39: n/a | D39: =SUM(E39:AI39) -> 0 | F39: 0 | G39: 0 | I39: 0 | J39: 0 | L39: 0 | M39: 0 | N39: 0 | P39: 0 | Q39: 0 | R39: 0 | S39: 0 | T39: 0 | U39: 0 | V39: 0 | W39: 0 | Y39: 0 | Z39: 0 | AA39: 0 | AB39: 0 | AC39: 0 | AD39: 0 | AE39: 0 | AF39: 0 | AG39: 0 | AH39: 0 | AI39: 0
B40: =B11 -> Detailed preliminary engineering design | D40: =SUM(E40:AI40) -> 0 | E40: 0 | F40: 0 | G40: 0 | H40: 0 | I40: 0 | J40: 0 | K40: 0 | L40: 0 | M40: 0 | N40: 0 | O40: 0 | P40: 0 | Q40: 0 | R40: 0 | S40: 0 | T40: 0 | U40: 0 | V40: 0 | W40: 0 | X40: 0 | Y40: 0 | Z40: 0 | AA40: 0 | AB40: 0 | AC40: 0 | AD40: 0 | AE40: 0 | AF40: 0 | AG40: 0 | AH40: 0 | AI40: 0
B41: =B12 -> Engineering cost | D41: =SUM(E41:AI41) -> 0 | E41: 0 | F41: 0 | G41: 0 | H41: 0 | I41: 0 | J41: 0 | K41: 0 | L41: 0 | M41: 0 | N41: 0 | O41: 0 | P41: 0 | Q41: 0 | R41: 0 | S41: 0 | T41: 0 | U41: 0 | V41: 0 | W41: 0 | X41: 0 | Y41: 0 | Z41: 0 | AA41: 0 | AB41: 0 | AC41: 0 | AD41: 0 | AE41: 0 | AF41: 0 | AG41: 0 | AH41: 0 | AI41: 0
B42: =B13 -> Fees for permits | D42: =SUM(E42:AI42) -> 0 | E42: 0 | F42: 0 | G42: 0 | H42: 0 | I42: 0 | J42: 0 | K42: 0 | L42: 0 | M42: 0 | N42: 0 | O42: 0 | P42: 0 | Q42: 0 | R42: 0 | S42: 0 | T42: 0 | U42: 0 | V42: 0 | W42: 0 | X42: 0 | Y42: 0 | Z42: 0 | AA42: 0 | AB42: 0 | AC42: 0 | AD42: 0 | AE42: 0 | AF42: 0 | AG42: 0 | AH42: 0 | AI42: 0
B43: =B14 -> Environmental and Social Impact Assessments | D43: =SUM(E43:AI43) -> 0 | E43: 0 | F43: 0 | G43: 0 | H43: 0 | I43: 0 | J43: 0 | K43: 0 | L43: 0 | M43: 0 | N43: 0 | O43: 0 | P43: 0 | Q43: 0 | R43: 0 | S43: 0 | T43: 0 | U43: 0 | V43: 0 | W43: 0 | X43: 0 | Y43: 0 | Z43: 0 | AA43: 0 | AB43: 0 | AC43: 0 | AD43: 0 | AE43: 0 | AF43: 0 | AG43: 0 | AH43: 0 | AI43: 0
B44: =B15 -> Distribution line 1-35kV (towers, poles, wires, conductors) | D44: =SUM(E44:AI44) -> 0 | E44: 0 | F44: 0 | G44: 0 | H44: 0 | I44: 0 | J44: 0 | K44: 0 | L44: 0 | M44: 0 | N44: 0 | O44: 0 | P44: 0 | Q44: 0 | R44: 0 | S44: 0 | T44: 0 | U44: 0 | V44: 0 | W44: 0 | Y44: 0 | Z44: 0 | AA44: 0 | AB44: 0 | AC44: 0 | AD44: 0 | AE44: 0 | AF44: 0 | AG44: 0 | AH44: 0 | AI44: 0
B45: =B16 -> Feeders (poles, wires, relay and protective equipment) | D45: =SUM(E45:AI45) -> 0 | E45: 0 | F45: 0 | G45: 0 | H45: 0 | I45: 0 | J45: 0 | K45: 0 | L45: 0 | M45: 0 | N45: 0 | O45: 0 | P45: 0 | Q45: 0 | R45: 0 | S45: 0 | T45: 0 | U45: 0 | V45: 0 | W45: 0 | X45: 0 | Y45: 0 | Z45: 0 | AA45: 0 | AB45: 0 | AC45: 0 | AD45: 0 | AE45: 0 | AF45: 0 | AG45: 0 | AH45: 0 | AI45: 0
B46: =B17 -> Equipment for installation | D46: =SUM(E46:AI46) -> 0 | E46: 0 | F46: 0 | G46: 0 | H46: 0 | I46: 0 | J46: 0 | K46: 0 | L46: 0 | M46: 0 | N46: 0 | O46: 0 | P46: 0 | Q46: 0 | R46: 0 | S46: 0 | T46: 0 | U46: 0 | V46: 0 | W46: 0 | X46: 0 | Y46: 0 | Z46: 0 | AA46: 0 | AB46: 0 | AC46: 0 | AD46: 0 | AE46: 0 | AF46: 0 | AG46: 0 | AH46: 0 | AI46: 0
B47: =B18 -> Transformers | D47: =SUM(E47:AI47) -> 0 | E47: 0 | F47: 0 | G47: 0 | H47: 0 | I47: 0 | J47: 0 | K47: 0 | L47: 0 | M47: 0 | N47: 0 | O47: 0 | P47: 0 | Q47: 0 | R47: 0 | S47: 0 | T47: 0 | U47: 0 | V47: 0 | W47: 0 | X47: 0 | Y47: 0 | Z47: 0 | AA47: 0 | AB47: 0 | AC47: 0 | AD47: 0 | AE47: 0 | AF47: 0 | AG47: 0 | AH47: 0 | AI47: 0
B48: =B19 -> Breakers and Switches | D48: =SUM(E48:AI48) -> 0 | E48: 0 | F48: 0 | G48: 0 | H48: 0 | I48: 0 | J48: 0 | K48: 0 | L48: 0 | M48: 0 | N48: 0 | O48: 0 | P48: 0 | Q48: 0 | R48: 0 | S48: 0 | T48: 0 | U48: 0 | V48: 0 | W48: 0 | X48: 0 | Y48: 0 | Z48: 0 | AA48: 0 | AB48: 0 | AC48: 0 | AD48: 0 | AE48: 0 | AF48: 0 | AG48: 0 | AH48: 0 | AI48: 0
B49: =B20 -> Service lines | D49: =SUM(E49:AI49) -> 0 | E49: 0 | F49: 0 | G49: 0 | H49: 0 | I49: 0 | J49: 0 | K49: 0 | L49: 0 | M49: 0 | N49: 0 | O49: 0 | P49: 0 | Q49: 0 | R49: 0 | S49: 0 | T49: 0 | U49: 0 | V49: 0 | W49: 0 | X49: 0 | Y49: 0 | Z49: 0 | AA49: 0 | AB49: 0 | AC49: 0 | AD49: 0 | AE49: 0 | AF49: 0 | AG49: 0 | AH49: 0 | AI49: 0
B50: =B21 -> Installations on Customer Premises | D50: =SUM(E50:AI50) -> 0 | E50: 0 | F50: 0 | G50: 0 | H50: 0 | I50: 0 | J50: 0 | K50: 0 | M50: 0 | N50: 0 | O50: 0 | P50: 0 | Q50: 0 | R50: 0 | S50: 0 | T50: 0 | U50: 0 | V50: 0 | W50: 0 | X50: 0 | Y50: 0 | Z50: 0 | AA50: 0 | AB50: 0 | AC50: 0 | AD50: 0 | AE50: 0 | AF50: 0 | AG50: 0 | AH50: 0 | AI50: 0
B51: =B22 -> Meters | D51: =SUM(E51:AI51) -> 0 | E51: 0 | F51: 0 | G51: 0 | H51: 0 | I51: 0 | J51: 0 | K51: 0 | L51: 0 | M51: 0 | N51: 0 | O51: 0 | P51: 0 | Q51: 0 | R51: 0 | S51: 0 | T51: 0 | U51: 0 | V51: 0 | W51: 0 | X51: 0 | Y51: 0 | Z51: 0 | AA51: 0 | AB51: 0 | AC51: 0 | AD51: 0 | AE51: 0 | AF51: 0 | AG51: 0 | AH51: 0 | AI51: 0
B52: =B23 -> Other (specify) | D52: =SUM(E52:AI52) -> 0 | E52: 0 | F52: 0 | G52: 0 | H52: 0 | I52: 0 | J52: 0 | K52: 0 | M52: 0 | N52: 0 | O52: 0 | P52: 0 | Q52: 0 | R52: 0 | S52: 0 | T52: 0 | U52: 0 | V52: 0 | W52: 0 | X52: 0 | Y52: 0 | Z52: 0 | AA52: 0 | AB52: 0 | AC52: 0 | AD52: 0 | AE52: 0 | AF52: 0 | AG52: 0 | AH52: 0 | AI52: 0
B53: Common CAPEX
B54: =B25 -> Buildings | C54: n/a | D54: =SUM(E54:AI54) -> 0 | E54: 0 | F54: 0 | G54: 0 | H54: 0 | I54: 0 | J54: 0 | K54: 0 | L54: 0 | M54: 0 | N54: 0 | O54: 0 | P54: 0 | Q54: 0 | R54: 0 | S54: 0 | T54: 0 | U54: 0 | V54: 0 | W54: 0 | X54: 0 | Y54: 0 | Z54: 0 | AA54: 0 | AB54: 0 | AC54: 0 | AD54: 0 | AE54: 0 | AF54: 0 | AG54: 0 | AH54: 0 | AI54: 0
B55: =B26 -> IT | D55: =SUM(E55:AI55) -> 0 | E55: 0 | F55: 0 | G55: 0 | H55: 0 | I55: 0 | J55: 0 | K55: 0 | L55: 0 | M55: 0 | N55: 0 | O55: 0 | P55: 0 | Q55: 0 | R55: 0 | S55: 0 | T55: 0 | U55: 0 | V55: 0 | W55: 0 | X55: 0 | Y55: 0 | Z55: 0 | AA55: 0 | AB55: 0 | AC55: 0 | AD55: 0 | AE55: 0 | AF55: 0 | AG55: 0 | AH55: 0 | AI55: 0
B56: =B27 -> Vehicles and other transportation equipment | D56: =SUM(E56:AI56) -> 0 | E56: 0 | F56: 0 | G56: 0 | H56: 0 | I56: 0 | J56: 0 | K56: 0 | L56: 0 | M56: 0 | N56: 0 | O56: 0 | P56: 0 | Q56: 0 | R56: 0 | S56: 0 | T56: 0 | U56: 0 | V56: 0 | W56: 0 | X56: 0 | Y56: 0 | Z56: 0 | AA56: 0 | AB56: 0 | AC56: 0 | AD56: 0 | AE56: 0 | AF56: 0 | AG56: 0 | AH56: 0 | AI56: 0
B57: =B28 -> Furniture, fittings | D57: =SUM(E57:AI57) -> 0 | E57: 0 | F57: 0 | G57: 0 | H57: 0 | I57: 0 | J57: 0 | K57: 0 | L57: 0 | M57: 0 | N57: 0 | O57: 0 | P57: 0 | Q57: 0 | R57: 0 | S57: 0 | T57: 0 | U57: 0 | V57: 0 | W57: 0 | X57: 0 | Y57: 0 | Z57: 0 | AA57: 0 | AB57: 0 | AC57: 0 | AD57: 0 | AE57: 0 | AF57: 0 | AG57: 0 | AH57: 0 | AI57: 0
B58: =B29 -> Computer equipment | D58: =SUM(E58:AI58) -> 0 | E58: 0 | F58: 0 | G58: 0 | H58: 0 | I58: 0 | J58: 0 | K58: 0 | L58: 0 | M58: 0 | N58: 0 | O58: 0 | P58: 0 | Q58: 0 | R58: 0 | S58: 0 | T58: 0 | U58: 0 | V58: 0 | W58: 0 | X58: 0 | Y58: 0 | Z58: 0 | AA58: 0 | AB58: 0 | AC58: 0 | AD58: 0 | AE58: 0 | AF58: 0 | AG58: 0 | AH58: 0 | AI58: 0
B59: =B30 -> Communication equipment | D59: =SUM(E59:AI59) -> 0 | E59: 0 | F59: 0 | G59: 0 | H59: 0 | I59: 0 | J59: 0 | K59: 0 | L59: 0 | M59: 0 | N59: 0 | O59: 0 | P59: 0 | Q59: 0 | R59: 0 | S59: 0 | T59: 0 | U59: 0 | V59: 0 | W59: 0 | X59: 0 | Y59: 0 | Z59: 0 | AA59: 0 | AB59: 0 | AC59: 0 | AD59: 0 | AE59: 0 | AF59: 0 | AG59: 0 | AH59: 0 | AI59: 0
B60: =B31 -> Laboratories | D60: =SUM(E60:AI60) -> 0 | E60: 0 | F60: 0 | G60: 0 | H60: 0 | I60: 0 | J60: 0 | K60: 0 | L60: 0 | M60: 0 | N60: 0 | O60: 0 | P60: 0 | Q60: 0 | R60: 0 | S60: 0 | T60: 0 | U60: 0 | V60: 0 | W60: 0 | X60: 0 | Y60: 0 | Z60: 0 | AA60: 0 | AB60: 0 | AC60: 0 | AD60: 0 | AE60: 0 | AF60: 0 | AG60: 0 | AH60: 0 | AI60: 0
B61: =B32 -> Storage warehouses | D61: =SUM(E61:AI61) -> 0 | E61: 0 | F61: 0 | G61: 0 | H61: 0 | I61: 0 | J61: 0 | K61: 0 | L61: 0 | M61: 0 | N61: 0 | O61: 0 | P61: 0 | Q61: 0 | R61: 0 | S61: 0 | T61: 0 | U61: 0 | V61: 0 | W61: 0 | X61: 0 | Y61: 0 | Z61: 0 | AA61: 0 | AB61: 0 | AC61: 0 | AD61: 0 | AE61: 0 | AF61: 0 | AG61: 0 | AH61: 0 | AI61: 0
B62: =B33 -> Land | D62: =SUM(E62:AI62) -> 0 | E62: 0 | F62: 0 | G62: 0 | H62: 0 | I62: 0 | J62: 0 | K62: 0 | L62: 0 | M62: 0 | N62: 0 | O62: 0 | P62: 0 | Q62: 0 | R62: 0 | S62: 0 | T62: 0 | U62: 0 | V62: 0 | W62: 0 | X62: 0 | Y62: 0 | Z62: 0 | AA62: 0 | AB62: 0 | AC62: 0 | AD62: 0 | AE62: 0 | AF62: 0 | AG62: 0 | AH62: 0 | AI62: 0
B63: =B34 -> Other (specify) | D63: =SUM(E63:AI63) -> 0 | E63: 0 | F63: 0 | G63: 0 | H63: 0 | I63: 0 | J63: 0 | K63: 0 | L63: 0 | M63: 0 | N63: 0 | O63: 0 | P63: 0 | Q63: 0 | R63: 0 | S63: 0 | T63: 0 | U63: 0 | V63: 0 | W63: 0 | X63: 0 | Y63: 0 | Z63: 0 | AA63: 0 | AB63: 0 | AC63: 0 | AD63: 0 | AE63: 0 | AF63: 0 | AG63: 0 | AH63: 0 | AI63: 0
B64: Total | D64: =SUM(D39:D52,D54:D63) -> 0 | E64: =SUM(E39:E52,E54:E63) -> 0 | F64: =SUM(F39:F52,F54:F63) -> 0 | G64: =SUM(G39:G52,G54:G63) -> 0 | H64: =SUM(H39:H52,H54:H63) -> 0 | I64: =SUM(I39:I52,I54:I63) -> 0 | J64: =SUM(J39:J52,J54:J63) -> 0 | K64: =SUM(K39:K52,K54:K63) -> 0 | ... AI64: =SUM(AI39:AI52,AI54:AI63) -> 0
B66: Depreciation | C66: Depreciation rate (%) | D66: Total (thousand USD) | E66: =E37 -> 2024 | F66: =F37 -> 2025 | G66: =G37 -> 2026 | H66: =H37 -> 2027 | I66: =I37 -> 2028 | J66: =J37 -> 2029 | K66: =K37 -> 2030 | L66: =L37 -> 2031 | ... AI66: =AI37 -> 2054
B67: =B9 -> Distribution CAPEX MV
B68: =B10 -> Basic preliminary engineering design | C68: n/a | D68: =SUM(E68:AI68) -> 8.1 | E68: 0 | F68: =IF(E39>E10,0,IF(AND(E39=E10,E68=0),0,IF($E$10*$C$10*F$4>$E$10,0,$E$10*$C$10))) -> 0.27 | G68: =IF(F39>F10,0,IF(AND(F39=F10,F68=0),0,IF($E$10*$C$10*G$4>$E$10,0,$E$10*$C$10)+IF($F$10*$C$10*F$4>$F$10,0,$F$10*$C$10))) -> 0.27 | H68: =IF(G39>G10,0,IF(AND(G39=G10,G68=0),0,IF($E$10*$C$10*H$4>$E$10,0,$E$10*$C$10)+IF($F$10*$C$10*G$4>$F$10,0,$F$10*$C$10)+IF($G$10*$C$10*F$4>$G$10,0,$G$10*$C$10))) -> 0.27 | I68: =IF(H39>H10,0,IF(AND(H39=H10,H68=0),0,IF($E$10*$C$10*I$4>$E$10,0,$E$10*$C$10)+IF($F$10*$C$10*H$4>$F$10,0,$F$10*$C$10)+IF($G$10*$C$10*G$4>$G$10,0,$G$10*$C$10)+IF($H$10*$C$10*F$4>$H$10,0,$H$10*$C$10))) -> 0.27 | J68: =IF(I39>I10,0,IF(AND(I39=I10,I68=0),0,IF($E$10*$C$10*J$4>$E$10,0,$E$10*$C$10)+IF($F$10*$C$10*I$4>$F$10,0,$F$10*$C$10)+IF($G$10*$C$10*H$4>$G$10,0,$G$10*$C$10)+IF($H$10*$C$10*G$4>$H$10,0,$H$10*$C$10)+IF($I$10*$C$10*F$4>$I$10,0,$I$10*$C$10))) -> 0.27 | K68: =IF(J39>J10,0,IF(AND(J39=J10,J68=0),0,IF($E$10*$C$10*K$4>$E$10,0,$E$10*$C$10)+IF($F$10*$C$10*J$4>$F$10,0,$F$10*$C$10)+IF($G$10*$C$10*I$4>$G$10,0,$G$10*$C$10)+IF($H$10*$C$10*H$4>$H$10,0,$H$10*$C$10)+IF($I$10*$C$10*G$4>$I$10,0,$I$10*$C$10)+IF($J$10*$C$10*F$4>$J$10,0,$J$10*$C$10))) -> 0.27 | L68: =IF(K39>K10,0,IF(AND(K39=K10,K68=0),0,IF($E$10*$C$10*L$4>$E$10,0,$E$10*$C$10)+IF($F$10*$C$10*K$4>$F$10,0,$F$10*$C$10)+IF($G$10*$C$10*J$4>$G$10,0,$G$10*$C$10)+IF($H$10*$C$10*I$4>$H$10,0,$H$10*$C$10)+IF($I$10*$C$10*H$4>$I$10,0,$I$10*$C$10)+IF($J$10*$C$10*G$4>$J$10,0,$J$10*$C$10)+IF($K$10*$C$10*F$4>$K$10,0,$K$10*$C$10))) -> 0.27 | M68: =IF(L39>L10,0,IF(AND(L39=L10,L68=0),0,IF($E$10*$C$10*M$4>$E$10,0,$E$10*$C$10)+IF($F$10*$C$10*L$4>$F$10,0,$F$10*$C$10)+IF($G$10*$C$10*K$4>$G$10,0,$G$10*$C$10)+IF($H$10*$C$10*J$4>$H$10,0,$H$10*$C$10)+IF($I$10*$C$10*I$4>$I$10,0,$I$10*$C$10)+IF($J$10*$C$10*H$4>$J$10,0,$J$10*$C$10)+IF($K$10*$C$10*G$4>$K$10,0,$K$10*$C$10)+IF($L$10*$C$10*F$4>$L$10,0,$L$10*$C$10))) -> 0.27 | N68: =IF(M39>M10,0,IF(AND(M39=M10,M68=0),0,IF($E$10*$C$10*N$4>$E$10,0,$E$10*$C$10)+IF($F$10*$C$10*M$4>$F$10,0,$F$10*$C$10)+IF($G$10*$C$10*L$4>$G$10,0,$G$10*$C$10)+IF($H$10*$C$10*K$4>$H$10,0,$H$10*$C$10)+IF($I$10*$C$10*J$4>$I$10,0,$I$10*$C$10)+IF($J$10*$C$10*I$4>$J$10,0,$J$10*$C$10)+IF($K$10*$C$10*H$4>$K$10,0,$K$10*$C$10)+IF($L$10*$C$10*G$4>$L$10,0,$L$10*$C$10)+IF($M$10*$C$10*F$4>$M$10,0,$M$10*$C$10))) -> 0.27 | O68: =IF(N39>N10,0,IF(AND(N39=N10,N68=0),0,IF($E$10*$C$10*O$4>$E$10,0,$E$10*$C$10)+IF($F$10*$C$10*N$4>$F$10,0,$F$10*$C$10)+IF($G$10*$C$10*M$4>$G$10,0,$G$10*$C$10)+IF($H$10*$C$10*L$4>$H$10,0,$H$10*$C$10)+IF($I$10*$C$10*K$4>$I$10,0,$I$10*$C$10)+IF($J$10*$C$10*J$4>$J$10,0,$J$10*$C$10)+IF($K$10*$C$10*I$4>$K$10,0,$K$10*$C$10)+IF($L$10*$C$10*H$4>$L$10,0,$L$10*$C$10)+IF($M$10*$C$10*G$4>$M$10,0,$M$10*$C$10)+IF($N$10*$C$10*F$4>$N$10,0,$N$10*$C$10))) -> 0.27 | P68: =IF(O39>O10,0,IF(AND(O39=O10,O68=0),0,IF($E$10*$C$10*P$4>$E$10,0,$E$10*$C$10)+IF($F$10*$C$10*O$4>$F$10,0,$F$10*$C$10)+IF($G$10*$C$10*N$4>$G$10,0,$G$10*$C$10)+IF($H$10*$C$10*M$4>$H$10,0,$H$10*$C$10)+IF($I$10*$C$10*L$4>$I$10,0,$I$10*$C$10)+IF($J$10*$C$10*K$4>$J$10,0,$J$10*$C$10)+IF($K$10*$C$10*J$4>$K$10,0,$K$10*$C$10)+IF($L$10*$C$10*I$4>$L$10,0,$L$10*$C$10)+IF($M$10*$C$10*H$4>$M$10,0,$M$10*$C$10)+IF($N$10*$C$10*G$4>$N$10,0,$N$10*$C$10)+IF($O$10*$C$10*F$4>$O$10,0,$O$10*$C$10))) -> 0.27 | Q68: =IF(P39>P10,0,IF(AND(P39=P10,P68=0),0,IF($E$10*$C$10*Q$4>$E$10,0,$E$10*$C$10)+IF($F$10*$C$10*P$4>$F$10,0,$F$10*$C$10)+IF($G$10*$C$10*O$4>$G$10,0,$G$10*$C$10)+IF($H$10*$C$10*N$4>$H$10,0,$H$10*$C$10)+IF($I$10*$C$10*M$4>$I$10,0,$I$10*$C$10)+IF($J$10*$C$10*L$4>$J$10,0,$J$10*$C$10)+IF($K$10*$C$10*K$4>$K$10,0,$K$10*$C$10)+IF($L$10*$C$10*J$4>$L$10,0,$L$10*$C$10)+IF($M$10*$C$10*I$4>$M$10,0,$M$10*$C$10)+IF($N$10*$C$10*H$4>$N$10,0,$N$10*$C$10)+IF($O$10*$C$10*G$4>$O$10,0,$O$10*$C$10)+IF($P$10*$C$10*F$4>$P$10,0,$P$10*$C$10))) -> 0.27 | R68: =IF(Q39>Q10,0,IF(AND(Q39=Q10,Q68=0),0,IF($E$10*$C$10*R$4>$E$10,0,$E$10*$C$10)+IF($F$10*$C$10*Q$4>$F$10,0,$F$10*$C$10)+IF($G$10*$C$10*P$4>$G$10,0,$G$10*$C$10)+IF($H$10*$C$10*O$4>$H$10,0,$H$10*$C$10)+IF($I$10*$C$10*N$4>$I$10,0,$I$10*$C$10)+IF($J$10*$C$10*M$4>$J$10,0,$J$10*$C$10)+IF($K$10*$C$10*L$4>$K$10,0,$K$10*$C$10)+IF($L$10*$C$10*K$4>$L$10,0,$L$10*$C$10)+IF($M$10*$C$10*J$4>$M$10,0,$M$10*$C$10)+IF($N$10*$C$10*I$4>$N$10,0,$N$10*$C$10)+IF($O$10*$C$10*H$4>$O$10,0,$O$10*$C$10)+IF($P$10*$C$10*G$4>$P$10,0,$P$10*$C$10)+IF($Q$10*$C$10*F$4>$Q$10,0,$Q$10*$C$10))) -> 0.27 | S68: =IF(R39>R10,0,IF(AND(R39=R10,R68=0),0,IF($E$10*$C$10*S$4>$E$10,0,$E$10*$C$10)+IF($F$10*$C$10*R$4>$F$10,0,$F$10*$C$10)+IF($G$10*$C$10*Q$4>$G$10,0,$G$10*$C$10)+IF($H$10*$C$10*P$4>$H$10,0,$H$10*$C$10)+IF($I$10*$C$10*O$4>$I$10,0,$I$10*$C$10)+IF($J$10*$C$10*N$4>$J$10,0,$J$10*$C$10)+IF($K$10*$C$10*M$4>$K$10,0,$K$10*$C$10)+IF($L$10*$C$10*L$4>$L$10,0,$L$10*$C$10)+IF($M$10*$C$10*K$4>$M$10,0,$M$10*$C$10)+IF($N$10*$C$10*J$4>$N$10,0,$N$10*$C$10)+IF($O$10*$C$10*I$4>$O$10,0,$O$10*$C$10)+IF($P$10*$C$10*H$4>$P$10,0,$P$10*$C$10)+IF($Q$10*$C$10*G$4>$Q$10,0,$Q$10*$C$10)+IF($R$10*$C$10*F$4>$R$10,0,$R$10*$C$10))) -> 0.27 | T68: =IF(S39>S10,0,IF(AND(S39=S10,S68=0),0,IF($E$10*$C$10*T$4>$E$10,0,$E$10*$C$10)+IF($F$10*$C$10*S$4>$F$10,0,$F$10*$C$10)+IF($G$10*$C$10*R$4>$G$10,0,$G$10*$C$10)+IF($H$10*$C$10*Q$4>$H$10,0,$H$10*$C$10)+IF($I$10*$C$10*P$4>$I$10,0,$I$10*$C$10)+IF($J$10*$C$10*O$4>$J$10,0,$J$10*$C$10)+IF($K$10*$C$10*N$4>$K$10,0,$K$10*$C$10)+IF($L$10*$C$10*M$4>$L$10,0,$L$10*$C$10)+IF($M$10*$C$10*L$4>$M$10,0,$M$10*$C$10)+IF($N$10*$C$10*K$4>$N$10,0,$N$10*$C$10)+IF($O$10*$C$10*J$4>$O$10,0,$O$10*$C$10)+IF($P$10*$C$10*I$4>$P$10,0,$P$10*$C$10)+IF($Q$10*$C$10*H$4>$Q$10,0,$Q$10*$C$10)+IF($R$10*$C$10*G$4>$R$10,0,$R$10*$C$10)+IF($S$10*$C$10*F$4>$S$10,0,$S$10*$C$10))) -> 0.27 | U68: =IF(T39>T10,0,IF(AND(T39=T10,T68=0),0,IF($E$10*$C$10*U$4>$E$10,0,$E$10*$C$10)+IF($F$10*$C$10*T$4>$F$10,0,$F$10*$C$10)+IF($G$10*$C$10*S$4>$G$10,0,$G$10*$C$10)+IF($H$10*$C$10*R$4>$H$10,0,$H$10*$C$10)+IF($I$10*$C$10*Q$4>$I$10,0,$I$10*$C$10)+IF($J$10*$C$10*P$4>$J$10,0,$J$10*$C$10)+IF($K$10*$C$10*O$4>$K$10,0,$K$10*$C$10)+IF($L$10*$C$10*N$4>$L$10,0,$L$10*$C$10)+IF($M$10*$C$10*M$4>$M$10,0,$M$10*$C$10)+IF($N$10*$C$10*L$4>$N$10,0,$N$10*$C$10)+IF($O$10*$C$10*K$4>$O$10,0,$O$10*$C$10)+IF($P$10*$C$10*J$4>$P$10,0,$P$10*$C$10)+IF($Q$10*$C$10*I$4>$Q$10,0,$Q$10*$C$10)+IF($R$10*$C$10*H$4>$R$10,0,$R$10*$C$10)+IF($S$10*$C$10*G$4>$S$10,0,$S$10*$C$10)+IF($T$10*$C$10*F$4>$T$10,0,$T$10*$C$10))) -> 0.27 | V68: =IF(U39>U10,0,IF(AND(U39=U10,U68=0),0,IF($E$10*$C$10*V$4>$E$10,0,$E$10*$C$10)+IF($F$10*$C$10*U$4>$F$10,0,$F$10*$C$10)+IF($G$10*$C$10*T$4>$G$10,0,$G$10*$C$10)+IF($H$10*$C$10*S$4>$H$10,0,$H$10*$C$10)+IF($I$10*$C$10*R$4>$I$10,0,$I$10*$C$10)+IF($J$10*$C$10*Q$4>$J$10,0,$J$10*$C$10)+IF($K$10*$C$10*P$4>$K$10,0,$K$10*$C$10)+IF($L$10*$C$10*O$4>$L$10,0,$L$10*$C$10)+IF($M$10*$C$10*N$4>$M$10,0,$M$10*$C$10)+IF($N$10*$C$10*M$4>$N$10,0,$N$10*$C$10)+IF($O$10*$C$10*L$4>$O$10,0,$O$10*$C$10)+IF($P$10*$C$10*K$4>$P$10,0,$P$10*$C$10)+IF($Q$10*$C$10*J$4>$Q$10,0,$Q$10*$C$10)+IF($R$10*$C$10*I$4>$R$10,0,$R$10*$C$10)+IF($S$10*$C$10*H$4>$S$10,0,$S$10*$C$10)+IF($T$10*$C$10*G$4>$T$10,0,$T$10*$C$10)+IF($U$10*$C$10*F$4>$U$10,0,$U$10*$C$10))) -> 0.27 | W68: =IF(V39>V10,0,IF(AND(V39=V10,V68=0),0,IF($E$10*$C$10*W$4>$E$10,0,$E$10*$C$10)+IF($F$10*$C$10*V$4>$F$10,0,$F$10*$C$10)+IF($G$10*$C$10*U$4>$G$10,0,$G$10*$C$10)+IF($H$10*$C$10*T$4>$H$10,0,$H$10*$C$10)+IF($I$10*$C$10*S$4>$I$10,0,$I$10*$C$10)+IF($J$10*$C$10*R$4>$J$10,0,$J$10*$C$10)+IF($K$10*$C$10*Q$4>$K$10,0,$K$10*$C$10)+IF($L$10*$C$10*P$4>$L$10,0,$L$10*$C$10)+IF($M$10*$C$10*O$4>$M$10,0,$M$10*$C$10)+IF($N$10*$C$10*N$4>$N$10,0,$N$10*$C$10)+IF($O$10*$C$10*M$4>$O$10,0,$O$10*$C$10)+IF($P$10*$C$10*L$4>$P$10,0,$P$10*$C$10)+IF($Q$10*$C$10*K$4>$Q$10,0,$Q$10*$C$10)+IF($R$10*$C$10*J$4>$R$10,0,$R$10*$C$10)+IF($S$10*$C$10*I$4>$S$10,0,$S$10*$C$10)+IF($T$10*$C$10*H$4>$T$10,0,$T$10*$C$10)+IF($U$10*$C$10*G$4>$U$10,0,$U$10*$C$10)+IF($V$10*$C$10*F$4>$V$10,0,$V$10*$C$10))) -> 0.27 | X68: =IF(W39>W10,0,IF(AND(W39=W10,W68=0),0,IF($E$10*$C$10*X$4>$E$10,0,$E$10*$C$10)+IF($F$10*$C$10*W$4>$F$10,0,$F$10*$C$10)+IF($G$10*$C$10*V$4>$G$10,0,$G$10*$C$10)+IF($H$10*$C$10*U$4>$H$10,0,$H$10*$C$10)+IF($I$10*$C$10*T$4>$I$10,0,$I$10*$C$10)+IF($J$10*$C$10*S$4>$J$10,0,$J$10*$C$10)+IF($K$10*$C$10*R$4>$K$10,0,$K$10*$C$10)+IF($L$10*$C$10*Q$4>$L$10,0,$L$10*$C$10)+IF($M$10*$C$10*P$4>$M$10,0,$M$10*$C$10)+IF($N$10*$C$10*O$4>$N$10,0,$N$10*$C$10)+IF($O$10*$C$10*N$4>$O$10,0,$O$10*$C$10)+IF($P$10*$C$10*M$4>$P$10,0,$P$10*$C$10)+IF($Q$10*$C$10*L$4>$Q$10,0,$Q$10*$C$10)+IF($R$10*$C$10*K$4>$R$10,0,$R$10*$C$10)+IF($S$10*$C$10*J$4>$S$10,0,$S$10*$C$10)+IF($T$10*$C$10*I$4>$T$10,0,$T$10*$C$10)+IF($U$10*$C$10*H$4>$U$10,0,$U$10*$C$10)+IF($V$10*$C$10*G$4>$V$10,0,$V$10*$C$10)+IF($W$10*$C$10*F$4>$W$10,0,$W$10*$C$10))) -> 0.27 | Y68: =IF(X39>X10,0,IF(AND(X39=X10,X68=0),0,IF($E$10*$C$10*Y$4>$E$10,0,$E$10*$C$10)+IF($F$10*$C$10*X$4>$F$10,0,$F$10*$C$10)+IF($G$10*$C$10*W$4>$G$10,0,$G$10*$C$10)+IF($H$10*$C$10*V$4>$H$10,0,$H$10*$C$10)+IF($I$10*$C$10*U$4>$I$10,0,$I$10*$C$10)+IF($J$10*$C$10*T$4>$J$10,0,$J$10*$C$10)+IF($K$10*$C$10*S$4>$K$10,0,$K$10*$C$10)+IF($L$10*$C$10*R$4>$L$10,0,$L$10*$C$10)+IF($M$10*$C$10*Q$4>$M$10,0,$M$10*$C$10)+IF($N$10*$C$10*P$4>$N$10,0,$N$10*$C$10)+IF($O$10*$C$10*O$4>$O$10,0,$O$10*$C$10)+IF($P$10*$C$10*N$4>$P$10,0,$P$10*$C$10)+IF($Q$10*$C$10*M$4>$Q$10,0,$Q$10*$C$10)+IF($R$10*$C$10*L$4>$R$10,0,$R$10*$C$10)+IF($S$10*$C$10*K$4>$S$10,0,$S$10*$C$10)+IF($T$10*$C$10*J$4>$T$10,0,$T$10*$C$10)+IF($U$10*$C$10*I$4>$U$10,0,$U$10*$C$10)+IF($V$10*$C$10*H$4>$V$10,0,$V$10*$C$10)+IF($W$10*$C$10*G$4>$W$10,0,$W$10*$C$10)+IF($X$10*$C$10*F$4>$X$10,0,$X$10*$C$10))) -> 0.27 | Z68: =IF(Y39>Y10,0,IF(AND(Y39=Y10,Y68=0),0,IF($E$10*$C$10*Z$4>$E$10,0,$E$10*$C$10)+IF($F$10*$C$10*Y$4>$F$10,0,$F$10*$C$10)+IF($G$10*$C$10*X$4>$G$10,0,$G$10*$C$10)+IF($H$10*$C$10*W$4>$H$10,0,$H$10*$C$10)+IF($I$10*$C$10*V$4>$I$10,0,$I$10*$C$10)+IF($J$10*$C$10*U$4>$J$10,0,$J$10*$C$10)+IF($K$10*$C$10*T$4>$K$10,0,$K$10*$C$10)+IF($L$10*$C$10*S$4>$L$10,0,$L$10*$C$10)+IF($M$10*$C$10*R$4>$M$10,0,$M$10*$C$10)+IF($N$10*$C$10*Q$4>$N$10,0,$N$10*$C$10)+IF($O$10*$C$10*P$4>$O$10,0,$O$10*$C$10)+IF($P$10*$C$10*O$4>$P$10,0,$P$10*$C$10)+IF($Q$10*$C$10*N$4>$Q$10,0,$Q$10*$C$10)+IF($R$10*$C$10*M$4>$R$10,0,$R$10*$C$10)+IF($S$10*$C$10*L$4>$S$10,0,$S$10*$C$10)+IF($T$10*$C$10*K$4>$T$10,0,$T$10*$C$10)+IF($U$10*$C$10*J$4>$U$10,0,$U$10*$C$10)+IF($V$10*$C$10*I$4>$V$10,0,$V$10*$C$10)+IF($W$10*$C$10*H$4>$W$10,0,$W$10*$C$10)+IF($X$10*$C$10*G$4>$X$10,0,$X$10*$C$10)+IF($Y$10*$C$10*F$4>$Y$10,0,$Y$10*$C$10))) -> 0.27 | AA68: =IF(Z39>Z10,0,IF(AND(Z39=Z10,Z68=0),0,IF($E$10*$C$10*AA$4>$E$10,0,$E$10*$C$10)+IF($F$10*$C$10*Z$4>$F$10,0,$F$10*$C$10)+IF($G$10*$C$10*Y$4>$G$10,0,$G$10*$C$10)+IF($H$10*$C$10*X$4>$H$10,0,$H$10*$C$10)+IF($I$10*$C$10*W$4>$I$10,0,$I$10*$C$10)+IF($J$10*$C$10*V$4>$J$10,0,$J$10*$C$10)+IF($K$10*$C$10*U$4>$K$10,0,$K$10*$C$10)+IF($L$10*$C$10*T$4>$L$10,0,$L$10*$C$10)+IF($M$10*$C$10*S$4>$M$10,0,$M$10*$C$10)+IF($N$10*$C$10*R$4>$N$10,0,$N$10*$C$10)+IF($O$10*$C$10*Q$4>$O$10,0,$O$10*$C$10)+IF($P$10*$C$10*P$4>$P$10,0,$P$10*$C$10)+IF($Q$10*$C$10*O$4>$Q$10,0,$Q$10*$C$10)+IF($R$10*$C$10*N$4>$R$10,0,$R$10*$C$10)+IF($S$10*$C$10*M$4>$S$10,0,$S$10*$C$10)+IF($T$10*$C$10*L$4>$T$10,0,$T$10*$C$10)+IF($U$10*$C$10*K$4>$U$10,0,$U$10*$C$10)+IF($V$10*$C$10*J$4>$V$10,0,$V$10*$C$10)+IF($W$10*$C$10*I$4>$W$10,0,$W$10*$C$10)+IF($X$10*$C$10*H$4>$X$10,0,$X$10*$C$10)+IF($Y$10*$C$10*G$4>$Y$10,0,$Y$10*$C$10)+IF($Z$10*$C$10*F$4>$Z$10,0,$Z$10*$C$10))) -> 0.27 | AB68: =IF(AA39>AA10,0,IF(AND(AA39=AA10,AA68=0),0,IF($E$10*$C$10*AB$4>$E$10,0,$E$10*$C$10)+IF($F$10*$C$10*AA$4>$F$10,0,$F$10*$C$10)+IF($G$10*$C$10*Z$4>$G$10,0,$G$10*$C$10)+IF($H$10*$C$10*Y$4>$H$10,0,$H$10*$C$10)+IF($I$10*$C$10*X$4>$I$10,0,$I$10*$C$10)+IF($J$10*$C$10*W$4>$J$10,0,$J$10*$C$10)+IF($K$10*$C$10*V$4>$K$10,0,$K$10*$C$10)+IF($L$10*$C$10*U$4>$L$10,0,$L$10*$C$10)+IF($M$10*$C$10*T$4>$M$10,0,$M$10*$C$10)+IF($N$10*$C$10*S$4>$N$10,0,$N$10*$C$10)+IF($O$10*$C$10*R$4>$O$10,0,$O$10*$C$10)+IF($P$10*$C$10*Q$4>$P$10,0,$P$10*$C$10)+IF($Q$10*$C$10*P$4>$Q$10,0,$Q$10*$C$10)+IF($R$10*$C$10*O$4>$R$10,0,$R$10*$C$10)+IF($S$10*$C$10*N$4>$S$10,0,$S$10*$C$10)+IF($T$10*$C$10*M$4>$T$10,0,$T$10*$C$10)+IF($U$10*$C$10*L$4>$U$10,0,$U$10*$C$10)+IF($V$10*$C$10*K$4>$V$10,0,$V$10*$C$10)+IF($W$10*$C$10*J$4>$W$10,0,$W$10*$C$10)+IF($X$10*$C$10*I$4>$X$10,0,$X$10*$C$10)+IF($Y$10*$C$10*H$4>$Y$10,0,$Y$10*$C$10)+IF($Z$10*$C$10*G$4>$Z$10,0,$Z$10*$C$10)+IF($AA$10*$C$10*F$4>$AA$10,0,$AA$10*$C$10))) -> 0.27 | AC68: =IF(AB39>AB10,0,IF(AND(AB39=AB10,AB68=0),0,IF($E$10*$C$10*AC$4>$E$10,0,$E$10*$C$10)+IF($F$10*$C$10*AB$4>$F$10,0,$F$10*$C$10)+IF($G$10*$C$10*AA$4>$G$10,0,$G$10*$C$10)+IF($H$10*$C$10*Z$4>$H$10,0,$H$10*$C$10)+IF($I$10*$C$10*Y$4>$I$10,0,$I$10*$C$10)+IF($J$10*$C$10*X$4>$J$10,0,$J$10*$C$10)+IF($K$10*$C$10*W$4>$K$10,0,$K$10*$C$10)+IF($L$10*$C$10*V$4>$L$10,0,$L$10*$C$10)+IF($M$10*$C$10*U$4>$M$10,0,$M$10*$C$10)+IF($N$10*$C$10*T$4>$N$10,0,$N$10*$C$10)+IF($O$10*$C$10*S$4>$O$10,0,$O$10*$C$10)+IF($P$10*$C$10*R$4>$P$10,0,$P$10*$C$10)+IF($Q$10*$C$10*Q$4>$Q$10,0,$Q$10*$C$10)+IF($R$10*$C$10*P$4>$R$10,0,$R$10*$C$10)+IF($S$10*$C$10*O$4>$S$10,0,$S$10*$C$10)+IF($T$10*$C$10*N$4>$T$10,0,$T$10*$C$10)+IF($U$10*$C$10*M$4>$U$10,0,$U$10*$C$10)+IF($V$10*$C$10*L$4>$V$10,0,$V$10*$C$10)+IF($W$10*$C$10*K$4>$W$10,0,$W$10*$C$10)+IF($X$10*$C$10*J$4>$X$10,0,$X$10*$C$10)+IF($Y$10*$C$10*I$4>$Y$10,0,$Y$10*$C$10)+IF($Z$10*$C$10*H$4>$Z$10,0,$Z$10*$C$10)+IF($AA$10*$C$10*G$4>$AA$10,0,$AA$10*$C$10)+IF($AB$10*$C$10*F$4>$AB$10,0,$AB$10*$C$10))) -> 0.27 | AD68: =IF(AC39>AC10,0,IF(AND(AC39=AC10,AC68=0),0,IF($E$10*$C$10*AD$4>$E$10,0,$E$10*$C$10)+IF($F$10*$C$10*AC$4>$F$10,0,$F$10*$C$10)+IF($G$10*$C$10*AB$4>$G$10,0,$G$10*$C$10)+IF($H$10*$C$10*AA$4>$H$10,0,$H$10*$C$10)+IF($I$10*$C$10*Z$4>$I$10,0,$I$10*$C$10)+IF($J$10*$C$10*Y$4>$J$10,0,$J$10*$C$10)+IF($K$10*$C$10*X$4>$K$10,0,$K$10*$C$10)+IF($L$10*$C$10*W$4>$L$10,0,$L$10*$C$10)+IF($M$10*$C$10*V$4>$M$10,0,$M$10*$C$10)+IF($N$10*$C$10*U$4>$N$10,0,$N$10*$C$10)+IF($O$10*$C$10*T$4>$O$10,0,$O$10*$C$10)+IF($P$10*$C$10*S$4>$P$10,0,$P$10*$C$10)+IF($Q$10*$C$10*R$4>$Q$10,0,$Q$10*$C$10)+IF($R$10*$C$10*Q$4>$R$10,0,$R$10*$C$10)+IF($S$10*$C$10*P$4>$S$10,0,$S$10*$C$10)+IF($T$10*$C$10*O$4>$T$10,0,$T$10*$C$10)+IF($U$10*$C$10*N$4>$U$10,0,$U$10*$C$10)+IF($V$10*$C$10*M$4>$V$10,0,$V$10*$C$10)+IF($W$10*$C$10*L$4>$W$10,0,$W$10*$C$10)+IF($X$10*$C$10*K$4>$X$10,0,$X$10*$C$10)+IF($Y$10*$C$10*J$4>$Y$10,0,$Y$10*$C$10)+IF($Z$10*$C$10*I$4>$Z$10,0,$Z$10*$C$10)+IF($AA$10*$C$10*H$4>$AA$10,0,$AA$10*$C$10)+IF($AB$10*$C$10*G$4>$AB$10,0,$AB$10*$C$10)+IF($AC$10*$C$10*F$4>$AC$10,0,$AC$10*$C$10))) -> 0.27 | AE68: =IF(AD39>AD10,0,IF(AND(AD39=AD10,AD68=0),0,IF($E$10*$C$10*AE$4>$E$10,0,$E$10*$C$10)+IF($F$10*$C$10*AD$4>$F$10,0,$F$10*$C$10)+IF($G$10*$C$10*AC$4>$G$10,0,$G$10*$C$10)+IF($H$10*$C$10*AB$4>$H$10,0,$H$10*$C$10)+IF($I$10*$C$10*AA$4>$I$10,0,$I$10*$C$10)+IF($J$10*$C$10*Z$4>$J$10,0,$J$10*$C$10)+IF($K$10*$C$10*Y$4>$K$10,0,$K$10*$C$10)+IF($L$10*$C$10*X$4>$L$10,0,$L$10*$C$10)+IF($M$10*$C$10*W$4>$M$10,0,$M$10*$C$10)+IF($N$10*$C$10*V$4>$N$10,0,$N$10*$C$10)+IF($O$10*$C$10*U$4>$O$10,0,$O$10*$C$10)+IF($P$10*$C$10*T$4>$P$10,0,$P$10*$C$10)+IF($Q$10*$C$10*S$4>$Q$10,0,$Q$10*$C$10)+IF($R$10*$C$10*R$4>$R$10,0,$R$10*$C$10)+IF($S$10*$C$10*Q$4>$S$10,0,$S$10*$C$10)+IF($T$10*$C$10*P$4>$T$10,0,$T$10*$C$10)+IF($U$10*$C$10*O$4>$U$10,0,$U$10*$C$10)+IF($V$10*$C$10*N$4>$V$10,0,$V$10*$C$10)+IF($W$10*$C$10*M$4>$W$10,0,$W$10*$C$10)+IF($X$10*$C$10*L$4>$X$10,0,$X$10*$C$10)+IF($Y$10*$C$10*K$4>$Y$10,0,$Y$10*$C$10)+IF($Z$10*$C$10*J$4>$Z$10,0,$Z$10*$C$10)+IF($AA$10*$C$10*I$4>$AA$10,0,$AA$10*$C$10)+IF($AB$10*$C$10*H$4>$AB$10,0,$AB$10*$C$10)+IF($AC$10*$C$10*G$4>$AC$10,0,$AC$10*$C$10)+IF($AD$10*$C$10*F$4>$AD$10,0,$AD$10*$C$10))) -> 0.27 | AF68: =IF(AE39>AE10,0,IF(AND(AE39=AE10,AE68=0),0,IF($E$10*$C$10*AF$4>$E$10,0,$E$10*$C$10)+IF($F$10*$C$10*AE$4>$F$10,0,$F$10*$C$10)+IF($G$10*$C$10*AD$4>$G$10,0,$G$10*$C$10)+IF($H$10*$C$10*AC$4>$H$10,0,$H$10*$C$10)+IF($I$10*$C$10*AB$4>$I$10,0,$I$10*$C$10)+IF($J$10*$C$10*AA$4>$J$10,0,$J$10*$C$10)+IF($K$10*$C$10*Z$4>$K$10,0,$K$10*$C$10)+IF($L$10*$C$10*Y$4>$L$10,0,$L$10*$C$10)+IF($M$10*$C$10*X$4>$M$10,0,$M$10*$C$10)+IF($N$10*$C$10*W$4>$N$10,0,$N$10*$C$10)+IF($O$10*$C$10*V$4>$O$10,0,$O$10*$C$10)+IF($P$10*$C$10*U$4>$P$10,0,$P$10*$C$10)+IF($Q$10*$C$10*T$4>$Q$10,0,$Q$10*$C$10)+IF($R$10*$C$10*S$4>$R$10,0,$R$10*$C$10)+IF($S$10*$C$10*R$4>$S$10,0,$S$10*$C$10)+IF($T$10*$C$10*Q$4>$T$10,0,$T$10*$C$10)+IF($U$10*$C$10*P$4>$U$10,0,$U$10*$C$10)+IF($V$10*$C$10*O$4>$V$10,0,$V$10*$C$10)+IF($W$10*$C$10*N$4>$W$10,0,$W$10*$C$10)+IF($X$10*$C$10*M$4>$X$10,0,$X$10*$C$10)+IF($Y$10*$C$10*L$4>$Y$10,0,$Y$10*$C$10)+IF($Z$10*$C$10*K$4>$Z$10,0,$Z$10*$C$10)+IF($AA$10*$C$10*J$4>$AA$10,0,$AA$10*$C$10)+IF($AB$10*$C$10*I$4>$AB$10,0,$AB$10*$C$10)+IF($AC$10*$C$10*H$4>$AC$10,0,$AC$10*$C$10)+IF($AD$10*$C$10*G$4>$AD$10,0,$AD$10*$C$10)+IF($AE$10*$C$10*F$4>$AE$10,0,$AE$10*$C$10))) -> 0.27 | AG68: =IF(AF39>AF10,0,IF(AND(AF39=AF10,AF68=0),0,IF($E$10*$C$10*AG$4>$E$10,0,$E$10*$C$10)+IF($F$10*$C$10*AF$4>$F$10,0,$F$10*$C$10)+IF($G$10*$C$10*AE$4>$G$10,0,$G$10*$C$10)+IF($H$10*$C$10*AD$4>$H$10,0,$H$10*$C$10)+IF($I$10*$C$10*AC$4>$I$10,0,$I$10*$C$10)+IF($J$10*$C$10*AB$4>$J$10,0,$J$10*$C$10)+IF($K$10*$C$10*AA$4>$K$10,0,$K$10*$C$10)+IF($L$10*$C$10*Z$4>$L$10,0,$L$10*$C$10)+IF($M$10*$C$10*Y$4>$M$10,0,$M$10*$C$10)+IF($N$10*$C$10*X$4>$N$10,0,$N$10*$C$10)+IF($O$10*$C$10*W$4>$O$10,0,$O$10*$C$10)+IF($P$10*$C$10*V$4>$P$10,0,$P$10*$C$10)+IF($Q$10*$C$10*U$4>$Q$10,0,$Q$10*$C$10)+IF($R$10*$C$10*T$4>$R$10,0,$R$10*$C$10)+IF($S$10*$C$10*S$4>$S$10,0,$S$10*$C$10)+IF($T$10*$C$10*R$4>$T$10,0,$T$10*$C$10)+IF($U$10*$C$10*Q$4>$U$10,0,$U$10*$C$10)+IF($V$10*$C$10*P$4>$V$10,0,$V$10*$C$10)+IF($W$10*$C$10*O$4>$W$10,0,$W$10*$C$10)+IF($X$10*$C$10*N$4>$X$10,0,$X$10*$C$10)+IF($Y$10*$C$10*M$4>$Y$10,0,$Y$10*$C$10)+IF($Z$10*$C$10*L$4>$Z$10,0,$Z$10*$C$10)+IF($AA$10*$C$10*K$4>$AA$10,0,$AA$10*$C$10)+IF($AB$10*$C$10*J$4>$AB$10,0,$AB$10*$C$10)+IF($AC$10*$C$10*I$4>$AC$10,0,$AC$10*$C$10)+IF($AD$10*$C$10*H$4>$AD$10,0,$AD$10*$C$10)+IF($AE$10*$C$10*G$4>$AE$10,0,$AE$10*$C$10)+IF($AF$10*$C$10*F$4>$AF$10,0,$AF$10*$C$10))) -> 0.27 | AH68: =IF(AG39>AG10,0,IF(AND(AG39=AG10,AG68=0),0,IF($E$10*$C$10*AH$4>$E$10,0,$E$10*$C$10)+IF($F$10*$C$10*AG$4>$F$10,0,$F$10*$C$10)+IF($G$10*$C$10*AF$4>$G$10,0,$G$10*$C$10)+IF($H$10*$C$10*AE$4>$H$10,0,$H$10*$C$10)+IF($I$10*$C$10*AD$4>$I$10,0,$I$10*$C$10)+IF($J$10*$C$10*AC$4>$J$10,0,$J$10*$C$10)+IF($K$10*$C$10*AB$4>$K$10,0,$K$10*$C$10)+IF($L$10*$C$10*AA$4>$L$10,0,$L$10*$C$10)+IF($M$10*$C$10*Z$4>$M$10,0,$M$10*$C$10)+IF($N$10*$C$10*Y$4>$N$10,0,$N$10*$C$10)+IF($O$10*$C$10*X$4>$O$10,0,$O$10*$C$10)+IF($P$10*$C$10*W$4>$P$10,0,$P$10*$C$10)+IF($Q$10*$C$10*V$4>$Q$10,0,$Q$10*$C$10)+IF($R$10*$C$10*U$4>$R$10,0,$R$10*$C$10)+IF($S$10*$C$10*T$4>$S$10,0,$S$10*$C$10)+IF($T$10*$C$10*S$4>$T$10,0,$T$10*$C$10)+IF($U$10*$C$10*R$4>$U$10,0,$U$10*$C$10)+IF($V$10*$C$10*Q$4>$V$10,0,$V$10*$C$10)+IF($W$10*$C$10*P$4>$W$10,0,$W$10*$C$10)+IF($X$10*$C$10*O$4>$X$10,0,$X$10*$C$10)+IF($Y$10*$C$10*N$4>$Y$10,0,$Y$10*$C$10)+IF($Z$10*$C$10*M$4>$Z$10,0,$Z$10*$C$10)+IF($AA$10*$C$10*L$4>$AA$10,0,$AA$10*$C$10)+IF($AB$10*$C$10*K$4>$AB$10,0,$AB$10*$C$10)+IF($AC$10*$C$10*J$4>$AC$10,0,$AC$10*$C$10)+IF($AD$10*$C$10*I$4>$AD$10,0,$AD$10*$C$10)+IF($AE$10*$C$10*H$4>$AE$10,0,$AE$10*$C$10)+IF($AF$10*$C$10*G$4>$AF$10,0,$AF$10*$C$10)+IF($AG$10*$C$10*F$4>$AG$10,0,$AG$10*$C$10))) -> 0.27 | AI68: =IF(AH39>AH10,0,IF(AND(AH39=AH10,AH68=0),0,IF($E$10*$C$10*AI$4>$E$10,0,$E$10*$C$10)+IF($F$10*$C$10*AH$4>$F$10,0,$F$10*$C$10)+IF($G$10*$C$10*AG$4>$G$10,0,$G$10*$C$10)+IF($H$10*$C$10*AF$4>$H$10,0,$H$10*$C$10)+IF($I$10*$C$10*AE$4>$I$10,0,$I$10*$C$10)+IF($J$10*$C$10*AD$4>$J$10,0,$J$10*$C$10)+IF($K$10*$C$10*AC$4>$K$10,0,$K$10*$C$10)+IF($L$10*$C$10*AB$4>$L$10,0,$L$10*$C$10)+IF($M$10*$C$10*AA$4>$M$10,0,$M$10*$C$10)+IF($N$10*$C$10*Z$4>$N$10,0,$N$10*$C$10)+IF($O$10*$C$10*Y$4>$O$10,0,$O$10*$C$10)+IF($P$10*$C$10*X$4>$P$10,0,$P$10*$C$10)+IF($Q$10*$C$10*W$4>$Q$10,0,$Q$10*$C$10)+IF($R$10*$C$10*V$4>$R$10,0,$R$10*$C$10)+IF($S$10*$C$10*U$4>$S$10,0,$S$10*$C$10)+IF($T$10*$C$10*T$4>$T$10,0,$T$10*$C$10)+IF($U$10*$C$10*S$4>$U$10,0,$U$10*$C$10)+IF($V$10*$C$10*R$4>$V$10,0,$V$10*$C$10)+IF($W$10*$C$10*Q$4>$W$10,0,$W$10*$C$10)+IF($X$10*$C$10*P$4>$X$10,0,$X$10*$C$10)+IF($Y$10*$C$10*O$4>$Y$10,0,$Y$10*$C$10)+IF($Z$10*$C$10*N$4>$Z$10,0,$Z$10*$C$10)+IF($AA$10*$C$10*M$4>$AA$10,0,$AA$10*$C$10)+IF($AB$10*$C$10*L$4>$AB$10,0,$AB$10*$C$10)+IF($AC$10*$C$10*K$4>$AC$10,0,$AC$10*$C$10)+IF($AD$10*$C$10*J$4>$AD$10,0,$AD$10*$C$10)+IF($AE$10*$C$10*I$4>$AE$10,0,$AE$10*$C$10)+IF($AF$10*$C$10*H$4>$AF$10,0,$AF$10*$C$10)+IF($AG$10*$C$10*G$4>$AG$10,0,$AG$10*$C$10)+IF($AH$10*$C$10*F$4>$AH$10,0,$AH$10*$C$10))) -> 0.27
B69: =B11 -> Detailed preliminary engineering design | D69: =SUM(E69:AI69) -> 8.1 | E69: 0 | F69: =IF(E40>E11,0,IF(AND(E40=E11,E69=0),0,IF($E$11*$C$11*F$4>$E$11,0,$E$11*$C$11))) -> 0.27 | G69: =IF(F40>F11,0,IF(AND(F40=F11,F69=0),0,IF($E$11*$C$11*G$4>$E$11,0,$E$11*$C$11)+IF($F$11*$C$11*F$4>$F$11,0,$F$11*$C$11))) -> 0.27 | H69: =IF(G40>G11,0,IF(AND(G40=G11,G69=0),0,IF($E$11*$C$11*H$4>$E$11,0,$E$11*$C$11)+IF($F$11*$C$11*G$4>$F$11,0,$F$11*$C$11)+IF($G$11*$C$11*F$4>$G$11,0,$G$11*$C$11))) -> 0.27 | I69: =IF(H40>H11,0,IF(AND(H40=H11,H69=0),0,IF($E$11*$C$11*I$4>$E$11,0,$E$11*$C$11)+IF($F$11*$C$11*H$4>$F$11,0,$F$11*$C$11)+IF($G$11*$C$11*G$4>$G$11,0,$G$11*$C$11)+IF($H$11*$C$11*F$4>$H$11,0,$H$11*$C$11))) -> 0.27 | J69: =IF(I40>I11,0,IF(AND(I40=I11,I69=0),0,IF($E$11*$C$11*J$4>$E$11,0,$E$11*$C$11)+IF($F$11*$C$11*I$4>$F$11,0,$F$11*$C$11)+IF($G$11*$C$11*H$4>$G$11,0,$G$11*$C$11)+IF($H$11*$C$11*G$4>$H$11,0,$H$11*$C$11)+IF($I$11*$C$11*F$4>$I$11,0,$I$11*$C$11))) -> 0.27 | K69: =IF(J40>J11,0,IF(AND(J40=J11,J69=0),0,IF($E$11*$C$11*K$4>$E$11,0,$E$11*$C$11)+IF($F$11*$C$11*J$4>$F$11,0,$F$11*$C$11)+IF($G$11*$C$11*I$4>$G$11,0,$G$11*$C$11)+IF($H$11*$C$11*H$4>$H$11,0,$H$11*$C$11)+IF($I$11*$C$11*G$4>$I$11,0,$I$11*$C$11)+IF($J$11*$C$11*F$4>$J$11,0,$J$11*$C$11))) -> 0.27 | L69: =IF(K40>K11,0,IF(AND(K40=K11,K69=0),0,IF($E$11*$C$11*L$4>$E$11,0,$E$11*$C$11)+IF($F$11*$C$11*K$4>$F$11,0,$F$11*$C$11)+IF($G$11*$C$11*J$4>$G$11,0,$G$11*$C$11)+IF($H$11*$C$11*I$4>$H$11,0,$H$11*$C$11)+IF($I$11*$C$11*H$4>$I$11,0,$I$11*$C$11)+IF($J$11*$C$11*G$4>$J$11,0,$J$11*$C$11)+IF($K$11*$C$11*F$4>$K$11,0,$K$11*$C$11))) -> 0.27 | M69: =IF(L40>L11,0,IF(AND(L40=L11,L69=0),0,IF($E$11*$C$11*M$4>$E$11,0,$E$11*$C$11)+IF($F$11*$C$11*L$4>$F$11,0,$F$11*$C$11)+IF($G$11*$C$11*K$4>$G$11,0,$G$11*$C$11)+IF($H$11*$C$11*J$4>$H$11,0,$H$11*$C$11)+IF($I$11*$C$11*I$4>$I$11,0,$I$11*$C$11)+IF($J$11*$C$11*H$4>$J$11,0,$J$11*$C$11)+IF($K$11*$C$11*G$4>$K$11,0,$K$11*$C$11)+IF($L$11*$C$11*F$4>$L$11,0,$L$11*$C$11))) -> 0.27 | N69: =IF(M40>M11,0,IF(AND(M40=M11,M69=0),0,IF($E$11*$C$11*N$4>$E$11,0,$E$11*$C$11)+IF($F$11*$C$11*M$4>$F$11,0,$F$11*$C$11)+IF($G$11*$C$11*L$4>$G$11,0,$G$11*$C$11)+IF($H$11*$C$11*K$4>$H$11,0,$H$11*$C$11)+IF($I$11*$C$11*J$4>$I$11,0,$I$11*$C$11)+IF($J$11*$C$11*I$4>$J$11,0,$J$11*$C$11)+IF($K$11*$C$11*H$4>$K$11,0,$K$11*$C$11)+IF($L$11*$C$11*G$4>$L$11,0,$L$11*$C$11)+IF($M$11*$C$11*F$4>$M$11,0,$M$11*$C$11))) -> 0.27 | O69: =IF(N40>N11,0,IF(AND(N40=N11,N69=0),0,IF($E$11*$C$11*O$4>$E$11,0,$E$11*$C$11)+IF($F$11*$C$11*N$4>$F$11,0,$F$11*$C$11)+IF($G$11*$C$11*M$4>$G$11,0,$G$11*$C$11)+IF($H$11*$C$11*L$4>$H$11,0,$H$11*$C$11)+IF($I$11*$C$11*K$4>$I$11,0,$I$11*$C$11)+IF($J$11*$C$11*J$4>$J$11,0,$J$11*$C$11)+IF($K$11*$C$11*I$4>$K$11,0,$K$11*$C$11)+IF($L$11*$C$11*H$4>$L$11,0,$L$11*$C$11)+IF($M$11*$C$11*G$4>$M$11,0,$M$11*$C$11)+IF($N$11*$C$11*F$4>$N$11,0,$N$11*$C$11))) -> 0.27 | P69: =IF(O40>O11,0,IF(AND(O40=O11,O69=0),0,IF($E$11*$C$11*P$4>$E$11,0,$E$11*$C$11)+IF($F$11*$C$11*O$4>$F$11,0,$F$11*$C$11)+IF($G$11*$C$11*N$4>$G$11,0,$G$11*$C$11)+IF($H$11*$C$11*M$4>$H$11,0,$H$11*$C$11)+IF($I$11*$C$11*L$4>$I$11,0,$I$11*$C$11)+IF($J$11*$C$11*K$4>$J$11,0,$J$11*$C$11)+IF($K$11*$C$11*J$4>$K$11,0,$K$11*$C$11)+IF($L$11*$C$11*I$4>$L$11,0,$L$11*$C$11)+IF($M$11*$C$11*H$4>$M$11,0,$M$11*$C$11)+IF($N$11*$C$11*G$4>$N$11,0,$N$11*$C$11)+IF($O$11*$C$11*F$4>$O$11,0,$O$11*$C$11))) -> 0.27 | Q69: =IF(P40>P11,0,IF(AND(P40=P11,P69=0),0,IF($E$11*$C$11*Q$4>$E$11,0,$E$11*$C$11)+IF($F$11*$C$11*P$4>$F$11,0,$F$11*$C$11)+IF($G$11*$C$11*O$4>$G$11,0,$G$11*$C$11)+IF($H$11*$C$11*N$4>$H$11,0,$H$11*$C$11)+IF($I$11*$C$11*M$4>$I$11,0,$I$11*$C$11)+IF($J$11*$C$11*L$4>$J$11,0,$J$11*$C$11)+IF($K$11*$C$11*K$4>$K$11,0,$K$11*$C$11)+IF($L$11*$C$11*J$4>$L$11,0,$L$11*$C$11)+IF($M$11*$C$11*I$4>$M$11,0,$M$11*$C$11)+IF($N$11*$C$11*H$4>$N$11,0,$N$11*$C$11)+IF($O$11*$C$11*G$4>$O$11,0,$O$11*$C$11)+IF($P$11*$C$11*F$4>$P$11,0,$P$11*$C$11))) -> 0.27 | R69: =IF(Q40>Q11,0,IF(AND(Q40=Q11,Q69=0),0,IF($E$11*$C$11*R$4>$E$11,0,$E$11*$C$11)+IF($F$11*$C$11*Q$4>$F$11,0,$F$11*$C$11)+IF($G$11*$C$11*P$4>$G$11,0,$G$11*$C$11)+IF($H$11*$C$11*O$4>$H$11,0,$H$11*$C$11)+IF($I$11*$C$11*N$4>$I$11,0,$I$11*$C$11)+IF($J$11*$C$11*M$4>$J$11,0,$J$11*$C$11)+IF($K$11*$C$11*L$4>$K$11,0,$K$11*$C$11)+IF($L$11*$C$11*K$4>$L$11,0,$L$11*$C$11)+IF($M$11*$C$11*J$4>$M$11,0,$M$11*$C$11)+IF($N$11*$C$11*I$4>$N$11,0,$N$11*$C$11)+IF($O$11*$C$11*H$4>$O$11,0,$O$11*$C$11)+IF($P$11*$C$11*G$4>$P$11,0,$P$11*$C$11)+IF($Q$11*$C$11*F$4>$Q$11,0,$Q$11*$C$11))) -> 0.27 | S69: =IF(R40>R11,0,IF(AND(R40=R11,R69=0),0,IF($E$11*$C$11*S$4>$E$11,0,$E$11*$C$11)+IF($F$11*$C$11*R$4>$F$11,0,$F$11*$C$11)+IF($G$11*$C$11*Q$4>$G$11,0,$G$11*$C$11)+IF($H$11*$C$11*P$4>$H$11,0,$H$11*$C$11)+IF($I$11*$C$11*O$4>$I$11,0,$I$11*$C$11)+IF($J$11*$C$11*N$4>$J$11,0,$J$11*$C$11)+IF($K$11*$C$11*M$4>$K$11,0,$K$11*$C$11)+IF($L$11*$C$11*L$4>$L$11,0,$L$11*$C$11)+IF($M$11*$C$11*K$4>$M$11,0,$M$11*$C$11)+IF($N$11*$C$11*J$4>$N$11,0,$N$11*$C$11)+IF($O$11*$C$11*I$4>$O$11,0,$O$11*$C$11)+IF($P$11*$C$11*H$4>$P$11,0,$P$11*$C$11)+IF($Q$11*$C$11*G$4>$Q$11,0,$Q$11*$C$11)+IF($R$11*$C$11*F$4>$R$11,0,$R$11*$C$11))) -> 0.27 | T69: =IF(S40>S11,0,IF(AND(S40=S11,S69=0),0,IF($E$11*$C$11*T$4>$E$11,0,$E$11*$C$11)+IF($F$11*$C$11*S$4>$F$11,0,$F$11*$C$11)+IF($G$11*$C$11*R$4>$G$11,0,$G$11*$C$11)+IF($H$11*$C$11*Q$4>$H$11,0,$H$11*$C$11)+IF($I$11*$C$11*P$4>$I$11,0,$I$11*$C$11)+IF($J$11*$C$11*O$4>$J$11,0,$J$11*$C$11)+IF($K$11*$C$11*N$4>$K$11,0,$K$11*$C$11)+IF($L$11*$C$11*M$4>$L$11,0,$L$11*$C$11)+IF($M$11*$C$11*L$4>$M$11,0,$M$11*$C$11)+IF($N$11*$C$11*K$4>$N$11,0,$N$11*$C$11)+IF($O$11*$C$11*J$4>$O$11,0,$O$11*$C$11)+IF($P$11*$C$11*I$4>$P$11,0,$P$11*$C$11)+IF($Q$11*$C$11*H$4>$Q$11,0,$Q$11*$C$11)+IF($R$11*$C$11*G$4>$R$11,0,$R$11*$C$11)+IF($S$11*$C$11*F$4>$S$11,0,$S$11*$C$11))) -> 0.27 | U69: =IF(T40>T11,0,IF(AND(T40=T11,T69=0),0,IF($E$11*$C$11*U$4>$E$11,0,$E$11*$C$11)+IF($F$11*$C$11*T$4>$F$11,0,$F$11*$C$11)+IF($G$11*$C$11*S$4>$G$11,0,$G$11*$C$11)+IF($H$11*$C$11*R$4>$H$11,0,$H$11*$C$11)+IF($I$11*$C$11*Q$4>$I$11,0,$I$11*$C$11)+IF($J$11*$C$11*P$4>$J$11,0,$J$11*$C$11)+IF($K$11*$C$11*O$4>$K$11,0,$K$11*$C$11)+IF($L$11*$C$11*N$4>$L$11,0,$L$11*$C$11)+IF($M$11*$C$11*M$4>$M$11,0,$M$11*$C$11)+IF($N$11*$C$11*L$4>$N$11,0,$N$11*$C$11)+IF($O$11*$C$11*K$4>$O$11,0,$O$11*$C$11)+IF($P$11*$C$11*J$4>$P$11,0,$P$11*$C$11)+IF($Q$11*$C$11*I$4>$Q$11,0,$Q$11*$C$11)+IF($R$11*$C$11*H$4>$R$11,0,$R$11*$C$11)+IF($S$11*$C$11*G$4>$S$11,0,$S$11*$C$11)+IF($T$11*$C$11*F$4>$T$11,0,$T$11*$C$11))) -> 0.27 | V69: =IF(U40>U11,0,IF(AND(U40=U11,U69=0),0,IF($E$11*$C$11*V$4>$E$11,0,$E$11*$C$11)+IF($F$11*$C$11*U$4>$F$11,0,$F$11*$C$11)+IF($G$11*$C$11*T$4>$G$11,0,$G$11*$C$11)+IF($H$11*$C$11*S$4>$H$11,0,$H$11*$C$11)+IF($I$11*$C$11*R$4>$I$11,0,$I$11*$C$11)+IF($J$11*$C$11*Q$4>$J$11,0,$J$11*$C$11)+IF($K$11*$C$11*P$4>$K$11,0,$K$11*$C$11)+IF($L$11*$C$11*O$4>$L$11,0,$L$11*$C$11)+IF($M$11*$C$11*N$4>$M$11,0,$M$11*$C$11)+IF($N$11*$C$11*M$4>$N$11,0,$N$11*$C$11)+IF($O$11*$C$11*L$4>$O$11,0,$O$11*$C$11)+IF($P$11*$C$11*K$4>$P$11,0,$P$11*$C$11)+IF($Q$11*$C$11*J$4>$Q$11,0,$Q$11*$C$11)+IF($R$11*$C$11*I$4>$R$11,0,$R$11*$C$11)+IF($S$11*$C$11*H$4>$S$11,0,$S$11*$C$11)+IF($T$11*$C$11*G$4>$T$11,0,$T$11*$C$11)+IF($U$11*$C$11*F$4>$U$11,0,$U$11*$C$11))) -> 0.27 | W69: =IF(V40>V11,0,IF(AND(V40=V11,V69=0),0,IF($E$11*$C$11*W$4>$E$11,0,$E$11*$C$11)+IF($F$11*$C$11*V$4>$F$11,0,$F$11*$C$11)+IF($G$11*$C$11*U$4>$G$11,0,$G$11*$C$11)+IF($H$11*$C$11*T$4>$H$11,0,$H$11*$C$11)+IF($I$11*$C$11*S$4>$I$11,0,$I$11*$C$11)+IF($J$11*$C$11*R$4>$J$11,0,$J$11*$C$11)+IF($K$11*$C$11*Q$4>$K$11,0,$K$11*$C$11)+IF($L$11*$C$11*P$4>$L$11,0,$L$11*$C$11)+IF($M$11*$C$11*O$4>$M$11,0,$M$11*$C$11)+IF($N$11*$C$11*N$4>$N$11,0,$N$11*$C$11)+IF($O$11*$C$11*M$4>$O$11,0,$O$11*$C$11)+IF($P$11*$C$11*L$4>$P$11,0,$P$11*$C$11)+IF($Q$11*$C$11*K$4>$Q$11,0,$Q$11*$C$11)+IF($R$11*$C$11*J$4>$R$11,0,$R$11*$C$11)+IF($S$11*$C$11*I$4>$S$11,0,$S$11*$C$11)+IF($T$11*$C$11*H$4>$T$11,0,$T$11*$C$11)+IF($U$11*$C$11*G$4>$U$11,0,$U$11*$C$11)+IF($V$11*$C$11*F$4>$V$11,0,$V$11*$C$11))) -> 0.27 | X69: =IF(W40>W11,0,IF(AND(W40=W11,W69=0),0,IF($E$11*$C$11*X$4>$E$11,0,$E$11*$C$11)+IF($F$11*$C$11*W$4>$F$11,0,$F$11*$C$11)+IF($G$11*$C$11*V$4>$G$11,0,$G$11*$C$11)+IF($H$11*$C$11*U$4>$H$11,0,$H$11*$C$11)+IF($I$11*$C$11*T$4>$I$11,0,$I$11*$C$11)+IF($J$11*$C$11*S$4>$J$11,0,$J$11*$C$11)+IF($K$11*$C$11*R$4>$K$11,0,$K$11*$C$11)+IF($L$11*$C$11*Q$4>$L$11,0,$L$11*$C$11)+IF($M$11*$C$11*P$4>$M$11,0,$M$11*$C$11)+IF($N$11*$C$11*O$4>$N$11,0,$N$11*$C$11)+IF($O$11*$C$11*N$4>$O$11,0,$O$11*$C$11)+IF($P$11*$C$11*M$4>$P$11,0,$P$11*$C$11)+IF($Q$11*$C$11*L$4>$Q$11,0,$Q$11*$C$11)+IF($R$11*$C$11*K$4>$R$11,0,$R$11*$C$11)+IF($S$11*$C$11*J$4>$S$11,0,$S$11*$C$11)+IF($T$11*$C$11*I$4>$T$11,0,$T$11*$C$11)+IF($U$11*$C$11*H$4>$U$11,0,$U$11*$C$11)+IF($V$11*$C$11*G$4>$V$11,0,$V$11*$C$11)+IF($W$11*$C$11*F$4>$W$11,0,$W$11*$C$11))) -> 0.27 | Y69: =IF(X40>X11,0,IF(AND(X40=X11,X69=0),0,IF($E$11*$C$11*Y$4>$E$11,0,$E$11*$C$11)+IF($F$11*$C$11*X$4>$F$11,0,$F$11*$C$11)+IF($G$11*$C$11*W$4>$G$11,0,$G$11*$C$11)+IF($H$11*$C$11*V$4>$H$11,0,$H$11*$C$11)+IF($I$11*$C$11*U$4>$I$11,0,$I$11*$C$11)+IF($J$11*$C$11*T$4>$J$11,0,$J$11*$C$11)+IF($K$11*$C$11*S$4>$K$11,0,$K$11*$C$11)+IF($L$11*$C$11*R$4>$L$11,0,$L$11*$C$11)+IF($M$11*$C$11*Q$4>$M$11,0,$M$11*$C$11)+IF($N$11*$C$11*P$4>$N$11,0,$N$11*$C$11)+IF($O$11*$C$11*O$4>$O$11,0,$O$11*$C$11)+IF($P$11*$C$11*N$4>$P$11,0,$P$11*$C$11)+IF($Q$11*$C$11*M$4>$Q$11,0,$Q$11*$C$11)+IF($R$11*$C$11*L$4>$R$11,0,$R$11*$C$11)+IF($S$11*$C$11*K$4>$S$11,0,$S$11*$C$11)+IF($T$11*$C$11*J$4>$T$11,0,$T$11*$C$11)+IF($U$11*$C$11*I$4>$U$11,0,$U$11*$C$11)+IF($V$11*$C$11*H$4>$V$11,0,$V$11*$C$11)+IF($W$11*$C$11*G$4>$W$11,0,$W$11*$C$11)+IF($X$11*$C$11*F$4>$X$11,0,$X$11*$C$11))) -> 0.27 | Z69: =IF(Y40>Y11,0,IF(AND(Y40=Y11,Y69=0),0,IF($E$11*$C$11*Z$4>$E$11,0,$E$11*$C$11)+IF($F$11*$C$11*Y$4>$F$11,0,$F$11*$C$11)+IF($G$11*$C$11*X$4>$G$11,0,$G$11*$C$11)+IF($H$11*$C$11*W$4>$H$11,0,$H$11*$C$11)+IF($I$11*$C$11*V$4>$I$11,0,$I$11*$C$11)+IF($J$11*$C$11*U$4>$J$11,0,$J$11*$C$11)+IF($K$11*$C$11*T$4>$K$11,0,$K$11*$C$11)+IF($L$11*$C$11*S$4>$L$11,0,$L$11*$C$11)+IF($M$11*$C$11*R$4>$M$11,0,$M$11*$C$11)+IF($N$11*$C$11*Q$4>$N$11,0,$N$11*$C$11)+IF($O$11*$C$11*P$4>$O$11,0,$O$11*$C$11)+IF($P$11*$C$11*O$4>$P$11,0,$P$11*$C$11)+IF($Q$11*$C$11*N$4>$Q$11,0,$Q$11*$C$11)+IF($R$11*$C$11*M$4>$R$11,0,$R$11*$C$11)+IF($S$11*$C$11*L$4>$S$11,0,$S$11*$C$11)+IF($T$11*$C$11*K$4>$T$11,0,$T$11*$C$11)+IF($U$11*$C$11*J$4>$U$11,0,$U$11*$C$11)+IF($V$11*$C$11*I$4>$V$11,0,$V$11*$C$11)+IF($W$11*$C$11*H$4>$W$11,0,$W$11*$C$11)+IF($X$11*$C$11*G$4>$X$11,0,$X$11*$C$11)+IF($Y$11*$C$11*F$4>$Y$11,0,$Y$11*$C$11))) -> 0.27 | AA69: =IF(Z40>Z11,0,IF(AND(Z40=Z11,Z69=0),0,IF($E$11*$C$11*AA$4>$E$11,0,$E$11*$C$11)+IF($F$11*$C$11*Z$4>$F$11,0,$F$11*$C$11)+IF($G$11*$C$11*Y$4>$G$11,0,$G$11*$C$11)+IF($H$11*$C$11*X$4>$H$11,0,$H$11*$C$11)+IF($I$11*$C$11*W$4>$I$11,0,$I$11*$C$11)+IF($J$11*$C$11*V$4>$J$11,0,$J$11*$C$11)+IF($K$11*$C$11*U$4>$K$11,0,$K$11*$C$11)+IF($L$11*$C$11*T$4>$L$11,0,$L$11*$C$11)+IF($M$11*$C$11*S$4>$M$11,0,$M$11*$C$11)+IF($N$11*$C$11*R$4>$N$11,0,$N$11*$C$11)+IF($O$11*$C$11*Q$4>$O$11,0,$O$11*$C$11)+IF($P$11*$C$11*P$4>$P$11,0,$P$11*$C$11)+IF($Q$11*$C$11*O$4>$Q$11,0,$Q$11*$C$11)+IF($R$11*$C$11*N$4>$R$11,0,$R$11*$C$11)+IF($S$11*$C$11*M$4>$S$11,0,$S$11*$C$11)+IF($T$11*$C$11*L$4>$T$11,0,$T$11*$C$11)+IF($U$11*$C$11*K$4>$U$11,0,$U$11*$C$11)+IF($V$11*$C$11*J$4>$V$11,0,$V$11*$C$11)+IF($W$11*$C$11*I$4>$W$11,0,$W$11*$C$11)+IF($X$11*$C$11*H$4>$X$11,0,$X$11*$C$11)+IF($Y$11*$C$11*G$4>$Y$11,0,$Y$11*$C$11)+IF($Z$11*$C$11*F$4>$Z$11,0,$Z$11*$C$11))) -> 0.27 | AB69: =IF(AA40>AA11,0,IF(AND(AA40=AA11,AA69=0),0,IF($E$11*$C$11*AB$4>$E$11,0,$E$11*$C$11)+IF($F$11*$C$11*AA$4>$F$11,0,$F$11*$C$11)+IF($G$11*$C$11*Z$4>$G$11,0,$G$11*$C$11)+IF($H$11*$C$11*Y$4>$H$11,0,$H$11*$C$11)+IF($I$11*$C$11*X$4>$I$11,0,$I$11*$C$11)+IF($J$11*$C$11*W$4>$J$11,0,$J$11*$C$11)+IF($K$11*$C$11*V$4>$K$11,0,$K$11*$C$11)+IF($L$11*$C$11*U$4>$L$11,0,$L$11*$C$11)+IF($M$11*$C$11*T$4>$M$11,0,$M$11*$C$11)+IF($N$11*$C$11*S$4>$N$11,0,$N$11*$C$11)+IF($O$11*$C$11*R$4>$O$11,0,$O$11*$C$11)+IF($P$11*$C$11*Q$4>$P$11,0,$P$11*$C$11)+IF($Q$11*$C$11*P$4>$Q$11,0,$Q$11*$C$11)+IF($R$11*$C$11*O$4>$R$11,0,$R$11*$C$11)+IF($S$11*$C$11*N$4>$S$11,0,$S$11*$C$11)+IF($T$11*$C$11*M$4>$T$11,0,$T$11*$C$11)+IF($U$11*$C$11*L$4>$U$11,0,$U$11*$C$11)+IF($V$11*$C$11*K$4>$V$11,0,$V$11*$C$11)+IF($W$11*$C$11*J$4>$W$11,0,$W$11*$C$11)+IF($X$11*$C$11*I$4>$X$11,0,$X$11*$C$11)+IF($Y$11*$C$11*H$4>$Y$11,0,$Y$11*$C$11)+IF($Z$11*$C$11*G$4>$Z$11,0,$Z$11*$C$11)+IF($AA$11*$C$11*F$4>$AA$11,0,$AA$11*$C$11))) -> 0.27 | AC69: =IF(AB40>AB11,0,IF(AND(AB40=AB11,AB69=0),0,IF($E$11*$C$11*AC$4>$E$11,0,$E$11*$C$11)+IF($F$11*$C$11*AB$4>$F$11,0,$F$11*$C$11)+IF($G$11*$C$11*AA$4>$G$11,0,$G$11*$C$11)+IF($H$11*$C$11*Z$4>$H$11,0,$H$11*$C$11)+IF($I$11*$C$11*Y$4>$I$11,0,$I$11*$C$11)+IF($J$11*$C$11*X$4>$J$11,0,$J$11*$C$11)+IF($K$11*$C$11*W$4>$K$11,0,$K$11*$C$11)+IF($L$11*$C$11*V$4>$L$11,0,$L$11*$C$11)+IF($M$11*$C$11*U$4>$M$11,0,$M$11*$C$11)+IF($N$11*$C$11*T$4>$N$11,0,$N$11*$C$11)+IF($O$11*$C$11*S$4>$O$11,0,$O$11*$C$11)+IF($P$11*$C$11*R$4>$P$11,0,$P$11*$C$11)+IF($Q$11*$C$11*Q$4>$Q$11,0,$Q$11*$C$11)+IF($R$11*$C$11*P$4>$R$11,0,$R$11*$C$11)+IF($S$11*$C$11*O$4>$S$11,0,$S$11*$C$11)+IF($T$11*$C$11*N$4>$T$11,0,$T$11*$C$11)+IF($U$11*$C$11*M$4>$U$11,0,$U$11*$C$11)+IF($V$11*$C$11*L$4>$V$11,0,$V$11*$C$11)+IF($W$11*$C$11*K$4>$W$11,0,$W$11*$C$11)+IF($X$11*$C$11*J$4>$X$11,0,$X$11*$C$11)+IF($Y$11*$C$11*I$4>$Y$11,0,$Y$11*$C$11)+IF($Z$11*$C$11*H$4>$Z$11,0,$Z$11*$C$11)+IF($AA$11*$C$11*G$4>$AA$11,0,$AA$11*$C$11)+IF($AB$11*$C$11*F$4>$AB$11,0,$AB$11*$C$11))) -> 0.27 | AD69: =IF(AC40>AC11,0,IF(AND(AC40=AC11,AC69=0),0,IF($E$11*$C$11*AD$4>$E$11,0,$E$11*$C$11)+IF($F$11*$C$11*AC$4>$F$11,0,$F$11*$C$11)+IF($G$11*$C$11*AB$4>$G$11,0,$G$11*$C$11)+IF($H$11*$C$11*AA$4>$H$11,0,$H$11*$C$11)+IF($I$11*$C$11*Z$4>$I$11,0,$I$11*$C$11)+IF($J$11*$C$11*Y$4>$J$11,0,$J$11*$C$11)+IF($K$11*$C$11*X$4>$K$11,0,$K$11*$C$11)+IF($L$11*$C$11*W$4>$L$11,0,$L$11*$C$11)+IF($M$11*$C$11*V$4>$M$11,0,$M$11*$C$11)+IF($N$11*$C$11*U$4>$N$11,0,$N$11*$C$11)+IF($O$11*$C$11*T$4>$O$11,0,$O$11*$C$11)+IF($P$11*$C$11*S$4>$P$11,0,$P$11*$C$11)+IF($Q$11*$C$11*R$4>$Q$11,0,$Q$11*$C$11)+IF($R$11*$C$11*Q$4>$R$11,0,$R$11*$C$11)+IF($S$11*$C$11*P$4>$S$11,0,$S$11*$C$11)+IF($T$11*$C$11*O$4>$T$11,0,$T$11*$C$11)+IF($U$11*$C$11*N$4>$U$11,0,$U$11*$C$11)+IF($V$11*$C$11*M$4>$V$11,0,$V$11*$C$11)+IF($W$11*$C$11*L$4>$W$11,0,$W$11*$C$11)+IF($X$11*$C$11*K$4>$X$11,0,$X$11*$C$11)+IF($Y$11*$C$11*J$4>$Y$11,0,$Y$11*$C$11)+IF($Z$11*$C$11*I$4>$Z$11,0,$Z$11*$C$11)+IF($AA$11*$C$11*H$4>$AA$11,0,$AA$11*$C$11)+IF($AB$11*$C$11*G$4>$AB$11,0,$AB$11*$C$11)+IF($AC$11*$C$11*F$4>$AC$11,0,$AC$11*$C$11))) -> 0.27 | AE69: =IF(AD40>AD11,0,IF(AND(AD40=AD11,AD69=0),0,IF($E$11*$C$11*AE$4>$E$11,0,$E$11*$C$11)+IF($F$11*$C$11*AD$4>$F$11,0,$F$11*$C$11)+IF($G$11*$C$11*AC$4>$G$11,0,$G$11*$C$11)+IF($H$11*$C$11*AB$4>$H$11,0,$H$11*$C$11)+IF($I$11*$C$11*AA$4>$I$11,0,$I$11*$C$11)+IF($J$11*$C$11*Z$4>$J$11,0,$J$11*$C$11)+IF($K$11*$C$11*Y$4>$K$11,0,$K$11*$C$11)+IF($L$11*$C$11*X$4>$L$11,0,$L$11*$C$11)+IF($M$11*$C$11*W$4>$M$11,0,$M$11*$C$11)+IF($N$11*$C$11*V$4>$N$11,0,$N$11*$C$11)+IF($O$11*$C$11*U$4>$O$11,0,$O$11*$C$11)+IF($P$11*$C$11*T$4>$P$11,0,$P$11*$C$11)+IF($Q$11*$C$11*S$4>$Q$11,0,$Q$11*$C$11)+IF($R$11*$C$11*R$4>$R$11,0,$R$11*$C$11)+IF($S$11*$C$11*Q$4>$S$11,0,$S$11*$C$11)+IF($T$11*$C$11*P$4>$T$11,0,$T$11*$C$11)+IF($U$11*$C$11*O$4>$U$11,0,$U$11*$C$11)+IF($V$11*$C$11*N$4>$V$11,0,$V$11*$C$11)+IF($W$11*$C$11*M$4>$W$11,0,$W$11*$C$11)+IF($X$11*$C$11*L$4>$X$11,0,$X$11*$C$11)+IF($Y$11*$C$11*K$4>$Y$11,0,$Y$11*$C$11)+IF($Z$11*$C$11*J$4>$Z$11,0,$Z$11*$C$11)+IF($AA$11*$C$11*I$4>$AA$11,0,$AA$11*$C$11)+IF($AB$11*$C$11*H$4>$AB$11,0,$AB$11*$C$11)+IF($AC$11*$C$11*G$4>$AC$11,0,$AC$11*$C$11)+IF($AD$11*$C$11*F$4>$AD$11,0,$AD$11*$C$11))) -> 0.27 | AF69: =IF(AE40>AE11,0,IF(AND(AE40=AE11,AE69=0),0,IF($E$11*$C$11*AF$4>$E$11,0,$E$11*$C$11)+IF($F$11*$C$11*AE$4>$F$11,0,$F$11*$C$11)+IF($G$11*$C$11*AD$4>$G$11,0,$G$11*$C$11)+IF($H$11*$C$11*AC$4>$H$11,0,$H$11*$C$11)+IF($I$11*$C$11*AB$4>$I$11,0,$I$11*$C$11)+IF($J$11*$C$11*AA$4>$J$11,0,$J$11*$C$11)+IF($K$11*$C$11*Z$4>$K$11,0,$K$11*$C$11)+IF($L$11*$C$11*Y$4>$L$11,0,$L$11*$C$11)+IF($M$11*$C$11*X$4>$M$11,0,$M$11*$C$11)+IF($N$11*$C$11*W$4>$N$11,0,$N$11*$C$11)+IF($O$11*$C$11*V$4>$O$11,0,$O$11*$C$11)+IF($P$11*$C$11*U$4>$P$11,0,$P$11*$C$11)+IF($Q$11*$C$11*T$4>$Q$11,0,$Q$11*$C$11)+IF($R$11*$C$11*S$4>$R$11,0,$R$11*$C$11)+IF($S$11*$C$11*R$4>$S$11,0,$S$11*$C$11)+IF($T$11*$C$11*Q$4>$T$11,0,$T$11*$C$11)+IF($U$11*$C$11*P$4>$U$11,0,$U$11*$C$11)+IF($V$11*$C$11*O$4>$V$11,0,$V$11*$C$11)+IF($W$11*$C$11*N$4>$W$11,0,$W$11*$C$11)+IF($X$11*$C$11*M$4>$X$11,0,$X$11*$C$11)+IF($Y$11*$C$11*L$4>$Y$11,0,$Y$11*$C$11)+IF($Z$11*$C$11*K$4>$Z$11,0,$Z$11*$C$11)+IF($AA$11*$C$11*J$4>$AA$11,0,$AA$11*$C$11)+IF($AB$11*$C$11*I$4>$AB$11,0,$AB$11*$C$11)+IF($AC$11*$C$11*H$4>$AC$11,0,$AC$11*$C$11)+IF($AD$11*$C$11*G$4>$AD$11,0,$AD$11*$C$11)+IF($AE$11*$C$11*F$4>$AE$11,0,$AE$11*$C$11))) -> 0.27 | AG69: =IF(AF40>AF11,0,IF(AND(AF40=AF11,AF69=0),0,IF($E$11*$C$11*AG$4>$E$11,0,$E$11*$C$11)+IF($F$11*$C$11*AF$4>$F$11,0,$F$11*$C$11)+IF($G$11*$C$11*AE$4>$G$11,0,$G$11*$C$11)+IF($H$11*$C$11*AD$4>$H$11,0,$H$11*$C$11)+IF($I$11*$C$11*AC$4>$I$11,0,$I$11*$C$11)+IF($J$11*$C$11*AB$4>$J$11,0,$J$11*$C$11)+IF($K$11*$C$11*AA$4>$K$11,0,$K$11*$C$11)+IF($L$11*$C$11*Z$4>$L$11,0,$L$11*$C$11)+IF($M$11*$C$11*Y$4>$M$11,0,$M$11*$C$11)+IF($N$11*$C$11*X$4>$N$11,0,$N$11*$C$11)+IF($O$11*$C$11*W$4>$O$11,0,$O$11*$C$11)+IF($P$11*$C$11*V$4>$P$11,0,$P$11*$C$11)+IF($Q$11*$C$11*U$4>$Q$11,0,$Q$11*$C$11)+IF($R$11*$C$11*T$4>$R$11,0,$R$11*$C$11)+IF($S$11*$C$11*S$4>$S$11,0,$S$11*$C$11)+IF($T$11*$C$11*R$4>$T$11,0,$T$11*$C$11)+IF($U$11*$C$11*Q$4>$U$11,0,$U$11*$C$11)+IF($V$11*$C$11*P$4>$V$11,0,$V$11*$C$11)+IF($W$11*$C$11*O$4>$W$11,0,$W$11*$C$11)+IF($X$11*$C$11*N$4>$X$11,0,$X$11*$C$11)+IF($Y$11*$C$11*M$4>$Y$11,0,$Y$11*$C$11)+IF($Z$11*$C$11*L$4>$Z$11,0,$Z$11*$C$11)+IF($AA$11*$C$11*K$4>$AA$11,0,$AA$11*$C$11)+IF($AB$11*$C$11*J$4>$AB$11,0,$AB$11*$C$11)+IF($AC$11*$C$11*I$4>$AC$11,0,$AC$11*$C$11)+IF($AD$11*$C$11*H$4>$AD$11,0,$AD$11*$C$11)+IF($AE$11*$C$11*G$4>$AE$11,0,$AE$11*$C$11)+IF($AF$11*$C$11*F$4>$AF$11,0,$AF$11*$C$11))) -> 0.27 | AH69: =IF(AG40>AG11,0,IF(AND(AG40=AG11,AG69=0),0,IF($E$11*$C$11*AH$4>$E$11,0,$E$11*$C$11)+IF($F$11*$C$11*AG$4>$F$11,0,$F$11*$C$11)+IF($G$11*$C$11*AF$4>$G$11,0,$G$11*$C$11)+IF($H$11*$C$11*AE$4>$H$11,0,$H$11*$C$11)+IF($I$11*$C$11*AD$4>$I$11,0,$I$11*$C$11)+IF($J$11*$C$11*AC$4>$J$11,0,$J$11*$C$11)+IF($K$11*$C$11*AB$4>$K$11,0,$K$11*$C$11)+IF($L$11*$C$11*AA$4>$L$11,0,$L$11*$C$11)+IF($M$11*$C$11*Z$4>$M$11,0,$M$11*$C$11)+IF($N$11*$C$11*Y$4>$N$11,0,$N$11*$C$11)+IF($O$11*$C$11*X$4>$O$11,0,$O$11*$C$11)+IF($P$11*$C$11*W$4>$P$11,0,$P$11*$C$11)+IF($Q$11*$C$11*V$4>$Q$11,0,$Q$11*$C$11)+IF($R$11*$C$11*U$4>$R$11,0,$R$11*$C$11)+IF($S$11*$C$11*T$4>$S$11,0,$S$11*$C$11)+IF($T$11*$C$11*S$4>$T$11,0,$T$11*$C$11)+IF($U$11*$C$11*R$4>$U$11,0,$U$11*$C$11)+IF($V$11*$C$11*Q$4>$V$11,0,$V$11*$C$11)+IF($W$11*$C$11*P$4>$W$11,0,$W$11*$C$11)+IF($X$11*$C$11*O$4>$X$11,0,$X$11*$C$11)+IF($Y$11*$C$11*N$4>$Y$11,0,$Y$11*$C$11)+IF($Z$11*$C$11*M$4>$Z$11,0,$Z$11*$C$11)+IF($AA$11*$C$11*L$4>$AA$11,0,$AA$11*$C$11)+IF($AB$11*$C$11*K$4>$AB$11,0,$AB$11*$C$11)+IF($AC$11*$C$11*J$4>$AC$11,0,$AC$11*$C$11)+IF($AD$11*$C$11*I$4>$AD$11,0,$AD$11*$C$11)+IF($AE$11*$C$11*H$4>$AE$11,0,$AE$11*$C$11)+IF($AF$11*$C$11*G$4>$AF$11,0,$AF$11*$C$11)+IF($AG$11*$C$11*F$4>$AG$11,0,$AG$11*$C$11))) -> 0.27 | AI69: =IF(AH40>AH11,0,IF(AND(AH40=AH11,AH69=0),0,IF($E$11*$C$11*AI$4>$E$11,0,$E$11*$C$11)+IF($F$11*$C$11*AH$4>$F$11,0,$F$11*$C$11)+IF($G$11*$C$11*AG$4>$G$11,0,$G$11*$C$11)+IF($H$11*$C$11*AF$4>$H$11,0,$H$11*$C$11)+IF($I$11*$C$11*AE$4>$I$11,0,$I$11*$C$11)+IF($J$11*$C$11*AD$4>$J$11,0,$J$11*$C$11)+IF($K$11*$C$11*AC$4>$K$11,0,$K$11*$C$11)+IF($L$11*$C$11*AB$4>$L$11,0,$L$11*$C$11)+IF($M$11*$C$11*AA$4>$M$11,0,$M$11*$C$11)+IF($N$11*$C$11*Z$4>$N$11,0,$N$11*$C$11)+IF($O$11*$C$11*Y$4>$O$11,0,$O$11*$C$11)+IF($P$11*$C$11*X$4>$P$11,0,$P$11*$C$11)+IF($Q$11*$C$11*W$4>$Q$11,0,$Q$11*$C$11)+IF($R$11*$C$11*V$4>$R$11,0,$R$11*$C$11)+IF($S$11*$C$11*U$4>$S$11,0,$S$11*$C$11)+IF($T$11*$C$11*T$4>$T$11,0,$T$11*$C$11)+IF($U$11*$C$11*S$4>$U$11,0,$U$11*$C$11)+IF($V$11*$C$11*R$4>$V$11,0,$V$11*$C$11)+IF($W$11*$C$11*Q$4>$W$11,0,$W$11*$C$11)+IF($X$11*$C$11*P$4>$X$11,0,$X$11*$C$11)+IF($Y$11*$C$11*O$4>$Y$11,0,$Y$11*$C$11)+IF($Z$11*$C$11*N$4>$Z$11,0,$Z$11*$C$11)+IF($AA$11*$C$11*M$4>$AA$11,0,$AA$11*$C$11)+IF($AB$11*$C$11*L$4>$AB$11,0,$AB$11*$C$11)+IF($AC$11*$C$11*K$4>$AC$11,0,$AC$11*$C$11)+IF($AD$11*$C$11*J$4>$AD$11,0,$AD$11*$C$11)+IF($AE$11*$C$11*I$4>$AE$11,0,$AE$11*$C$11)+IF($AF$11*$C$11*H$4>$AF$11,0,$AF$11*$C$11)+IF($AG$11*$C$11*G$4>$AG$11,0,$AG$11*$C$11)+IF($AH$11*$C$11*F$4>$AH$11,0,$AH$11*$C$11))) -> 0.27
